Workbook
Name _001_Recursos__Propios: '[1]FUENTES DE RECURSOS '!$E$2:$E$50
Name _001_Recursos__Propios: '[1]FUENTES DE RECURSOS '!$E$2:$E$50
Name _001_Recursos__Propios: '[2]FUENTES DE RECURSOS '!$E$2:$E$50
Name _001_Recursos__Propios: '[1]FUENTES DE RECURSOS '!$E$2:$E$50
Name CARGOS: [3]DEPENDENCIAS!$B$2:$B$44
Name CARGOS: [3]DEPENDENCIAS!$B$2:$B$44
Name CARGOS: [4]DEPENDENCIAS!$B$2:$B$43
Name CARGOS: [5]DEPENDENCIAS!$B$2:$B$43
Name COD_MP: '[3]CONSOLIDADO PLAN DESARROLLO'!$DK$9:$DK$305
Name COD_MP: '[3]CONSOLIDADO PLAN DESARROLLO'!$DK$9:$DK$305
Name COD_MP: '[6]CONSOLIDADO PLAN DESARROLLO'!$DK$9:$DK$305
Name COD_MR: '[7]CONSOLIDADO PLAN DESARROLLO'!$DT$9:$DT$62
Name COD_MR: #REF!
Name COD_PRESUPUESTAL: 'PLAN PRESUPUESTAL'!$B$2:$B$8012
Name E1.: #REF!
Name E1.P_A: #REF!
Name E1.P_A.MR1: #REF!
Name E1.P_A.MR2: #REF!
Name E1.P_A.MR3: #REF!
Name E1.P_A.MR4: #REF!
Name E1.P_A.MR5: #REF!
Name E1.P_B: #REF!
Name E1.P_B.MR1: #REF!
Name E1.P_B.MR2: #REF!
Name E1.P_B.MR3: #REF!
Name E1.P_C: #REF!
Name E1.P_C.MR1: #REF!
Name E1.P_D: #REF!
Name E1.P_D.MR1: #REF!
Name E1.P_E: #REF!
Name E1.P_E.MR1: #REF!
Name E1.P_F: #REF!
Name E1.P_F.MR1: #REF!
Name E1.P_F.MR2: #REF!
Name E1.P_G: #REF!
Name E1.P_G.MR1: #REF!
Name E1.P_G.MR2: #REF!
Name E1.P_H: #REF!
Name E1.P_H.MR1: #REF!
Name E1.P_I: #REF!
Name E1.P_I.MR1: #REF!
Name E1.P_J: #REF!
Name E1.P_J.MR1: #REF!
Name E2.: #REF!
Name E2.P_A: #REF!
Name E2.P_A.MR1: #REF!
Name E2.P_B: #REF!
Name E2.P_B.MR1: #REF!
Name E2.P_C: #REF!
Name E2.P_C.MR1: #REF!
Name E2.P_D: #REF!
Name E2.P_D.MR1: #REF!
Name E2.P_E: #REF!
Name E2.P_E.MR1: #REF!
Name E2.P_F: #REF!
Name E2.P_F.MR1: #REF!
Name E2.P_F.MR2: #REF!
Name E3.: #REF!
Name E3.P_A: #REF!
Name E3.P_A.MR1: #REF!

Sheet Tablero Logro Metas 2017
A1: MUNICIPIO DE TOCANCIPÁ
A2: PLAN DE DESARROLLO MUNICIPAL "TOCANCIPÁ ALTA COMPETITIVIDAD CON DESARROLLO Y PROYECCIÓN"
A3: TABLERO DE CONTROL LOGRO DE METAS
A4: VIGENCIA: | C4: 2017 | D4: PERÍODO: | E4: ENERO-DICIEMBRE
AB5: SITUACIÓN PRESUPUESTAL (31-DICIEMBRE-2017) | AF5: INDICADORES PRESUPUESTALES (31-DICIEMBRE-2017) | AI5: SITUACIÓN DEL SGP (31-DICIEMBRE-2017)
A6: COD. EJE | B6: EJES | C6: COD. CONS. PROG. | D6: Programa | E6: PROYECTOS (CÓD. SSEPI Y NOMBRE EBI) | F6: Código Meta Resultado | G6: Descripción Meta Resultado Principal | H6: Indicador de Resultado | I6: Línea Base Resultado | J6: Meta Resultado Cuatrenio 2019 | K6: Valor Esperado 2017 | L6: Valor logrado MR año 2 (2017) | M6: INDICADOR DE CUMPLIMIENTO | N6: Código Producto | O6: Descripción Meta Producto | P6: Indicador de Producto | Q6: Línea Base Producto | R6: Meta Producto cuatrenio | S6: Orientación de la meta de producto | T6: Sector | U6: Valor Esperado 2016 | V6: Valor Esperado 2017 | W6: Valor Esperado 2018 | X6: Valor Esperado 2019 | Y6: Valor logrado MP año 2 (2017) | Z6: INDICADOR DE CVMPLIMIENTO | AA6: Responsable | AB6: APROPIACIÓN VIGENTE 31-dic-2017 | AC6: CDP EXPEDIDOS 31-dic-2017 | AD6: REGISTROS PRESUPUESTALES 31-dic-2017 | AE6: OBLIGACIONES 31-dic-2017 | AF6: % RECURSOS CON CDP 31-dic-2017 | AG6: % RECURSOS COMPROMETIDOS 31-dic-2017 | AH6: % RECURSOS EJECUTADOS 31-dic-2017 | AI6: SGP - APROPIACIÓN VIGENTE 31-dic-2017 | AJ6: SGP RECURSOS COMPROMETIDOS 31-dic-2017 | AK6: % RECURSOS COMPROMETIDOS 31-dic-2017 | BD6: 1 | BE6: 2 | BF6: 3 | BG6: 4 | BH6: 5 | BI6: 6 | BJ6: 7 | BK6: 8 | BL6: 9 | BM6: 10 | BN6: 11 | BO6: 12 | BP6: 13 | BQ6: 14 | BR6: 15 | BS6: 16 | BT6: 17 | BU6: 18 | BV6: 19 | BW6: 20 | BX6: 21 | BY6: 22 | BZ6: 23 | CA6: 24 | CB6: 25 | CC6: 26 | CD6: 27 | CE6: 28 | CF6: 29 | CG6: 30 | CH6: 31
A7: E1. | B7: SOCIAL: Desarrollo Social con alta competitividad y proyección | C7: E1.P_A | D7: TOCANCIPA BIEN EDUCADA | E7: 2016-25817-0047 Mantenimiento de la cobertura en educación, para mejorar el resultado de pruebas SABER, Tocancipá, Cundinamarca, Centro Oriente | F7: E1.P_A.MR1 | G7: Mejorar los indicadores de resultado de las pruebas SABER en las Instituciones Educativas del Municipio | H7: Índice de resultado pruebas SABER | I7: 0 | J7: 0.1 | K7: 5 | L7: 5 | M7: 1 | N7: E1.P_A.MR1-MP01-1 | O7: Constituir el mecanismo de gestión y financiación contemplados en el PDM para la creación de un complejo Universitario en el Municipio cofinanciado con el departamento, la nación y universidades públicas y privadas nacionales y/o internacionales | P7: Porcentaje de construcción del Complejo Universitario Municipal | Q7: 0 | R7: 0.3 | S7: Incremento | T7: A.1. Educación | U7: 0 | V7: 0 | W7: 0 | X7: 30 | Y7: 0 | Z7: NO APLICA | AA7: Secretaria de Educación | AB7: 0 | AC7: 0 | AD7: 0 | AE7: 0 | AF7: NO APLICA | AG7: NO APLICA | AH7: NO APLICA | AI7: 0 | AJ7: 0 | AK7: NO APLICA | AL7: 1 | AM7: 2 | AO7: 1 | AP7: 2 | AQ7: 3 | AR7: 4 | AT7: 1 | AU7: 2 | AV7: 3 | AW7: 4 | AY7: 1 | AZ7: 2 | BA7: 3 | BB7: 4 | BF7: 2016 | BM7: 2017 | BT7: 2018 | CA7: 2019 | CH7: TOTAL | CI7: 1 | CJ7: 2 | CK7: 3 | CL7: 4 | CN7: 1 | CO7: 2 | CP7: 3 | CQ7: 4 | CR7: 5 | CT7: 1 | CU7: 2 | CW7: 1 | CX7: 2 | CZ7: 1 | DA7: 2 | DB7: 3 | DC7: 4 | DD7: 5 | DE7: 6 | DF7: 7 | DH7: 1 | DI7: 2 | DJ7: 3 | DK7: 4 | DL7: 5 | DM7: 6 | DN7: 7 | DO7: 8 | DP7: 9 | DR7: 1 | DS7: 2 | DT7: 3 | DU7: 4 | DV7: 5 | DW7: 6 | DX7: 7 | DY7: 8 | DZ7: 9
A8: E1. | B8: SOCIAL: Desarrollo Social con alta competitividad y proyección | C8: E1.P_A | D8: TOCANCIPA BIEN EDUCADA | F8: E1.P_A.MR1 | G8: Mejorar los indicadores de resultado de las pruebas SABER en las Instituciones Educativas del Municipio | H8: Índice de resultado pruebas SABER | I8: 0 | J8: 0.1 | N8: E1.P_A.MR1-MP01-2 | O8: Constituir el mecanismo de gestión y financiación contemplados en el PDM para la creación de un complejo Universitario en el Municipio cofinanciado con el departamento, la nación y universidades públicas y privadas nacionales y/o internacionales | P8: No. De mecanismos de gestión y financiación suscritos para la operación del Complejo Universitario Municipal | Q8: 0 | R8: 1 | S8: Incremento | T8: A.1. Educación | U8: 0 | V8: 0 | W8: 0 | X8: 1 | Y8: 0 | Z8: NO APLICA | AA8: Secretaria de Educación | AB8: 0 | AC8: 0 | AD8: 0 | AE8: 0 | AF8: NO APLICA | AG8: NO APLICA | AH8: NO APLICA | AI8: 0 | AJ8: 0 | AK8: NO APLICA | AL8: COD. EJE | AM8: EJES | AO8: COD. EJE | AP8: EJES | AQ8: COD. CONS. PROG. | AR8: PROGRAMAS DE INVERSIÓN | AT8: COD. CONS. PROG. | AU8: PROGRAMAS DE INVERSIÓN | AV8: CÓD. CONS. META RESULTADO | AW8: DESCRIPCIÓN DE LAS METAS DE RESULTADO | AY8: CÓD. CONS. META RESULTADO | AZ8: DESCRIPCIÓN DE LAS METAS DE RESULTADO | BA8: COD. CONCAT | BB8: Metas de Producto | BD8: COD. CONS. PROG. | BE8: PROGRAMAS DE INVERSIÓN | BF8: RP | BG8: SGP | BH8: Cofinanciación | BI8: SGR | BJ8: Crédito | BK8: Otros | BL8: Total 2016 | BM8: RP | BN8: SGP | BO8: Cofinanciación | BP8: SGR | BQ8: Crédito | BR8: Otros | BS8: Total 2017 | BT8: RP | BU8: SGP | BV8: Cofinanciación | BW8: SGR | BX8: Crédito | BY8: Otros | BZ8: Total 2018 | CA8: RP | CB8: SGP | CC8: Cofinanciación | CD8: SGR | CE8: Crédito | CF8: Otros | CG8: Total 2019 | CI8: META DE RESULTADO: | CJ8: EJES: | CK8: NOMBRE DEL PROGRAMA: | CL8: OBJETIVO DEL PROGRAMA: | CN8: META DE PRODUCTO: | CO8: EJES: | CP8: NOMBRE DEL PROGRAMA: | CQ8: OBJETIVO DEL PROGRAMA: | CR8: METAS DE RESULTADO: | CT8: CÓD. CONS. META RESULTADO | CU8: DESCRIPCIÓN DE LAS METAS DE RESULTADO | CW8: COD. CONCAT | CX8: Metas de Producto | CZ8: CÓD. CONS. META RESULTADO | DA8: META DE RESULTADO: | DB8: EJES: | DC8: OBJETIVO EJE: | DD8: SECTOR | DE8: NOMBRE DEL PROGRAMA: | DF8: OBJETIVO DEL PROGRAMA: | DH8: CÓD. CONS. META RESULTADO | DI8: DESCRIPCIÓN DE LAS METAS DE RESULTADO | DJ8: NOMBRE DEL INDICADOR DE RESULTADO | DK8: Línea base | DL8: Meta de Resultado Cuatrenio 2019 | DM8: Valor Esperado 2016 | DN8: Valor Esperado 2017 | DO8: Valor Esperado 2018 | DP8: Valor Esperado 2019 | DR8: CÓD. CONS. META PRODUCTO | DS8: Metas de Producto | DT8: Indicador | DU8: Lïnea base | DV8: Meta de Producto Cuatrenio | DW8: Valor Esperado INICIAL 2016 | DX8: Valor esperado VIGENTE 2017 | DY8: Valor esperado VIGENTE 2018 | DZ8: Valor esperado VIGENTE 2019
A9: E1. | B9: SOCIAL: Desarrollo Social con alta competitividad y proyección | C9: E1.P_A | D9: TOCANCIPA BIEN EDUCADA | F9: E1.P_A.MR1 | G9: Mejorar los indicadores de resultado de las pruebas SABER en las Instituciones Educativas del Municipio | H9: Índice de resultado pruebas SABER | I9: 0 | J9: 0.1 | N9: E1.P_A.MR1-MP02-1 | O9: implementar acciones para mejorar los resultados de las Pruebas Saber 3°, 5°, 7°, 9° y 11 | P9: No. De acciones implementadas | Q9: 1 | R9: 2 | S9: Incremento | T9: A.1. Educación | U9: 0 | V9: 0.5 | W9: 0.5 | X9: 1 | Y9: 0.5 | Z9: 1 | AA9: Secretaria de Educación | AB9: 0 | AC9: 0 | AD9: 0 | AE9: 0 | AF9: NO APLICA | AG9: NO APLICA | AH9: NO APLICA | AI9: 0 | AJ9: 0 | AK9: NO APLICA | AL9: E1. | AM9: SOCIAL: Desarrollo Social con alta competitividad y proyección | AO9: E1. | AP9: SOCIAL: Desarrollo Social con alta competitividad y proyección | AQ9: E1.P_A | AR9: TOCANCIPA BIEN EDUCADA | AT9: E1.P_A | AU9: TOCANCIPA BIEN EDUCADA | AV9: E1.P_A.MR1 | AW9: Mejorar los indicadores de resultado de las pruebas SABER en las Instituciones Educativas del Municipio | AY9: 0-0 | AZ9: 0-0 | BA9: 0-0 | BB9: 0-0 | BD9: E1.P_A | BE9: TOCANCIPA BIEN EDUCADA | BF9: 3754914325 | BG9: 1095085675 | BH9: 200000000 | BL9: 5050000000 | BM9: 3754914325 | BN9: 1095085675 | BO9: 200000000 | BP9: 0 | BQ9: 0 | BR9: 0 | BS9: 5050000000 | BT9: 3754914325 | BU9: 1095085675 | BV9: 200000000 | BW9: 0 | BX9: 0 | BY9: 0 | BZ9: 5050000000 | CA9: 3754914325 | CB9: 1095085675 | CC9: 200000000 | CD9: 0 | CE9: 0 | CF9: 0 | CG9: 5050000000 | CH9: 20200000000 | CI9: 0-0 | CJ9: 0-0 | CK9: 0-0 | CL9: 0-0 | CN9: 0-0 | CO9: 0-0 | CP9: 0-0 | CQ9: 0-0 | CR9: 0-0 | CT9: 0-0 | CU9: 0-0 | CW9: 0-0 | CX9: 0-0 | CZ9: 0-0 | DA9: 0-0 | DB9: 0-0 | DC9: 0-0 | DD9: 0-0 | DE9: 0-0 | DF9: 0-0 | DH9: 0-0 | DI9: 0-0 | DJ9: 0-0 | DK9: 0-0 | DL9: 0-0 | DR9: E1.P_A.MR1-MP01-1 | DS9: Constituir el mecanismo de gestión y financiación contemplados en el PDM para la creación de un complejo Universitario en el Municipio cofinanciado con el departamento, la nación y universidades públicas y privadas nacionales y/o internacionales | DT9: Porcentaje de construcción del Complejo Universitario Municipal (%) | DU9: 0 | DV9: 30 | DW9: 0 | DX9: 0 | DY9: 0 | DZ9: 30
A10: E1. | B10: SOCIAL: Desarrollo Social con alta competitividad y proyección | C10: E1.P_A | D10: TOCANCIPA BIEN EDUCADA | F10: E1.P_A.MR1 | G10: Mejorar los indicadores de resultado de las pruebas SABER en las Instituciones Educativas del Municipio | H10: Índice de resultado pruebas SABER | I10: 0 | J10: 0.1 | N10: E1.P_A.MR1-MP03-1 | O10: Mantener la cobertura del servicio de transporte escolar | P10: Tasa de Cobertura de Transporte Escolar según distancia legal para los estudiantes que lo requieren | Q10: 0.98 | R10: 0.98 | S10: Mantenimiento | T10: A.1. Educación | U10: 98 | V10: 98 | W10: 98 | X10: 98 | Y10: 98 | Z10: 1 | AA10: Secretaria de Educación | AB10: 2908360448 | AC10: 2876186207 | AD10: 2876186207 | AE10: 1437264852 | AF10: 0.98893733 | AG10: 0.98893733 | AH10: 0.49418388 | AI10: 0 | AJ10: 0 | AK10: NO APLICA | AL10: E2. | AM10: ECONÓMICO: Desarrollo Económico con alta competitividad y proyección | AQ10: E1.P_B | AR10: SALUD CON ATENCIÓN DIGNA, PRIORITARIA Y DE CALIDAD | AT10: E1.P_A | AU10: TOCANCIPA BIEN EDUCADA | AV10: E1.P_A.MR2 | AW10: Disminuir el número de estudiantes por equipo de cómputo | AY10: E1.P_A.MR1 | AZ10: Mejorar los indicadores de resultado de las pruebas SABER en las Instituciones Educativas del Municipio | BA10: E1.P_A.MR1-MP01-1 | BB10: Constituir el mecanismo de gestión y financiación contemplados en el PDM para la creación de un complejo Universitario en el Municipio cofinanciado con el departamento, la nación y universidades públicas y privadas nacionales y/o internacionales | BD10: E1.P_B | BE10: SALUD CON ATENCIÓN DIGNA, PRIORITARIA Y DE CALIDAD | BF10: 3533339430 | BG10: 1053933440 | BH10: 500000000 | BK10: 2679256984 | BL10: 7766529854 | BM10: 3.6570063e+09 | BN10: 1.0908211e+09 | BO10: 4.3e+08 | BP10: 0 | BQ10: 0 | BR10: 2.773031e+09 | BS10: 7.9508584e+09 | BT10: 1.2850015e+09 | BU10: 1.1289998e+09 | BV10: 3.5755e+08 | BW10: 0 | BX10: 0 | BY10: 2.8700871e+09 | BZ10: 5.6416384e+09 | CA10: 1.3299766e+09 | CB10: 1.1685148e+09 | CC10: 3.7006425e+08 | CD10: 0 | CE10: 0 | CF10: 2.9705401e+09 | CG10: 5.8390958e+09 | CH10: 2.7198122e+10 | CI10: E1.P_A.MR1 - Mejorar los indicadores de resultado de las pruebas SABER en las Instituciones Educativas del Municipio | CJ10: E1. - SOCIAL: Desarrollo Social con alta competitividad y proyección | CK10: E1.P_A - TOCANCIPA BIEN EDUCADA | CL10: Garantizar calidad, cobertura, eficiencia y pertinencia en la oferta Educativa Municipal | CN10: E1.P_A.MR1-MP01-1 - Constituir el mecanismo de gestión y financiación contemplados en el PDM para la creación de un complejo Universitario en el Municipio cofinanciado con el departamento, la nación | CO10: E1. - SOCIAL: Desarrollo Social con alta competitividad y proyección | CP10: E1.P_A - TOCANCIPA BIEN EDUCADA | CQ10: Garantizar calidad, cobertura, eficiencia y pertinencia en la oferta Educativa Municipal | CR10: E1.P_A.MR1 - Mejorar los indicadores de resultado de las pruebas SABER en las Instituciones Educativas del Municipio | CT10: E1.P_A.MR1 | CU10: Mejorar los indicadores de resultado de las pruebas SABER en las Instituciones Educativas del Municipio | CW10: E1.P_A.MR1-MP01-1 | CX10: Constituir el mecanismo de gestión y financiación contemplados en el PDM para la creación de un complejo Universitario en el Municipio cofinanciado con el departamento, la nación y universidades públicas y privadas nacionales y/o internacionales | CZ10: E1.P_A.MR1 | DA10: E1.P_A.MR1 - Mejorar los indicadores de resultado de las pruebas SABER en las Instituciones Educativas del Municipio | DB10: E1. - SOCIAL: Desarrollo Social con alta competitividad y proyección | DC10: Mejorar las condiciones de calidad de vida de toda la población del territorio y especialmente en los sectores más vulnerables, garantizando el acceso a sus derechos sociales, individuales y colectrivos en Educación, Salud, Cultura, Recreación y Deporte | DD10: Educación | DE10: E1.P_A - TOCANCIPA BIEN EDUCADA | DF10: Garantizar calidad, cobertura, eficiencia y pertinencia en la oferta Educativa Municipal | DH10: E1.P_A.MR1 | DI10: Mejorar los indicadores de resultado de las pruebas SABER en las Instituciones Educativas del Municipio | DJ10: Índice de resultado pruebas SABER | DK10: 0 | DL10: 10 | DR10: E1.P_A.MR1-MP01-2 | DS10: Constituir el mecanismo de gestión y financiación contemplados en el PDM para la creación de un complejo Universitario en el Municipio cofinanciado con el departamento, la nación y universidades públicas y privadas nacionales y/o internacionales | DT10: No. De mecanismos de gestión y financiación suscritos para la operación del Complejo Universitario Municipal | DU10: 0 | DV10: 1 | DW10: 0 | DX10: 0 | DY10: 0 | DZ10: 1
A11: E1. | B11: SOCIAL: Desarrollo Social con alta competitividad y proyección | C11: E1.P_A | D11: TOCANCIPA BIEN EDUCADA | F11: E1.P_A.MR1 | G11: Mejorar los indicadores de resultado de las pruebas SABER en las Instituciones Educativas del Municipio | H11: Índice de resultado pruebas SABER | I11: 0 | J11: 0.1 | N11: E1.P_A.MR1-MP04-1 | O11: Implementar semilleros de investigación en tecnología e innovación | P11: No. de semilleros de investigación en tecnología e innovación implementados | Q11: 0 | R11: 3 | S11: Incremento | T11: A.1. Educación | U11: 0.5 | V11: 0.5 | W11: 1 | X11: 1 | Y11: 0 | Z11: 0 | AA11: Secretaria de Educación | AB11: 18000000 | AC11: 0 | AD11: 0 | AE11: 0 | AF11: 0 | AG11: 0 | AH11: 0 | AI11: 0 | AJ11: 0 | AK11: NO APLICA | AL11: E3. | AM11: Infraestructura, Planeación, Ambiente y Servicios Públicos | AQ11: E1.P_C | AR11: CULTURA DE TODOS Y PARA TODOS | AT11: E1.P_A | AU11: TOCANCIPA BIEN EDUCADA | AV11: E1.P_A.MR3 | AW11: Mantener las tasas de cobertura bruta por niveles | AY11: E1.P_A.MR1 | AZ11: Mejorar los indicadores de resultado de las pruebas SABER en las Instituciones Educativas del Municipio | BA11: E1.P_A.MR1-MP01-2 | BB11: Constituir el mecanismo de gestión y financiación contemplados en el PDM para la creación de un complejo Universitario en el Municipio cofinanciado con el departamento, la nación y universidades públicas y privadas nacionales y/o internacionales | BD11: E1.P_C | BE11: CULTURA DE TODOS Y PARA TODOS | BF11: 1878153364 | BG11: 934669035 | BH11: 200000000 | BK11: 37177601 | BL11: 3050000000 | BM11: 1878153364 | BN11: 934669035 | BO11: 200000000 | BP11: 0 | BQ11: 0 | BR11: 37177601 | BS11: 3050000000 | BT11: 1878153364 | BU11: 934669035 | BV11: 200000000 | BW11: 0 | BX11: 0 | BY11: 37177601 | BZ11: 3050000000 | CA11: 1878153364 | CB11: 934669035 | CC11: 200000000 | CD11: 0 | CE11: 0 | CF11: 37177601 | CG11: 3050000000 | CH11: 12200000000 | CI11: E1.P_A.MR1 - Mejorar los indicadores de resultado de las pruebas SABER en las Instituciones Educativas del Municipio (Restaurantes Escolares) | CJ11: E1. - SOCIAL: Desarrollo Social con alta competitividad y proyección | CK11: E1.P_A - TOCANCIPA BIEN EDUCADA | CL11: Garantizar calidad, cobertura, eficiencia y pertinencia en la oferta Educativa Municipal | CN11: E1.P_A.MR1-MP01-2 - Constituir el mecanismo de gestión y financiación contemplados en el PDM para la creación de un complejo Universitario en el Municipio cofinanciado con el departamento, la nación | CO11: E1. - SOCIAL: Desarrollo Social con alta competitividad y proyección | CP11: E1.P_A - TOCANCIPA BIEN EDUCADA | CQ11: Garantizar calidad, cobertura, eficiencia y pertinencia en la oferta Educativa Municipal | CR11: E1.P_A.MR1 - Mejorar los indicadores de resultado de las pruebas SABER en las Instituciones Educativas del Municipio | CT11: E1.P_A.MR2 | CU11: Disminuir el número de estudiantes por equipo de cómputo | CW11: E1.P_A.MR1-MP01-2 | CX11: Constituir el mecanismo de gestión y financiación contemplados en el PDM para la creación de un complejo Universitario en el Municipio cofinanciado con el departamento, la nación y universidades públicas y privadas nacionales y/o internacionales | CZ11: E1.P_A.MR1 | DA11: E1.P_A.MR1 - Mejorar los indicadores de resultado de las pruebas SABER en las Instituciones Educativas del Municipio (Restaurantes Escolares) | DB11: E1. - SOCIAL: Desarrollo Social con alta competitividad y proyección | DC11: Mejorar las condiciones de calidad de vida de toda la población del territorio y especialmente en los sectores más vulnerables, garantizando el acceso a sus derechos sociales, individuales y colectrivos en Educación, Salud, Cultura, Recreación y Deporte | DD11: Educación | DE11: E1.P_A - TOCANCIPA BIEN EDUCADA | DF11: Garantizar calidad, cobertura, eficiencia y pertinencia en la oferta Educativa Municipal | DH11: E1.P_A.MR1 | DI11: Mejorar los indicadores de resultado de las pruebas SABER en las Instituciones Educativas del Municipio (Restaurantes Escolares) | DJ11: Índice de resultado pruebas SABER | DK11: 0 | DL11: 10 | DR11: E1.P_A.MR1-MP02-1 | DS11: implementar acciones para mejorar los resultados de las Pruebas Saber 3°, 5°, 7°, 9° y 11 | DT11: No. De acciones implementadas | DU11: 1 | DV11: 2 | DW11: 0 | DX11: 0.5 | DY11: 0.5 | DZ11: 1
A12: E1. | B12: SOCIAL: Desarrollo Social con alta competitividad y proyección | C12: E1.P_A | D12: TOCANCIPA BIEN EDUCADA | F12: E1.P_A.MR1 | G12: Mejorar los indicadores de resultado de las pruebas SABER en las Instituciones Educativas del Municipio | H12: Índice de resultado pruebas SABER | I12: 0 | J12: 0.1 | N12: E1.P_A.MR1-MP05-1 | O12: Mantener las Dotaciones de las I.E.D en Infraestructura Educativa y en Material y Medios Pedagógicos para el Aprendizaje | P12: No. de instituciones dotadas | Q12: 3 | R12: 3 | S12: Mantenimiento | T12: A.1. Educación | U12: 3 | V12: 3 | W12: 3 | X12: 3 | Y12: 3 | Z12: 1 | AA12: Secretaria de Educación | AB12: 679200784 | AC12: 679187797 | AD12: 679187797 | AE12: 0 | AF12: 0.99998088 | AG12: 0.99998088 | AH12: 0 | AI12: 649200784 | AJ12: 649200784 | AK12: 1 | AL12: E4. | AM12: Seguridad y Justicia, La Integración Comunitaria y la Administración Pública son con la Gente y por la Gente | AQ12: E1.P_D | AR12: DEPORTE Y RECREACIÓN PARA EL MEJORAMIENTO DE LA CALIDAD DE VIDA Y LA SANA CONVIVENCIA | AT12: E1.P_A | AU12: TOCANCIPA BIEN EDUCADA | AV12: E1.P_A.MR4 | AW12: Mejorar el perfil ocupacional de la población | AY12: E1.P_A.MR1 | AZ12: Mejorar los indicadores de resultado de las pruebas SABER en las Instituciones Educativas del Municipio | BA12: E1.P_A.MR1-MP02-1 | BB12: implementar acciones para mejorar los resultados de las Pruebas Saber 3°, 5°, 7°, 9° y 11 | BD12: E1.P_D | BE12: DEPORTE Y RECREACIÓN PARA EL MEJORAMIENTO DE LA CALIDAD DE VIDA Y LA SANA CONVIVENCIA | BF12: 717603684 | BG12: 1146292679 | BH12: 100000000 | BK12: 104103637 | BL12: 2068000000 | BM12: 717603684 | BN12: 1146292679 | BO12: 100000000 | BP12: 0 | BQ12: 0 | BR12: 104103637 | BS12: 2068000000 | BT12: 717603684 | BU12: 1146292679 | BV12: 100000000 | BW12: 0 | BX12: 0 | BY12: 104103637 | BZ12: 2068000000 | CA12: 717603684 | CB12: 1146292679 | CC12: 100000000 | CD12: 0 | CE12: 0 | CF12: 104103637 | CG12: 2068000000 | CH12: 8272000000 | CI12: E1.P_A.MR2 - Disminuir el número de estudiantes por equipo de cómputo | CJ12: E1. - SOCIAL: Desarrollo Social con alta competitividad y proyección | CK12: E1.P_A - TOCANCIPA BIEN EDUCADA | CL12: Garantizar calidad, cobertura, eficiencia y pertinencia en la oferta Educativa Municipal | CN12: E1.P_A.MR1-MP02-1 - implementar acciones para mejorar los resultados de las Pruebas Saber 3°, 5°, 7°, 9° y 11 | CO12: E1. - SOCIAL: Desarrollo Social con alta competitividad y proyección | CP12: E1.P_A - TOCANCIPA BIEN EDUCADA | CQ12: Garantizar calidad, cobertura, eficiencia y pertinencia en la oferta Educativa Municipal | CR12: E1.P_A.MR1 - Mejorar los indicadores de resultado de las pruebas SABER en las Instituciones Educativas del Municipio | CT12: E1.P_A.MR3 | CU12: Mantener las tasas de cobertura bruta por niveles | CW12: E1.P_A.MR1-MP02-1 | CX12: implementar acciones para mejorar los resultados de las Pruebas Saber 3°, 5°, 7°, 9° y 11 | CZ12: E1.P_A.MR2 | DA12: E1.P_A.MR2 - Disminuir el número de estudiantes por equipo de cómputo | DB12: E1. - SOCIAL: Desarrollo Social con alta competitividad y proyección | DC12: Mejorar las condiciones de calidad de vida de toda la población del territorio y especialmente en los sectores más vulnerables, garantizando el acceso a sus derechos sociales, individuales y colectrivos en Educación, Salud, Cultura, Recreación y Deporte | DD12: Educación | DE12: E1.P_A - TOCANCIPA BIEN EDUCADA | DF12: Garantizar calidad, cobertura, eficiencia y pertinencia en la oferta Educativa Municipal | DH12: E1.P_A.MR2 | DI12: Disminuir el número de estudiantes por equipo de cómputo | DJ12: No. de estudiantes por equipo de cómputo | DK12: 3 | DL12: 2 | DR12: E1.P_A.MR1-MP03-1 | DS12: Mantener la cobertura del servicio de transporte escolar | DT12: Tasa de Cobertura de Transporte Escolar según distancia legal para los estudiantes que lo requieren (%) | DU12: 98 | DV12: 98 | DW12: 98 | DX12: 98 | DY12: 98 | DZ12: 98
A13: E1. | B13: SOCIAL: Desarrollo Social con alta competitividad y proyección | C13: E1.P_A | D13: TOCANCIPA BIEN EDUCADA | F13: E1.P_A.MR1 | G13: Mejorar los indicadores de resultado de las pruebas SABER en las Instituciones Educativas del Municipio | H13: Índice de resultado pruebas SABER | I13: 0 | J13: 0.1 | N13: E1.P_A.MR1-MP06-1 | O13: Mantener la infraestructura educativa y recursos de aprendizaje de las I.E.D | P13: No. de I.E.D a las que se ha realizado mantenimiento | Q13: 3 | R13: 3 | S13: Mantenimiento | T13: A.1. Educación | U13: 3 | V13: 3 | W13: 3 | X13: 3 | Y13: 3 | Z13: 1 | AA13: Secretaria de Educación | AB13: 0 | AC13: 0 | AD13: 0 | AE13: 0 | AF13: NO APLICA | AG13: NO APLICA | AH13: NO APLICA | AI13: 0 | AJ13: 0 | AK13: NO APLICA | AQ13: E1.P_E | AR13: ATENCIÓN INTEGRAL DEL ADULTO MAYOR | AT13: E1.P_A | AU13: TOCANCIPA BIEN EDUCADA | AV13: E1.P_A.MR5 | AW13: Desarrollar una estrategia para fomentar el acceso de la población a la educación técnica, tecnológica y profesional | AY13: E1.P_A.MR1 | AZ13: Mejorar los indicadores de resultado de las pruebas SABER en las Instituciones Educativas del Municipio | BA13: E1.P_A.MR1-MP03-1 | BB13: Mantener la cobertura del servicio de transporte escolar | BD13: E1.P_E | BE13: ATENCIÓN INTEGRAL DEL ADULTO MAYOR | BF13: 240000000 | BH13: 0 | BL13: 240000000 | BM13: 240000000 | BN13: 0 | BO13: 0 | BP13: 0 | BQ13: 0 | BR13: 0 | BS13: 240000000 | BT13: 240000000 | BU13: 0 | BV13: 0 | BW13: 0 | BX13: 0 | BY13: 0 | BZ13: 240000000 | CA13: 240000000 | CB13: 0 | CC13: 0 | CD13: 0 | CE13: 0 | CF13: 0 | CG13: 240000000 | CH13: 960000000 | CI13: E1.P_A.MR3 - Mantener las tasas de cobertura bruta por niveles | CJ13: E1. - SOCIAL: Desarrollo Social con alta competitividad y proyección | CK13: E1.P_A - TOCANCIPA BIEN EDUCADA | CL13: Garantizar calidad, cobertura, eficiencia y pertinencia en la oferta Educativa Municipal | CN13: E1.P_A.MR1-MP03-1 - Mantener la cobertura del servicio de transporte escolar | CO13: E1. - SOCIAL: Desarrollo Social con alta competitividad y proyección | CP13: E1.P_A - TOCANCIPA BIEN EDUCADA | CQ13: Garantizar calidad, cobertura, eficiencia y pertinencia en la oferta Educativa Municipal | CR13: E1.P_A.MR1 - Mejorar los indicadores de resultado de las pruebas SABER en las Instituciones Educativas del Municipio | CT13: E1.P_A.MR4 | CU13: Mejorar el perfil ocupacional de la población | CW13: E1.P_A.MR1-MP03-1 | CX13: Mantener la cobertura del servicio de transporte escolar | CZ13: E1.P_A.MR3 | DA13: E1.P_A.MR3 - Mantener las tasas de cobertura bruta por niveles | DB13: E1. - SOCIAL: Desarrollo Social con alta competitividad y proyección | DC13: Mejorar las condiciones de calidad de vida de toda la población del territorio y especialmente en los sectores más vulnerables, garantizando el acceso a sus derechos sociales, individuales y colectrivos en Educación, Salud, Cultura, Recreación y Deporte | DD13: Educación | DE13: E1.P_A - TOCANCIPA BIEN EDUCADA | DF13: Garantizar calidad, cobertura, eficiencia y pertinencia en la oferta Educativa Municipal | DH13: E1.P_A.MR3 | DI13: Mantener las tasas de cobertura bruta por niveles | DJ13: Tasa de cobertura transición Tasa de cobertura primaria Tasa de cobertura secundaria Tasa de cobertura media | DK13: 104% 108% 126% 90,83% | DL13: 104% 108% 126% 90,83% | DR13: E1.P_A.MR1-MP04-1 | DS13: Implementar semilleros de investigación en tecnología e innovación | DT13: No. de semilleros de investigación en tecnología e innovación implementados | DU13: 0 | DV13: 3 | DW13: 0.5 | DX13: 0.5 | DY13: 1 | DZ13: 1
A14: E1. | B14: SOCIAL: Desarrollo Social con alta competitividad y proyección | C14: E1.P_A | D14: TOCANCIPA BIEN EDUCADA | F14: E1.P_A.MR1 | G14: Mejorar los indicadores de resultado de las pruebas SABER en las Instituciones Educativas del Municipio | H14: Índice de resultado pruebas SABER | I14: 0 | J14: 0.1 | N14: E1.P_A.MR1-MP07-1 | O14: Realizar procesos de apoyo y acompañamiento a las Instituciones Educativas Oficiales en su operación institucional | P14: No. de Instituciones Educativas Oficiales apoyadas y acompañadas | Q14: 3 | R14: 3 | S14: Mantenimiento | T14: A.1. Educación | U14: 3 | V14: 3 | W14: 3 | X14: 3 | Y14: 3 | Z14: 1 | AA14: Secretaria de Educación | AB14: 866538019 | AC14: 799819348 | AD14: 796116033 | AE14: 796116033 | AF14: 0.92300549 | AG14: 0.9187318 | AH14: 0.9187318 | AI14: 666538019 | AJ14: 666538019 | AK14: 1 | AQ14: E1.P_F | AR14: PRIMERA INFANCIA, INFANCIA, ADOLESCENCIA Y JUVENTUD CON DESARROLLO Y PROYECCIÓN | AT14: E1.P_B | AU14: SALUD CON ATENCIÓN DIGNA, PRIORITARIA Y DE CALIDAD | AV14: E1.P_B.MR1 | AW14: Terminación, equipamiento y operación del Hospital Municipal | AY14: E1.P_A.MR1 | AZ14: Mejorar los indicadores de resultado de las pruebas SABER en las Instituciones Educativas del Municipio | BA14: E1.P_A.MR1-MP04-1 | BB14: Implementar semilleros de investigación en tecnología e innovación | BD14: E1.P_F | BE14: PRIMERA INFANCIA, INFANCIA, ADOLESCENCIA Y JUVENTUD CON DESARROLLO Y PROYECCIÓN | BF14: 1566108662 | BG14: 1384562012 | BH14: 0 | BK14: 110329326 | BL14: 3061000000 | BM14: 1566108662 | BN14: 1384562012 | BO14: 0 | BP14: 0 | BQ14: 0 | BR14: 110329326 | BS14: 3061000000 | BT14: 1566108662 | BU14: 1384562012 | BV14: 0 | BW14: 0 | BX14: 0 | BY14: 110329326 | BZ14: 3061000000 | CA14: 1566108662 | CB14: 1384562012 | CC14: 0 | CD14: 0 | CE14: 0 | CF14: 110329326 | CG14: 3061000000 | CH14: 12244000000 | CI14: E1.P_A.MR4 - Mejorar el perfil ocupacional de la población | CJ14: E1. - SOCIAL: Desarrollo Social con alta competitividad y proyección | CK14: E1.P_A - TOCANCIPA BIEN EDUCADA | CL14: Garantizar calidad, cobertura, eficiencia y pertinencia en la oferta Educativa Municipal | CN14: E1.P_A.MR1-MP04-1 - Implementar semilleros de investigación en tecnología e innovación | CO14: E1. - SOCIAL: Desarrollo Social con alta competitividad y proyección | CP14: E1.P_A - TOCANCIPA BIEN EDUCADA | CQ14: Garantizar calidad, cobertura, eficiencia y pertinencia en la oferta Educativa Municipal | CR14: E1.P_A.MR1 - Mejorar los indicadores de resultado de las pruebas SABER en las Instituciones Educativas del Municipio | CT14: E1.P_A.MR5 | CU14: Desarrollar una estrategia para fomentar el acceso de la población a la educación técnica, tecnológica y profesional | CW14: E1.P_A.MR1-MP04-1 | CX14: Implementar semilleros de investigación en tecnología e innovación | CZ14: E1.P_A.MR4 | DA14: E1.P_A.MR4 - Mejorar el perfil ocupacional de la población | DB14: E1. - SOCIAL: Desarrollo Social con alta competitividad y proyección | DC14: Mejorar las condiciones de calidad de vida de toda la población del territorio y especialmente en los sectores más vulnerables, garantizando el acceso a sus derechos sociales, individuales y colectrivos en Educación, Salud, Cultura, Recreación y Deporte | DD14: Educación | DE14: E1.P_A - TOCANCIPA BIEN EDUCADA | DF14: Garantizar calidad, cobertura, eficiencia y pertinencia en la oferta Educativa Municipal | DH14: E1.P_A.MR4 | DI14: Mejorar el perfil ocupacional de la población | DJ14: Índice de perfil ocupacional | DK14: 0 | DL14: 4 | DR14: E1.P_A.MR1-MP05-1 | DS14: Mantener las Dotaciones de las I.E.D en Infraestructura Educativa y en Material y Medios Pedagógicos para el Aprendizaje | DT14: No. de instituciones dotadas | DU14: 3 | DV14: 3 | DW14: 3 | DX14: 3 | DY14: 3 | DZ14: 3
A15: E1. | B15: SOCIAL: Desarrollo Social con alta competitividad y proyección | C15: E1.P_A | D15: TOCANCIPA BIEN EDUCADA | E15: 2016-25817-0051 Desarrollo del programa Restaurantes Escolares en el Municipio de Tocancipá, Cundinamarca, Centro Oriente | F15: E1.P_A.MR1 | G15: Mejorar los indicadores de resultado de las pruebas SABER en las Instituciones Educativas del Municipio (Restaurantes Escolares) | H15: Índice de resultado pruebas SABER | I15: 0 | J15: 0.1 | K15: 0.66 | L15: 0.66 | M15: 1 | N15: E1.P_A.MR1-MP08-1 | O15: Realizar acciones para fortalecer la estrategia de complementación alimentaria y nutricional de calidad (refrigerios y restaurante escolar) para la población a la luz de criterios del Plan de Seguridad Alimentaria y Nutricional Departamental -PSAIN | P15: N° de acciones realizadas | Q15: 0 | R15: 3 | S15: Incremento | T15: A.1. Educación | U15: 1 | V15: 0.66 | W15: 0.66 | X15: 0.68 | Y15: 0.7 | Z15: 1.0606061 | AA15: Secretaria de Educación | AB15: 5717061978 | AC15: 3373234684 | AD15: 3373234684 | AE15: 2967854296 | AF15: 0.59002941 | AG15: 0.59002941 | AH15: 0.51912229 | AI15: 108743394 | AJ15: 108743394 | AK15: 1 | AQ15: E1.P_G | AR15: EMPODERAMIENTO E INCLUSIÓN DE GÉNERO Y POBLACIÓN LGTBI | AT15: E1.P_B | AU15: SALUD CON ATENCIÓN DIGNA, PRIORITARIA Y DE CALIDAD | AV15: E1.P_B.MR2 | AW15: Mantener el programa de aseguramiento SGSSS y fortalecer la prestación de servicios de salud | AY15: E1.P_A.MR1 | AZ15: Mejorar los indicadores de resultado de las pruebas SABER en las Instituciones Educativas del Municipio | BA15: E1.P_A.MR1-MP05-1 | BB15: Mantener las Dotaciones de las I.E.D en Infraestructura Educativa y en Material y Medios Pedagógicos para el Aprendizaje | BD15: E1.P_G | BE15: EMPODERAMIENTO E INCLUSIÓN DE GÉNERO Y POBLACIÓN LGTBI | BF15: 120000000 | BH15: 0 | BL15: 120000000 | BM15: 120000000 | BN15: 0 | BO15: 0 | BP15: 0 | BQ15: 0 | BR15: 0 | BS15: 120000000 | BT15: 120000000 | BU15: 0 | BV15: 0 | BW15: 0 | BX15: 0 | BY15: 0 | BZ15: 120000000 | CA15: 120000000 | CB15: 0 | CC15: 0 | CD15: 0 | CE15: 0 | CF15: 0 | CG15: 120000000 | CH15: 480000000 | CI15: E1.P_A.MR5 - Desarrollar una estrategia para fomentar el acceso de la población a la educación técnica, tecnológica y profesional | CJ15: E1. - SOCIAL: Desarrollo Social con alta competitividad y proyección | CK15: E1.P_A - TOCANCIPA BIEN EDUCADA | CL15: Garantizar calidad, cobertura, eficiencia y pertinencia en la oferta Educativa Municipal | CN15: E1.P_A.MR1-MP05-1 - Mantener las Dotaciones de las I.E.D en Infraestructura Educativa y en Material y Medios Pedagógicos para el Aprendizaje | CO15: E1. - SOCIAL: Desarrollo Social con alta competitividad y proyección | CP15: E1.P_A - TOCANCIPA BIEN EDUCADA | CQ15: Garantizar calidad, cobertura, eficiencia y pertinencia en la oferta Educativa Municipal | CR15: E1.P_A.MR1 - Mejorar los indicadores de resultado de las pruebas SABER en las Instituciones Educativas del Municipio | CT15: E1.P_B.MR1 | CU15: Terminación, equipamiento y operación del Hospital Municipal | CW15: E1.P_A.MR1-MP05-1 | CX15: Mantener las Dotaciones de las I.E.D en Infraestructura Educativa y en Material y Medios Pedagógicos para el Aprendizaje | CZ15: E1.P_A.MR5 | DA15: E1.P_A.MR5 - Desarrollar una estrategia para fomentar el acceso de la población a la educación técnica, tecnológica y profesional | DB15: E1. - SOCIAL: Desarrollo Social con alta competitividad y proyección | DC15: Mejorar las condiciones de calidad de vida de toda la población del territorio y especialmente en los sectores más vulnerables, garantizando el acceso a sus derechos sociales, individuales y colectrivos en Educación, Salud, Cultura, Recreación y Deporte | DD15: Educación | DE15: E1.P_A - TOCANCIPA BIEN EDUCADA | DF15: Garantizar calidad, cobertura, eficiencia y pertinencia en la oferta Educativa Municipal | DH15: E1.P_A.MR5 | DI15: Desarrollar una estrategia para fomentar el acceso de la población a la educación técnica, tecnológica y profesional | DJ15: Estrategia desarrollada | DK15: 0 | DL15: 1 | DR15: E1.P_A.MR1-MP06-1 | DS15: Mantener la infraestructura educativa y recursos de aprendizaje de las I.E.D | DT15: No. de I.E.D a las que se ha realizado mantenimiento | DU15: 3 | DV15: 3 | DW15: 3 | DX15: 3 | DY15: 3 | DZ15: 3
A16: E1. | B16: SOCIAL: Desarrollo Social con alta competitividad y proyección | C16: E1.P_A | D16: TOCANCIPA BIEN EDUCADA | E16: 2016-25817-0026 Fortalecimiento de la enseñanza mediante ambientes digitales y cualificación docente en el Municipio de Tocancipá, Cundinamarca, Centro Oriente | F16: E1.P_A.MR2 | G16: Disminuir el número de estudiantes por equipo de cómputo | H16: No. de estudiantes por equipo de cómputo | I16: 3 | J16: 2 | K16: 2 | L16: 2 | M16: 1 | N16: E1.P_A.MR2-MP01-1 | O16: Realizar acciones para mejorar la cualificación docente | P16: No. de acciones realizadas | Q16: 0 | R16: 4 | S16: Incremento | T16: A.1. Educación | U16: 0 | V16: 1 | W16: 2 | X16: 1 | Y16: 0 | Z16: 0 | AA16: Secretaria de Educación | AB16: 0 | AC16: 0 | AD16: 0 | AE16: 0 | AF16: NO APLICA | AG16: NO APLICA | AH16: NO APLICA | AI16: 0 | AJ16: 0 | AK16: NO APLICA | AQ16: E1.P_H | AR16: VICTIMAS DEL CONFLICTO ARMADO Y POSTCONFLICTO | AT16: E1.P_B | AU16: SALUD CON ATENCIÓN DIGNA, PRIORITARIA Y DE CALIDAD | AV16: E1.P_B.MR3 | AW16: Implementar el 100% de los componentes priorizados de cada una de las dimensiones del Plan Decenal de Salud Pública en el Territorio (20 componentes) | AY16: E1.P_A.MR1 | AZ16: Mejorar los indicadores de resultado de las pruebas SABER en las Instituciones Educativas del Municipio | BA16: E1.P_A.MR1-MP06-1 | BB16: Mantener la infraestructura educativa y recursos de aprendizaje de las I.E.D | BD16: E1.P_H | BE16: VICTIMAS DEL CONFLICTO ARMADO Y POSTCONFLICTO | BF16: 100000000 | BH16: 0 | BL16: 100000000 | BM16: 100000000 | BN16: 0 | BO16: 0 | BP16: 0 | BQ16: 0 | BR16: 0 | BS16: 100000000 | BT16: 100000000 | BU16: 0 | BV16: 0 | BW16: 0 | BX16: 0 | BY16: 0 | BZ16: 100000000 | CA16: 100000000 | CB16: 0 | CC16: 0 | CD16: 0 | CE16: 0 | CF16: 0 | CG16: 100000000 | CH16: 400000000 | CI16: E1.P_B.MR1 - Terminación, equipamiento y operación del Hospital Municipal | CJ16: E1. - SOCIAL: Desarrollo Social con alta competitividad y proyección | CK16: E1.P_B - SALUD CON ATENCIÓN DIGNA, PRIORITARIA Y DE CALIDAD | CL16: Desarrollar acciones para fortalecer las condiciones del sistema de salud, que Garantice una atención digna, prioritaria y de calidad para todos | CN16: E1.P_A.MR1-MP06-1 - Mantener la infraestructura educativa y recursos de aprendizaje de las I.E.D | CO16: E1. - SOCIAL: Desarrollo Social con alta competitividad y proyección | CP16: E1.P_A - TOCANCIPA BIEN EDUCADA | CQ16: Garantizar calidad, cobertura, eficiencia y pertinencia en la oferta Educativa Municipal | CR16: E1.P_A.MR1 - Mejorar los indicadores de resultado de las pruebas SABER en las Instituciones Educativas del Municipio | CT16: E1.P_B.MR2 | CU16: Mantener el programa de aseguramiento SGSSS y fortalecer la prestación de servicios de salud | CW16: E1.P_A.MR1-MP06-1 | CX16: Mantener la infraestructura educativa y recursos de aprendizaje de las I.E.D | CZ16: E1.P_B.MR1 | DA16: E1.P_B.MR1 - Terminación, equipamiento y operación del Hospital Municipal | DB16: E1. - SOCIAL: Desarrollo Social con alta competitividad y proyección | DC16: Mejorar las condiciones de calidad de vida de toda la población del territorio y especialmente en los sectores más vulnerables, garantizando el acceso a sus derechos sociales, individuales y colectrivos en Educación, Salud, Cultura, Recreación y Deporte | DD16: Salud | DE16: E1.P_B - SALUD CON ATENCIÓN DIGNA, PRIORITARIA Y DE CALIDAD | DF16: Desarrollar acciones para fortalecer las condiciones del sistema de salud, que Garantice una atención digna, prioritaria y de calidad para todos | DH16: E1.P_B.MR1 | DI16: Terminación, equipamiento y operación del Hospital Municipal | DJ16: Hospital Terminado, equipado y en operación | DK16: 20 | DL16: 100 | DR16: E1.P_A.MR1-MP07-1 | DS16: Realizar procesos de apoyo y acompañamiento a las Instituciones Educativas Oficiales en su operación institucional | DT16: No. de Instituciones Educativas Oficiales apoyadas y acompañadas | DU16: 3 | DV16: 3 | DW16: 3 | DX16: 3 | DY16: 3 | DZ16: 3
A17: E1. | B17: SOCIAL: Desarrollo Social con alta competitividad y proyección | C17: E1.P_A | D17: TOCANCIPA BIEN EDUCADA | F17: E1.P_A.MR2 | G17: Disminuir el número de estudiantes por equipo de cómputo | H17: No. de estudiantes por equipo de cómputo | I17: 3 | J17: 2 | N17: E1.P_A.MR2-MP02-1 | O17: Implementar una estrategia de “reconocimiento labor docente” | P17: No. de estrategias implementadas | Q17: 0 | R17: 1 | S17: Incremento | T17: A.1. Educación | U17: 0.25 | V17: 0.25 | W17: 0.25 | X17: 0.25 | Y17: 0.3 | Z17: 1.2 | AA17: Secretaria de Educación | AB17: 60000000 | AC17: 18994000 | AD17: 18994000 | AE17: 18994000 | AF17: 0.31656667 | AG17: 0.31656667 | AH17: 0.31656667 | AI17: 0 | AJ17: 0 | AK17: NO APLICA | AQ17: E1.P_I | AR17: REDUCCIÓN DE LA POBREZA EXTREMA | AT17: E1.P_C | AU17: CULTURA DE TODOS Y PARA TODOS | AV17: E1.P_C.MR1 | AW17: Ampliar a 3700 el número de personas que accede anualmente a los programas de formación artística y cultural (L.B. 3630) | AY17: E1.P_A.MR1 | AZ17: Mejorar los indicadores de resultado de las pruebas SABER en las Instituciones Educativas del Municipio | BA17: E1.P_A.MR1-MP07-1 | BB17: Realizar procesos de apoyo y acompañamiento a las Instituciones Educativas Oficiales en su operación institucional | BD17: E1.P_I | BE17: REDUCCIÓN DE LA POBREZA EXTREMA | BF17: 279000000 | BH17: 0 | BL17: 279000000 | BM17: 279000000 | BN17: 0 | BO17: 0 | BP17: 0 | BQ17: 0 | BR17: 0 | BS17: 279000000 | BT17: 279000000 | BU17: 0 | BV17: 0 | BW17: 0 | BX17: 0 | BY17: 0 | BZ17: 279000000 | CA17: 279000000 | CB17: 0 | CC17: 0 | CD17: 0 | CE17: 0 | CF17: 0 | CG17: 279000000 | CH17: 1116000000 | CI17: E1.P_B.MR2 - Mantener el programa de aseguramiento SGSSS y fortalecer la prestación de servicios de salud | CJ17: E1. - SOCIAL: Desarrollo Social con alta competitividad y proyección | CK17: E1.P_B - SALUD CON ATENCIÓN DIGNA, PRIORITARIA Y DE CALIDAD | CL17: Desarrollar acciones para fortalecer las condiciones del sistema de salud, que Garantice una atención digna, prioritaria y de calidad para todos | CN17: E1.P_A.MR1-MP07-1 - Realizar procesos de apoyo y acompañamiento a las Instituciones Educativas Oficiales en su operación institucional | CO17: E1. - SOCIAL: Desarrollo Social con alta competitividad y proyección | CP17: E1.P_A - TOCANCIPA BIEN EDUCADA | CQ17: Garantizar calidad, cobertura, eficiencia y pertinencia en la oferta Educativa Municipal | CR17: E1.P_A.MR1 - Mejorar los indicadores de resultado de las pruebas SABER en las Instituciones Educativas del Municipio | CT17: E1.P_B.MR3 | CU17: Implementar el 100% de los componentes priorizados de cada una de las dimensiones del Plan Decenal de Salud Pública en el Territorio (20 componentes) | CW17: E1.P_A.MR1-MP07-1 | CX17: Realizar procesos de apoyo y acompañamiento a las Instituciones Educativas Oficiales en su operación institucional | CZ17: E1.P_B.MR2 | DA17: E1.P_B.MR2 - Mantener el programa de aseguramiento SGSSS y fortalecer la prestación de servicios de salud | DB17: E1. - SOCIAL: Desarrollo Social con alta competitividad y proyección | DC17: Mejorar las condiciones de calidad de vida de toda la población del territorio y especialmente en los sectores más vulnerables, garantizando el acceso a sus derechos sociales, individuales y colectrivos en Educación, Salud, Cultura, Recreación y Deporte | DD17: Salud | DE17: E1.P_B - SALUD CON ATENCIÓN DIGNA, PRIORITARIA Y DE CALIDAD | DF17: Desarrollar acciones para fortalecer las condiciones del sistema de salud, que Garantice una atención digna, prioritaria y de calidad para todos | DH17: E1.P_B.MR2 | DI17: Mantener el programa de aseguramiento SGSSS y fortalecer la prestación de servicios de salud | DJ17: Programa de aseguramiento mantenido | DK17: 5295 | DL17: 5295 | DR17: E1.P_A.MR1-MP08-1 | DS17: Realizar acciones para fortalecer la estrategia de complementación alimentaria y nutricional de calidad (refrigerios y restaurante escolar) para la población a la luz de criterios del Plan de Seguridad Alimentaria y Nutricional Departamental -PSAIN | DT17: N° de acciones realizadas | DU17: 0 | DV17: 3 | DW17: 1 | DX17: 0.66 | DY17: 0.66 | DZ17: 0.68
A18: E1. | B18: SOCIAL: Desarrollo Social con alta competitividad y proyección | C18: E1.P_A | D18: TOCANCIPA BIEN EDUCADA | F18: E1.P_A.MR2 | G18: Disminuir el número de estudiantes por equipo de cómputo | H18: No. de estudiantes por equipo de cómputo | I18: 3 | J18: 2 | N18: E1.P_A.MR2-MP03-1 | O18: Mantener y fortalecer los ambientes digitales | P18: No. de ambientes mantenidos y fortalecidos | Q18: 8 | R18: 8 | S18: Mantenimiento | T18: A.1. Educación | U18: 8 | V18: 8 | W18: 8 | X18: 8 | Y18: 8 | Z18: 1 | AA18: Secretaria de Educación | AB18: 1023653287 | AC18: 683563162 | AD18: 682463161 | AE18: 682463161 | AF18: 0.66776825 | AG18: 0.66669366 | AH18: 0.66669366 | AI18: 0 | AJ18: 0 | AK18: NO APLICA | AQ18: E1.P_J | AR18: CAPACIDADES DIFERENCIALES | AT18: E1.P_D | AU18: DEPORTE Y RECREACIÓN PARA EL MEJORAMIENTO DE LA CALIDAD DE VIDA Y LA SANA CONVIVENCIA | AV18: E1.P_D.MR1 | AW18: Ampliar a 1800 personas oficialmente inscritas, que se benefician con el programa de Escuelas Deportivas del Municipio | AY18: E1.P_A.MR1 | AZ18: Mejorar los indicadores de resultado de las pruebas SABER en las Instituciones Educativas del Municipio | BA18: E1.P_A.MR1-MP08-1 | BB18: Realizar acciones para fortalecer la estrategia de complementación alimentaria y nutricional de calidad (refrigerios y restaurante escolar) para la población a la luz de criterios del Plan de Seguridad Alimentaria y Nutricional Departamental -PSAIN | BD18: E1.P_J | BE18: CAPACIDADES DIFERENCIALES | BF18: 240000000 | BH18: 0 | BL18: 240000000 | BM18: 240000000 | BN18: 0 | BO18: 0 | BP18: 0 | BQ18: 0 | BR18: 0 | BS18: 240000000 | BT18: 240000000 | BU18: 0 | BV18: 0 | BW18: 0 | BX18: 0 | BY18: 0 | BZ18: 240000000 | CA18: 240000000 | CB18: 0 | CC18: 0 | CD18: 0 | CE18: 0 | CF18: 0 | CG18: 240000000 | CH18: 960000000 | CI18: E1.P_B.MR3 - Implementar el 100% de los componentes priorizados de cada una de las dimensiones del Plan Decenal de Salud Pública en el Territorio (20 componentes) | CJ18: E1. - SOCIAL: Desarrollo Social con alta competitividad y proyección | CK18: E1.P_B - SALUD CON ATENCIÓN DIGNA, PRIORITARIA Y DE CALIDAD | CL18: Desarrollar acciones para fortalecer las condiciones del sistema de salud, que Garantice una atención digna, prioritaria y de calidad para todos | CN18: E1.P_A.MR1-MP08-1 - Realizar acciones para fortalecer la estrategia de complementación alimentaria y nutricional de calidad (refrigerios y restaurante escolar) para la población a la luz de criterios del Plan de Seguridad Alimentaria | CO18: E1. - SOCIAL: Desarrollo Social con alta competitividad y proyección | CP18: E1.P_A - TOCANCIPA BIEN EDUCADA | CQ18: Garantizar calidad, cobertura, eficiencia y pertinencia en la oferta Educativa Municipal | CR18: E1.P_A.MR1 - Mejorar los indicadores de resultado de las pruebas SABER en las Instituciones Educativas del Municipio | CT18: E1.P_C.MR1 | CU18: Ampliar a 3700 el número de personas que accede anualmente a los programas de formación artística y cultural (L.B. 3630) | CW18: E1.P_A.MR1-MP08-1 | CX18: Realizar acciones para fortalecer la estrategia de complementación alimentaria y nutricional de calidad (refrigerios y restaurante escolar) para la población a la luz de criterios del Plan de Seguridad Alimentaria y Nutricional Departamental -PSAIN | CZ18: E1.P_B.MR3 | DA18: E1.P_B.MR3 - Implementar el 100% de los componentes priorizados de cada una de las dimensiones del Plan Decenal de Salud Pública en el Territorio (20 componentes) | DB18: E1. - SOCIAL: Desarrollo Social con alta competitividad y proyección | DC18: Mejorar las condiciones de calidad de vida de toda la población del territorio y especialmente en los sectores más vulnerables, garantizando el acceso a sus derechos sociales, individuales y colectrivos en Educación, Salud, Cultura, Recreación y Deporte | DD18: Salud | DE18: E1.P_B - SALUD CON ATENCIÓN DIGNA, PRIORITARIA Y DE CALIDAD | DF18: Desarrollar acciones para fortalecer las condiciones del sistema de salud, que Garantice una atención digna, prioritaria y de calidad para todos | DH18: E1.P_B.MR3 | DI18: Implementar el 100% de los componentes priorizados de cada una de las dimensiones del Plan Decenal de Salud Pública en el Territorio (20 componentes) | DJ18: Componentes implementados | DK18: 0 | DL18: 20 | DR18: E1.P_A.MR2-MP01-1 | DS18: Realizar acciones para mejorar la cualificación docente | DT18: No. de acciones realizadas | DU18: 0 | DV18: 4 | DW18: 0 | DX18: 1 | DY18: 2 | DZ18: 1
A19: E1. | B19: SOCIAL: Desarrollo Social con alta competitividad y proyección | C19: E1.P_A | D19: TOCANCIPA BIEN EDUCADA | F19: E1.P_A.MR2 | G19: Disminuir el número de estudiantes por equipo de cómputo | H19: No. de estudiantes por equipo de cómputo | I19: 3 | J19: 2 | N19: E1.P_A.MR2-MP04-1 | O19: Otorgar estímulos a las IED para que logren alta calidad educativa | P19: No. de estímulos otorgados | Q19: 0 | R19: 3 | S19: Incremento | T19: A.1. Educación | U19: 0.75 | V19: 0.75 | W19: 0.75 | X19: 0.75 | Y19: 0.8 | Z19: 1.0666667 | AA19: Secretaria de Educación | AB19: 220000000 | AC19: 190772838 | AD19: 190772838 | AE19: 190772838 | AF19: 0.86714926 | AG19: 0.86714926 | AH19: 0.86714926 | AI19: 0 | AJ19: 0 | AK19: NO APLICA | AO19: E2. | AP19: ECONÓMICO: Desarrollo Económico con alta competitividad y proyección | AQ19: E2.P_A | AR19: EMPLEO DIGNO | AT19: E1.P_E | AU19: ATENCIÓN INTEGRAL DEL ADULTO MAYOR | AV19: E1.P_E.MR1 | AW19: Ampliar la cobertura a 400 adultos Mayores que se benefician con los programas del Municipio | AY19: E1.P_A.MR2 | AZ19: Disminuir el número de estudiantes por equipo de cómputo | BA19: E1.P_A.MR2-MP01-1 | BB19: Realizar acciones para mejorar la cualificación docente | BD19: E2.P_A | BE19: EMPLEO DIGNO | BF19: 30000000 | BG19: 0 | BH19: 0 | BI19: 0 | BJ19: 0 | BK19: 0 | BL19: 30000000 | BM19: 31050000 | BN19: 0 | BO19: 0 | BP19: 0 | BQ19: 0 | BR19: 0 | BS19: 31050000 | BT19: 32136750 | BU19: 0 | BV19: 0 | BW19: 0 | BX19: 0 | BY19: 0 | BZ19: 32136750 | CA19: 33261536 | CB19: 0 | CC19: 0 | CD19: 0 | CE19: 0 | CF19: 0 | CG19: 33261536 | CH19: 1.2644829e+08 | CI19: E1.P_C.MR1 - Ampliar a 3700 el número de personas que accede anualmente a los programas de formación artística y cultural (L.B. 3630) | CJ19: E1. - SOCIAL: Desarrollo Social con alta competitividad y proyección | CK19: E1.P_C - CULTURA DE TODOS Y PARA TODOS | CL19: Hacer de la cultura un eje integrador del desarrollo humano, la inclusión social y el aprovechamiento del tiempo libre en el municipio | CN19: E1.P_A.MR2-MP01-1 - Realizar acciones para mejorar la cualificación docente | CO19: E1. - SOCIAL: Desarrollo Social con alta competitividad y proyección | CP19: E1.P_A - TOCANCIPA BIEN EDUCADA | CQ19: Garantizar calidad, cobertura, eficiencia y pertinencia en la oferta Educativa Municipal | CR19: E1.P_A.MR2 - Disminuir el número de estudiantes por equipo de cómputo | CT19: E1.P_D.MR1 | CU19: Ampliar a 1800 personas oficialmente inscritas, que se benefician con el programa de Escuelas Deportivas del Municipio | CW19: E1.P_A.MR2-MP01-1 | CX19: Realizar acciones para mejorar la cualificación docente | CZ19: E1.P_C.MR1 | DA19: E1.P_C.MR1 - Ampliar a 3700 el número de personas que accede anualmente a los programas de formación artística y cultural (L.B. 3630) | DB19: E1. - SOCIAL: Desarrollo Social con alta competitividad y proyección | DC19: Mejorar las condiciones de calidad de vida de toda la población del territorio y especialmente en los sectores más vulnerables, garantizando el acceso a sus derechos sociales, individuales y colectrivos en Educación, Salud, Cultura, Recreación y Deporte | DD19: Cultura | DE19: E1.P_C - CULTURA DE TODOS Y PARA TODOS | DF19: Hacer de la cultura un eje integrador del desarrollo humano, la inclusión social y el aprovechamiento del tiempo libre en el municipio | DH19: E1.P_C.MR1 | DI19: Ampliar a 3700 el número de personas que accede anualmente a los programas de formación artística y cultural (L.B. 3630) | DJ19: Cobertura ampliada | DK19: 3630 | DL19: 3700 | DR19: E1.P_A.MR2-MP02-1 | DS19: Implementar una estrategia de “reconocimiento labor docente” | DT19: No. de estrategias implementadas | DU19: 0 | DV19: 1 | DW19: 0.25 | DX19: 0.25 | DY19: 0.25 | DZ19: 0.25
A20: E1. | B20: SOCIAL: Desarrollo Social con alta competitividad y proyección | C20: E1.P_A | D20: TOCANCIPA BIEN EDUCADA | E20: 2016-25817-0044 Mantenimiento de las tasas de cobertura escolar Tocancipá, Cundinamarca, Centro Oriente | F20: E1.P_A.MR3 | G20: Mantener las tasas de cobertura bruta por niveles | H20: Tasa de cobertura transición Tasa de cobertura primaria Tasa de cobertura secundaria Tasa de cobertura media | I20: 104% 108% 126% 90,83% | J20: 104% 108% 126% 90,83% | K20: 104% 108% 126% 90.83 | L20: 104% 108% 126% 90.83 | M20: #VALUE! | N20: E1.P_A.MR3-MP01-1 | O20: Implementar procesos de apoyo para la permanencia y cobertura educativa en la población desescolarizada | P20: No. de procesos implementados | Q20: 1 | R20: 2 | S20: Incremento | T20: A.1. Educación | U20: 0.5 | V20: 0.5 | W20: 0.5 | X20: 0.5 | Y20: 0.5 | Z20: 1 | AA20: Secretaria de Educación | AB20: 0 | AC20: 0 | AD20: 0 | AE20: 0 | AF20: NO APLICA | AG20: NO APLICA | AH20: NO APLICA | AI20: 0 | AJ20: 0 | AK20: NO APLICA | AQ20: E2.P_B | AR20: EMPRENDIMIENTO Y ASOCIATIVIDAD | AT20: E1.P_F | AU20: PRIMERA INFANCIA, INFANCIA, ADOLESCENCIA Y JUVENTUD CON DESARROLLO Y PROYECCIÓN | AV20: E1.P_F.MR1 | AW20: Ampliar la Infraestructura para la atención de Primera Infancia, Infancia, Adolescencia y Juventud | AY20: E1.P_A.MR2 | AZ20: Disminuir el número de estudiantes por equipo de cómputo | BA20: E1.P_A.MR2-MP02-1 | BB20: Implementar una estrategia de “reconocimiento labor docente” | BD20: E2.P_B | BE20: EMPRENDIMIENTO Y ASOCIATIVIDAD | BF20: 231000000 | BG20: 0 | BH20: 100000000 | BI20: 0 | BJ20: 0 | BK20: 0 | BL20: 331000000 | BM20: 2.39085e+08 | BN20: 0 | BO20: 1.035e+08 | BP20: 0 | BQ20: 0 | BR20: 0 | BS20: 3.42585e+08 | BT20: 2.4745297e+08 | BU20: 0 | BV20: 1.071225e+08 | BW20: 0 | BX20: 0 | BY20: 0 | BZ20: 3.5457547e+08 | CA20: 2.5611383e+08 | CB20: 0 | CC20: 1.1087179e+08 | CD20: 0 | CE20: 0 | CF20: 0 | CG20: 3.6698562e+08 | CH20: 1.3951461e+09 | CI20: E1.P_D.MR1 - Ampliar a 1800 personas oficialmente inscritas, que se benefician con el programa de Escuelas Deportivas del Municipio | CJ20: E1. - SOCIAL: Desarrollo Social con alta competitividad y proyección | CK20: E1.P_D - DEPORTE Y RECREACIÓN PARA EL MEJORAMIENTO DE LA CALIDAD DE VIDA Y LA SANA CONVIVENCIA | CL20: Mejorar las condiciones de práctica y competitividad del deporte municipal en el ámbito local, regional, departamental, nacional e internacional | CN20: E1.P_A.MR2-MP02-1 - Implementar una estrategia de “reconocimiento labor docente” | CO20: E1. - SOCIAL: Desarrollo Social con alta competitividad y proyección | CP20: E1.P_A - TOCANCIPA BIEN EDUCADA | CQ20: Garantizar calidad, cobertura, eficiencia y pertinencia en la oferta Educativa Municipal | CR20: E1.P_A.MR2 - Disminuir el número de estudiantes por equipo de cómputo | CT20: E1.P_E.MR1 | CU20: Ampliar la cobertura a 400 adultos Mayores que se benefician con los programas del Municipio | CW20: E1.P_A.MR2-MP02-1 | CX20: Implementar una estrategia de “reconocimiento labor docente” | CZ20: E1.P_D.MR1 | DA20: E1.P_D.MR1 - Ampliar a 1800 personas oficialmente inscritas, que se benefician con el programa de Escuelas Deportivas del Municipio | DB20: E1. - SOCIAL: Desarrollo Social con alta competitividad y proyección | DC20: Mejorar las condiciones de calidad de vida de toda la población del territorio y especialmente en los sectores más vulnerables, garantizando el acceso a sus derechos sociales, individuales y colectrivos en Educación, Salud, Cultura, Recreación y Deporte | DD20: Deporte y Recreación | DE20: E1.P_D - DEPORTE Y RECREACIÓN PARA EL MEJORAMIENTO DE LA CALIDAD DE VIDA Y LA SANA CONVIVENCIA | DF20: Mejorar las condiciones de práctica y competitividad del deporte municipal en el ámbito local, regional, departamental, nacional e internacional | DH20: E1.P_D.MR1 | DI20: Ampliar a 1800 personas oficialmente inscritas, que se benefician con el programa de Escuelas Deportivas del Municipio | DJ20: Cobertura ampliada | DK20: 1400 | DL20: 1800 | DR20: E1.P_A.MR2-MP03-1 | DS20: Mantener y fortalecer los ambientes digitales | DT20: No. de ambientes mantenidos y fortalecidos | DU20: 8 | DV20: 8 | DW20: 8 | DX20: 8 | DY20: 8 | DZ20: 8
A21: E1. | B21: SOCIAL: Desarrollo Social con alta competitividad y proyección | C21: E1.P_A | D21: TOCANCIPA BIEN EDUCADA | F21: E1.P_A.MR3 | G21: Mantener las tasas de cobertura bruta por niveles | H21: Tasa de cobertura transición Tasa de cobertura primaria Tasa de cobertura secundaria Tasa de cobertura media | I21: 104% 108% 126% 90,83% | J21: 104% 108% 126% 90,83% | N21: E1.P_A.MR3-MP02-1 | O21: Otorgar estímulos para las IED que implementen la jornada única escolar | P21: No. de Estímulos otorgados | Q21: 0 | R21: 3 | S21: Incremento | T21: A.1. Educación | U21: 0 | V21: 0 | W21: 1 | X21: 2 | Y21: 0 | Z21: NO APLICA | AA21: Secretaria de Educación | AB21: 0 | AC21: 0 | AD21: 0 | AE21: 0 | AF21: NO APLICA | AG21: NO APLICA | AH21: NO APLICA | AI21: 0 | AJ21: 0 | AK21: NO APLICA | AQ21: E2.P_C | AR21: COMPETITIVIDAD Y DESARROLLO | AT21: E1.P_F | AU21: PRIMERA INFANCIA, INFANCIA, ADOLESCENCIA Y JUVENTUD CON DESARROLLO Y PROYECCIÓN | AV21: E1.P_F.MR2 | AW21: Ampliar en 600 la cobertura de las personas que se benefician de los programas dirigidos a Primera Infancia y Juventud | AY21: E1.P_A.MR2 | AZ21: Disminuir el número de estudiantes por equipo de cómputo | BA21: E1.P_A.MR2-MP03-1 | BB21: Mantener y fortalecer los ambientes digitales | BD21: E2.P_C | BE21: COMPETITIVIDAD Y DESARROLLO | BF21: 60000000 | BG21: 0 | BH21: 0 | BI21: 0 | BJ21: 0 | BK21: 0 | BL21: 60000000 | BM21: 62100000 | BN21: 0 | BO21: 0 | BP21: 0 | BQ21: 0 | BR21: 0 | BS21: 62100000 | BT21: 64273500 | BU21: 0 | BV21: 0 | BW21: 0 | BX21: 0 | BY21: 0 | BZ21: 64273500 | CA21: 66523072 | CB21: 0 | CC21: 0 | CD21: 0 | CE21: 0 | CF21: 0 | CG21: 66523072 | CH21: 2.5289657e+08 | CI21: E1.P_E.MR1 - Ampliar la cobertura a 400 adultos Mayores que se benefician con los programas del Municipio | CJ21: E1. - SOCIAL: Desarrollo Social con alta competitividad y proyección | CK21: E1.P_E - ATENCIÓN INTEGRAL DEL ADULTO MAYOR | CL21: Integrar al adulto mayor a la sociedad y garantizarle sus derechos | CN21: E1.P_A.MR2-MP03-1 - Mantener y fortalecer los ambientes digitales | CO21: E1. - SOCIAL: Desarrollo Social con alta competitividad y proyección | CP21: E1.P_A - TOCANCIPA BIEN EDUCADA | CQ21: Garantizar calidad, cobertura, eficiencia y pertinencia en la oferta Educativa Municipal | CR21: E1.P_A.MR2 - Disminuir el número de estudiantes por equipo de cómputo | CT21: E1.P_F.MR1 | CU21: Ampliar la Infraestructura para la atención de Primera Infancia, Infancia, Adolescencia y Juventud | CW21: E1.P_A.MR2-MP03-1 | CX21: Mantener y fortalecer los ambientes digitales | CZ21: E1.P_E.MR1 | DA21: E1.P_E.MR1 - Ampliar la cobertura a 400 adultos Mayores que se benefician con los programas del Municipio | DB21: E1. - SOCIAL: Desarrollo Social con alta competitividad y proyección | DC21: Mejorar las condiciones de calidad de vida de toda la población del territorio y especialmente en los sectores más vulnerables, garantizando el acceso a sus derechos sociales, individuales y colectrivos en Educación, Salud, Cultura, Recreación y Deporte | DD21: Atención a grupos vulnerables - promoción social | DE21: E1.P_E - ATENCIÓN INTEGRAL DEL ADULTO MAYOR | DF21: Integrar al adulto mayor a la sociedad y garantizarle sus derechos | DH21: E1.P_E.MR1 | DI21: Ampliar la cobertura a 400 adultos Mayores que se benefician con los programas del Municipio | DJ21: Cobertura ampliada | DK21: 288 | DL21: 400 | DR21: E1.P_A.MR2-MP04-1 | DS21: Otorgar estímulos a las IED para que logren alta calidad educativa | DT21: No. de estímulos otorgados | DU21: 0 | DV21: 3 | DW21: 0.75 | DX21: 0.75 | DY21: 0.75 | DZ21: 0.75
A22: E1. | B22: SOCIAL: Desarrollo Social con alta competitividad y proyección | C22: E1.P_A | D22: TOCANCIPA BIEN EDUCADA | F22: E1.P_A.MR3 | G22: Mantener las tasas de cobertura bruta por niveles | H22: Tasa de cobertura transición Tasa de cobertura primaria Tasa de cobertura secundaria Tasa de cobertura media | I22: 104% 108% 126% 90,83% | J22: 104% 108% 126% 90,83% | N22: E1.P_A.MR3-MP03-1 | O22: Mantener el acceso a la educación de la población en condiciones de vulnerabilidad que demande el servicio | P22: % de población vulnerable en el sistema educativo | Q22: 1 | R22: 1 | S22: Mantenimiento | T22: A.1. Educación | U22: 100 | V22: 100 | W22: 100 | X22: 100 | Y22: 100 | Z22: 1 | AA22: Secretaria de Educación | AB22: 0 | AC22: 0 | AD22: 0 | AE22: 0 | AF22: NO APLICA | AG22: NO APLICA | AH22: NO APLICA | AI22: 0 | AJ22: 0 | AK22: NO APLICA | AQ22: E2.P_D | AR22: CIENCIA, TECNOLOGIA E INNOVACIÓN | AT22: E1.P_G | AU22: EMPODERAMIENTO E INCLUSIÓN DE GÉNERO Y POBLACIÓN LGTBI | AV22: E1.P_G.MR1 | AW22: Ampliar los programas dirigidos a la Mujer | AY22: E1.P_A.MR2 | AZ22: Disminuir el número de estudiantes por equipo de cómputo | BA22: E1.P_A.MR2-MP04-1 | BB22: Otorgar estímulos a las IED para que logren alta calidad educativa | BD22: E2.P_D | BE22: CIENCIA, TECNOLOGIA E INNOVACIÓN | BF22: 100000000 | BG22: 0 | BH22: 200000000 | BI22: 0 | BJ22: 0 | BK22: 0 | BL22: 300000000 | BM22: 1.035e+08 | BN22: 0 | BO22: 2.07e+08 | BP22: 0 | BQ22: 0 | BR22: 0 | BS22: 3.105e+08 | BT22: 1.071225e+08 | BU22: 0 | BV22: 2.14245e+08 | BW22: 0 | BX22: 0 | BY22: 0 | BZ22: 3.213675e+08 | CA22: 1.1087179e+08 | CB22: 0 | CC22: 2.2174357e+08 | CD22: 0 | CE22: 0 | CF22: 0 | CG22: 3.3261536e+08 | CH22: 1.2644829e+09 | CI22: E1.P_F.MR1 - Ampliar la Infraestructura para la atención de Primera Infancia, Infancia, Adolescencia y Juventud | CJ22: E1. - SOCIAL: Desarrollo Social con alta competitividad y proyección | CK22: E1.P_F - PRIMERA INFANCIA, INFANCIA, ADOLESCENCIA Y JUVENTUD CON DESARROLLO Y PROYECCIÓN | CL22: Garantizar el acceso de la Primera Infancia, Infancia, Adolescencia y Juventud Tocancipeña a los servicios sociales que permitan su desarrollo personal, social y económico | CN22: E1.P_A.MR2-MP04-1 - Otorgar estímulos a las IED para que logren alta calidad educativa | CO22: E1. - SOCIAL: Desarrollo Social con alta competitividad y proyección | CP22: E1.P_A - TOCANCIPA BIEN EDUCADA | CQ22: Garantizar calidad, cobertura, eficiencia y pertinencia en la oferta Educativa Municipal | CR22: E1.P_A.MR2 - Disminuir el número de estudiantes por equipo de cómputo | CT22: E1.P_F.MR2 | CU22: Ampliar en 600 la cobertura de las personas que se benefician de los programas dirigidos a Primera Infancia y Juventud | CW22: E1.P_A.MR2-MP04-1 | CX22: Otorgar estímulos a las IED para que logren alta calidad educativa | CZ22: E1.P_F.MR1 | DA22: E1.P_F.MR1 - Ampliar la Infraestructura para la atención de Primera Infancia, Infancia, Adolescencia y Juventud | DB22: E1. - SOCIAL: Desarrollo Social con alta competitividad y proyección | DC22: Mejorar las condiciones de calidad de vida de toda la población del territorio y especialmente en los sectores más vulnerables, garantizando el acceso a sus derechos sociales, individuales y colectrivos en Educación, Salud, Cultura, Recreación y Deporte | DD22: Atención a grupos vulnerables - promoción social | DE22: E1.P_F - PRIMERA INFANCIA, INFANCIA, ADOLESCENCIA Y JUVENTUD CON DESARROLLO Y PROYECCIÓN | DF22: Garantizar el acceso de la Primera Infancia, Infancia, Adolescencia y Juventud Tocancipeña a los servicios sociales que permitan su desarrollo personal, social y económico | DH22: E1.P_F.MR1 | DI22: Ampliar la Infraestructura para la atención de Primera Infancia, Infancia, Adolescencia y Juventud | DJ22: Infraestructura ampliada | DK22: 1 | DL22: 4 | DR22: E1.P_A.MR3-MP01-1 | DS22: Implementar procesos de apoyo para la permanencia y cobertura educativa en la población desescolarizada | DT22: No. de procesos implementados | DU22: 1 | DV22: 2 | DW22: 0.5 | DX22: 0.5 | DY22: 0.5 | DZ22: 0.5
A23: E1. | B23: SOCIAL: Desarrollo Social con alta competitividad y proyección | C23: E1.P_A | D23: TOCANCIPA BIEN EDUCADA | F23: E1.P_A.MR3 | G23: Mantener las tasas de cobertura bruta por niveles | H23: Tasa de cobertura transición Tasa de cobertura primaria Tasa de cobertura secundaria Tasa de cobertura media | I23: 104% 108% 126% 90,83% | J23: 104% 108% 126% 90,83% | N23: E1.P_A.MR3-MP04-1 | O23: Garantizar los servicios de aseo y vigilancia en las I.E.D | P23: No. de I.E.D con Servicios de aseo y vigilancia de calidad mantenidos | Q23: 3 | R23: 3 | S23: Mantenimiento | T23: A.1. Educación | U23: 3 | V23: 3 | W23: 3 | X23: 3 | Y23: 3 | Z23: 1 | AA23: Secretaria de Educación | AB23: 2654000000 | AC23: 2121139629 | AD23: 2.1211396e+09 | AE23: 1.7817271e+09 | AF23: 0.79922367 | AG23: 0.79922367 | AH23: 0.67133651 | AI23: 0 | AJ23: 0 | AK23: NO APLICA | AQ23: E2.P_E | AR23: DESARROLLO AGROPECUARIO DE ALTA COMPETITIVIDAD | AT23: E1.P_G | AU23: EMPODERAMIENTO E INCLUSIÓN DE GÉNERO Y POBLACIÓN LGTBI | AV23: E1.P_G.MR2 | AW23: Ampliar los programas dirigidos a la Población LGBTI | AY23: E1.P_A.MR3 | AZ23: Mantener las tasas de cobertura bruta por niveles | BA23: E1.P_A.MR3-MP01-1 | BB23: Implementar procesos de apoyo para la permanencia y cobertura educativa en la población desescolarizada | BD23: E2.P_E | BE23: DESARROLLO AGROPECUARIO DE ALTA COMPETITIVIDAD | BF23: 368088852 | BG23: 0 | BH23: 50000000 | BI23: 0 | BJ23: 0 | BK23: 31911148 | BL23: 450000000 | BM23: 3.8097196e+08 | BN23: 0 | BO23: 51750000 | BP23: 0 | BQ23: 0 | BR23: 33028038 | BS23: 465750000 | BT23: 3.9430598e+08 | BU23: 0 | BV23: 53561250 | BW23: 0 | BX23: 0 | BY23: 34184020 | BZ23: 482051250 | CA23: 4.0810669e+08 | CB23: 0 | CC23: 55435894 | CD23: 0 | CE23: 0 | CF23: 35380460 | CG23: 4.9892304e+08 | CH23: 1.8967243e+09 | CI23: E1.P_F.MR2 - Ampliar en 600 la cobertura de las personas que se benefician de los programas dirigidos a Primera Infancia y Juventud | CJ23: E1. - SOCIAL: Desarrollo Social con alta competitividad y proyección | CK23: E1.P_F - PRIMERA INFANCIA, INFANCIA, ADOLESCENCIA Y JUVENTUD CON DESARROLLO Y PROYECCIÓN | CL23: Garantizar el acceso de la Primera Infancia, Infancia, Adolescencia y Juventud Tocancipeña a los servicios sociales que permitan su desarrollo personal, social y económico | CN23: E1.P_A.MR3-MP01-1 - Implementar procesos de apoyo para la permanencia y cobertura educativa en la población desescolarizada | CO23: E1. - SOCIAL: Desarrollo Social con alta competitividad y proyección | CP23: E1.P_A - TOCANCIPA BIEN EDUCADA | CQ23: Garantizar calidad, cobertura, eficiencia y pertinencia en la oferta Educativa Municipal | CR23: E1.P_A.MR3 - Mantener las tasas de cobertura bruta por niveles | CT23: E1.P_G.MR1 | CU23: Ampliar los programas dirigidos a la Mujer | CW23: E1.P_A.MR3-MP01-1 | CX23: Implementar procesos de apoyo para la permanencia y cobertura educativa en la población desescolarizada | CZ23: E1.P_F.MR2 | DA23: E1.P_F.MR2 - Ampliar en 600 la cobertura de las personas que se benefician de los programas dirigidos a Primera Infancia y Juventud | DB23: E1. - SOCIAL: Desarrollo Social con alta competitividad y proyección | DC23: Mejorar las condiciones de calidad de vida de toda la población del territorio y especialmente en los sectores más vulnerables, garantizando el acceso a sus derechos sociales, individuales y colectrivos en Educación, Salud, Cultura, Recreación y Deporte | DD23: Atención a grupos vulnerables - promoción social | DE23: E1.P_F - PRIMERA INFANCIA, INFANCIA, ADOLESCENCIA Y JUVENTUD CON DESARROLLO Y PROYECCIÓN | DF23: Garantizar el acceso de la Primera Infancia, Infancia, Adolescencia y Juventud Tocancipeña a los servicios sociales que permitan su desarrollo personal, social y económico | DH23: E1.P_F.MR2 | DI23: Ampliar en 600 la cobertura de las personas que se benefician de los programas dirigidos a Primera Infancia y Juventud | DJ23: Cobertura ampliada | DK23: 2598 | DL23: 3100 | DR23: E1.P_A.MR3-MP02-1 | DS23: Otorgar estímulos para las IED que implementen la jornada única escolar | DT23: No. de Estímulos otorgados | DU23: 0 | DV23: 3 | DW23: 0 | DX23: 0 | DY23: 1 | DZ23: 2
A24: E1. | B24: SOCIAL: Desarrollo Social con alta competitividad y proyección | C24: E1.P_A | D24: TOCANCIPA BIEN EDUCADA | F24: E1.P_A.MR3 | G24: Mantener las tasas de cobertura bruta por niveles | H24: Tasa de cobertura transición Tasa de cobertura primaria Tasa de cobertura secundaria Tasa de cobertura media | I24: 104% 108% 126% 90,83% | J24: 104% 108% 126% 90,83% | N24: E1.P_A.MR3-MP05-1 | O24: Obtener la concesión de servicios educativos en el municipio con entidades de carácter privado | P24: No. Concesiones obtenidas | Q24: 0 | R24: 1 | S24: Incremento | T24: A.1. Educación | U24: 0 | V24: 0 | W24: 0.5 | X24: 0.5 | Y24: 0 | Z24: NO APLICA | AA24: Secretaria de Educación | AB24: 0 | AC24: 0 | AD24: 0 | AE24: 0 | AF24: NO APLICA | AG24: NO APLICA | AH24: NO APLICA | AI24: 0 | AJ24: 0 | AK24: NO APLICA | AQ24: E2.P_F | AR24: DESARROLLO TURISTICO DE ALTA COMPETITIVIDAD | AT24: E1.P_H | AU24: VICTIMAS DEL CONFLICTO ARMADO Y POSTCONFLICTO | AV24: E1.P_H.MR1 | AW24: Mantener la cobertura de la Atención a la Población Víctima del Conflicto Armado y Postconflicto. | AY24: E1.P_A.MR3 | AZ24: Mantener las tasas de cobertura bruta por niveles | BA24: E1.P_A.MR3-MP02-1 | BB24: Otorgar estímulos para las IED que implementen la jornada única escolar | BD24: E2.P_F | BE24: DESARROLLO TURISTICO DE ALTA COMPETITIVIDAD | BF24: 100000000 | BH24: 0 | BL24: 100000000 | BM24: 1.035e+08 | BN24: 0 | BO24: 0 | BP24: 0 | BQ24: 0 | BR24: 0 | BS24: 1.035e+08 | BT24: 1.071225e+08 | BU24: 0 | BV24: 0 | BW24: 0 | BX24: 0 | BY24: 0 | BZ24: 1.071225e+08 | CA24: 1.1087179e+08 | CB24: 0 | CC24: 0 | CD24: 0 | CE24: 0 | CF24: 0 | CG24: 1.1087179e+08 | CH24: 4.2149429e+08 | CI24: E1.P_G.MR1 - Ampliar los programas dirigidos a la Mujer | CJ24: E1. - SOCIAL: Desarrollo Social con alta competitividad y proyección | CK24: E1.P_G - EMPODERAMIENTO E INCLUSIÓN DE GÉNERO Y POBLACIÓN LGTBI | CL24: Reivindicar los derechos vulnerados de la mujer y garantizar la inclusión de la comunidad LGBTI, en el marco de una sociedad respetuosa de sus derechos | CN24: E1.P_A.MR3-MP02-1 - Otorgar estímulos para las IED que implementen la jornada única escolar | CO24: E1. - SOCIAL: Desarrollo Social con alta competitividad y proyección | CP24: E1.P_A - TOCANCIPA BIEN EDUCADA | CQ24: Garantizar calidad, cobertura, eficiencia y pertinencia en la oferta Educativa Municipal | CR24: E1.P_A.MR3 - Mantener las tasas de cobertura bruta por niveles | CT24: E1.P_G.MR2 | CU24: Ampliar los programas dirigidos a la Población LGBTI | CW24: E1.P_A.MR3-MP02-1 | CX24: Otorgar estímulos para las IED que implementen la jornada única escolar | CZ24: E1.P_G.MR1 | DA24: E1.P_G.MR1 - Ampliar los programas dirigidos a la Mujer | DB24: E1. - SOCIAL: Desarrollo Social con alta competitividad y proyección | DC24: Mejorar las condiciones de calidad de vida de toda la población del territorio y especialmente en los sectores más vulnerables, garantizando el acceso a sus derechos sociales, individuales y colectrivos en Educación, Salud, Cultura, Recreación y Deporte | DD24: Atención a grupos vulnerables - promoción social | DE24: E1.P_G - EMPODERAMIENTO E INCLUSIÓN DE GÉNERO Y POBLACIÓN LGTBI | DF24: Reivindicar los derechos vulnerados de la mujer y garantizar la inclusión de la comunidad LGBTI, en el marco de una sociedad respetuosa de sus derechos | DH24: E1.P_G.MR1 | DI24: Ampliar los programas dirigidos a la Mujer | DJ24: Programas ampliados | DK24: 1 | DL24: 3 | DR24: E1.P_A.MR3-MP03-1 | DS24: Mantener el acceso a la educación de la población en condiciones de vulnerabilidad que demande el servicio | DT24: % de población vulnerable en el sistema educativo | DU24: 100 | DV24: 100 | DW24: 100 | DX24: 100 | DY24: 100 | DZ24: 100
A25: E1. | B25: SOCIAL: Desarrollo Social con alta competitividad y proyección | C25: E1.P_A | D25: TOCANCIPA BIEN EDUCADA | E25: 2016-25817-0019 Mejoramiento Perfil ocupacional de la comunidad educativa Tocancipá, Cundinamarca, Centro Oriente | F25: E1.P_A.MR4 | G25: Mejorar el perfil ocupacional de la población | H25: Índice de perfil ocupacional | I25: 0 | J25: 0.04 | K25: 1 | L25: 1 | M25: 1 | N25: E1.P_A.MR4-MP01-1 | O25: Realizar acciones en para la orientación ocupacional y vocacional para los estudiantes de grado 11 de las IED | P25: No. de Acciones realizadas | Q25: 2 | R25: 2 | S25: Mantenimiento | T25: A.1. Educación | U25: 0.5 | V25: 0.5 | W25: 0.5 | X25: 0.5 | Y25: 0.5 | Z25: 1 | AA25: Secretaria de Educación | AB25: 20000000 | AC25: 13926000 | AD25: 13926000 | AE25: 13926000 | AF25: 0.6963 | AG25: 0.6963 | AH25: 0.6963 | AI25: 0 | AJ25: 0 | AK25: NO APLICA | AO25: E3. | AP25: Infraestructura, Planeación, Ambiente y Servicios Públicos | AQ25: E3.P_A | AR25: INFRAESTRUCTURAS INSTITUCIONALES Y COMUNITARIAS | AT25: E1.P_I | AU25: REDUCCIÓN DE LA POBREZA EXTREMA | AV25: E1.P_I.MR1 | AW25: Superar en un 80% la pobreza extrema de las familias identificadas en el Municipio | AY25: E1.P_A.MR3 | AZ25: Mantener las tasas de cobertura bruta por niveles | BA25: E1.P_A.MR3-MP03-1 | BB25: Mantener el acceso a la educación de la población en condiciones de vulnerabilidad que demande el servicio | BD25: E3.P_A | BE25: INFRAESTRUCTURAS INSTITUCIONALES Y COMUNITARIAS | BF25: 12875178237 | BG25: 0 | BH25: 838296900 | BI25: 0 | BJ25: 0 | BK25: 2218193937 | BL25: 15931669074 | BM25: 1.3152719e+10 | BN25: 215131029 | BO25: 2106846389 | BQ25: 0 | BR25: 1.8451812e+09 | BS25: 1.7319877e+10 | BT25: 1.6025493e+10 | BU25: 615.015 | BV25: 33296026 | BW25: 0 | BX25: 0 | BY25: 1.7410881e+09 | BZ25: 1.7799877e+10 | CA25: 1.5865374e+10 | CB25: 635.54052 | CC25: 7429111238 | CD25: 0 | CE25: 0 | CF25: 2.5040289e+09 | CG25: 2.5798515e+10 | CH25: 7.6849938e+10 | CI25: E1.P_G.MR2 - Ampliar los programas dirigidos a la Población LGBTI | CJ25: E1. - SOCIAL: Desarrollo Social con alta competitividad y proyección | CK25: E1.P_G - EMPODERAMIENTO E INCLUSIÓN DE GÉNERO Y POBLACIÓN LGTBI | CL25: Reivindicar los derechos vulnerados de la mujer y garantizar la inclusión de la comunidad LGBTI, en el marco de una sociedad respetuosa de sus derechos | CN25: E1.P_A.MR3-MP03-1 - Mantener el acceso a la educación de la población en condiciones de vulnerabilidad que demande el servicio | CO25: E1. - SOCIAL: Desarrollo Social con alta competitividad y proyección | CP25: E1.P_A - TOCANCIPA BIEN EDUCADA | CQ25: Garantizar calidad, cobertura, eficiencia y pertinencia en la oferta Educativa Municipal | CR25: E1.P_A.MR3 - Mantener las tasas de cobertura bruta por niveles | CT25: E1.P_H.MR1 | CU25: Mantener la cobertura de la Atención a la Población Víctima del Conflicto Armado y Postconflicto. | CW25: E1.P_A.MR3-MP03-1 | CX25: Mantener el acceso a la educación de la población en condiciones de vulnerabilidad que demande el servicio | CZ25: E1.P_G.MR2 | DA25: E1.P_G.MR2 - Ampliar los programas dirigidos a la Población LGBTI | DB25: E1. - SOCIAL: Desarrollo Social con alta competitividad y proyección | DC25: Mejorar las condiciones de calidad de vida de toda la población del territorio y especialmente en los sectores más vulnerables, garantizando el acceso a sus derechos sociales, individuales y colectrivos en Educación, Salud, Cultura, Recreación y Deporte | DD25: Atención a grupos vulnerables - promoción social | DE25: E1.P_G - EMPODERAMIENTO E INCLUSIÓN DE GÉNERO Y POBLACIÓN LGTBI | DF25: Reivindicar los derechos vulnerados de la mujer y garantizar la inclusión de la comunidad LGBTI, en el marco de una sociedad respetuosa de sus derechos | DH25: E1.P_G.MR2 | DI25: Ampliar los programas dirigidos a la Población LGBTI | DJ25: Programas ampliados | DK25: 1 | DL25: 1 | DR25: E1.P_A.MR3-MP04-1 | DS25: Garantizar los servicios de aseo y vigilancia en las I.E.D | DT25: No. de I.E.D con Servicios de aseo y vigilancia de calidad mantenidos | DU25: 3 | DV25: 3 | DW25: 3 | DX25: 3 | DY25: 3 | DZ25: 3
A26: E1. | B26: SOCIAL: Desarrollo Social con alta competitividad y proyección | C26: E1.P_A | D26: TOCANCIPA BIEN EDUCADA | F26: E1.P_A.MR4 | G26: Mejorar el perfil ocupacional de la población | H26: Índice de perfil ocupacional | I26: 0 | J26: 0.04 | N26: E1.P_A.MR4-MP02-1 | O26: Desarrollar Estrategias articuladas con otras dependencias de la administración y/o otras entidades para la prevención de embarazo adolescente en ambientes escolares | P26: No. de estrategias desarrolladas | Q26: 1 | R26: 3 | S26: Incremento | T26: A.1. Educación | U26: 0.75 | V26: 0.75 | W26: 0.75 | X26: 0.75 | Y26: 0.8 | Z26: 1.0666667 | AA26: Secretaria de Educación | AB26: 0 | AC26: 0 | AD26: 0 | AE26: 0 | AF26: NO APLICA | AG26: NO APLICA | AH26: NO APLICA | AI26: 0 | AJ26: 0 | AK26: NO APLICA | AQ26: E3.P_B | AR26: PLAN VIAL, VIAS Y MOVILIDAD | AT26: E1.P_J | AU26: CAPACIDADES DIFERENCIALES | AV26: E1.P_J.MR1 | AW26: Ampliar a 70% la cobertura en la atención de la Población en Condición de Discapacidad y/o Necesidades Educativas Especiales, identificadas en el Censo Municipal de Discapacidad. (LB. 444) | AY26: E1.P_A.MR3 | AZ26: Mantener las tasas de cobertura bruta por niveles | BA26: E1.P_A.MR3-MP04-1 | BB26: Garantizar los servicios de aseo y vigilancia en las I.E.D | BD26: E3.P_B | BE26: PLAN VIAL, VIAS Y MOVILIDAD | BF26: 16420460768 | BG26: 0 | BH26: 7683070518 | BI26: 0 | BJ26: 0 | BK26: 2790824326 | BL26: 26894355612 | BM26: 1.6995177e+10 | BN26: 0 | BO26: 7.951978e+09 | BP26: 0 | BQ26: 0 | BR26: 2.8885032e+09 | BS26: 2.7835658e+10 | BT26: 1.7590008e+10 | BU26: 0 | BV26: 8.2302972e+09 | BW26: 0 | BX26: 0 | BY26: 2.9896008e+09 | BZ26: 2.8809906e+10 | CA26: 1.8205658e+10 | CB26: 0 | CC26: 8.5183576e+09 | CD26: 0 | CE26: 0 | CF26: 3.0942368e+09 | CG26: 2.9818253e+10 | CH26: 1.1335817e+11 | CI26: E1.P_H.MR1 - Mantener la cobertura de la Atención a la Población Víctima del Conflicto Armado y Postconflicto. | CJ26: E1. - SOCIAL: Desarrollo Social con alta competitividad y proyección | CK26: E1.P_H - VICTIMAS DEL CONFLICTO ARMADO Y POSTCONFLICTO | CL26: Brindar asistencia, atención y reparación integral a las Víctimas del Conflicto Armado residentes en el Municipio, buscando la garantía de sus derechos; así mismo, atender las directrices del Nivel Nacional generadas sobre postconflicto | CN26: E1.P_A.MR3-MP04-1 - Garantizar los servicios de aseo y vigilancia en las I.E.D | CO26: E1. - SOCIAL: Desarrollo Social con alta competitividad y proyección | CP26: E1.P_A - TOCANCIPA BIEN EDUCADA | CQ26: Garantizar calidad, cobertura, eficiencia y pertinencia en la oferta Educativa Municipal | CR26: E1.P_A.MR3 - Mantener las tasas de cobertura bruta por niveles | CT26: E1.P_I.MR1 | CU26: Superar en un 80% la pobreza extrema de las familias identificadas en el Municipio | CW26: E1.P_A.MR3-MP04-1 | CX26: Garantizar los servicios de aseo y vigilancia en las I.E.D | CZ26: E1.P_H.MR1 | DA26: E1.P_H.MR1 - Mantener la cobertura de la Atención a la Población Víctima del Conflicto Armado y Postconflicto. | DB26: E1. - SOCIAL: Desarrollo Social con alta competitividad y proyección | DC26: Mejorar las condiciones de calidad de vida de toda la población del territorio y especialmente en los sectores más vulnerables, garantizando el acceso a sus derechos sociales, individuales y colectrivos en Educación, Salud, Cultura, Recreación y Deporte | DD26: Atención a grupos vulnerables - promoción social | DE26: E1.P_H - VICTIMAS DEL CONFLICTO ARMADO Y POSTCONFLICTO | DF26: Brindar asistencia, atención y reparación integral a las Víctimas del Conflicto Armado residentes en el Municipio, buscando la garantía de sus derechos; así mismo, atender las directrices del Nivel Nacional generadas sobre postconflicto | DH26: E1.P_H.MR1 | DI26: Mantener la cobertura de la Atención a la Población Víctima del Conflicto Armado y Postconflicto. | DJ26: Cobertura mantenida | DK26: 952 | DL26: 952 | DR26: E1.P_A.MR3-MP05-1 | DS26: Obtener la concesión de servicios educativos en el municipio con entidades de carácter privado | DT26: No. Concesiones obtenidas | DU26: 0 | DV26: 1 | DW26: 0 | DX26: 0 | DY26: 0.5 | DZ26: 0.5
A27: E1. | B27: SOCIAL: Desarrollo Social con alta competitividad y proyección | C27: E1.P_A | D27: TOCANCIPA BIEN EDUCADA | F27: E1.P_A.MR4 | G27: Mejorar el perfil ocupacional de la población | H27: Índice de perfil ocupacional | I27: 0 | J27: 0.04 | N27: E1.P_A.MR4-MP03-1 | O27: Implementar estrategias articuladas con otras dependencias de la administración y/o otras entidades para la prevención del consumo de SPA en ambientes escolares | P27: No. de estrategias implementadas | Q27: 1 | R27: 3 | S27: Incremento | T27: A.1. Educación | U27: 0.75 | V27: 0.75 | W27: 0.75 | X27: 0.75 | Y27: 0.8 | Z27: 1.0666667 | AA27: Secretaria de Educación | AB27: 0 | AC27: 0 | AD27: 0 | AE27: 0 | AF27: NO APLICA | AG27: NO APLICA | AH27: NO APLICA | AI27: 0 | AJ27: 0 | AK27: NO APLICA | AQ27: E3.P_C | AR27: ALUMBRADO PÚBLICO, ENERGÍA Y ENERGÍAS RENOVABLES, GAS, CONECTIVIDAD Y TELECOMUNICACIONES | AT27: E2.P_A | AU27: EMPLEO DIGNO | AV27: E2.P_A.MR1 | AW27: Reducir el índice de desempleo entre la población economicamente activa residente en el Municipio | AY27: E1.P_A.MR3 | AZ27: Mantener las tasas de cobertura bruta por niveles | BA27: E1.P_A.MR3-MP05-1 | BB27: Obtener la concesión de servicios educativos en el municipio con entidades de carácter privado | BD27: E3.P_C | BE27: ALUMBRADO PÚBLICO, ENERGÍA Y ENERGÍAS RENOVABLES, GAS, CONECTIVIDAD Y TELECOMUNICACIONES | BF27: 176384000 | BG27: 0 | BH27: 1000000000 | BI27: 0 | BJ27: 0 | BK27: 23616000 | BL27: 1200000000 | BM27: 182557440 | BN27: 0 | BO27: 1.035e+09 | BP27: 0 | BQ27: 0 | BR27: 24442560 | BS27: 1242000000 | BT27: 1.8894695e+08 | BU27: 0 | BV27: 1.071225e+09 | BW27: 0 | BX27: 0 | BY27: 25298050 | BZ27: 1.28547e+09 | CA27: 1.9556009e+08 | CB27: 0 | CC27: 1.1087179e+09 | CD27: 0 | CE27: 0 | CF27: 26183481 | CG27: 1.3304614e+09 | CH27: 5.0579314e+09 | CI27: E1.P_I.MR1 - Superar en un 80% la pobreza extrema de las familias identificadas en el Municipio | CJ27: E1. - SOCIAL: Desarrollo Social con alta competitividad y proyección | CK27: E1.P_I - REDUCCIÓN DE LA POBREZA EXTREMA | CL27: Coordinar, articular y focalizar, a través de Programas contra la Pobreza Extrema, la oferta de servicios sociales, que les permita superar su nivel de Pobreza | CN27: E1.P_A.MR3-MP05-1 - Obtener la concesión de servicios educativos en el municipio con entidades de carácter privado | CO27: E1. - SOCIAL: Desarrollo Social con alta competitividad y proyección | CP27: E1.P_A - TOCANCIPA BIEN EDUCADA | CQ27: Garantizar calidad, cobertura, eficiencia y pertinencia en la oferta Educativa Municipal | CR27: E1.P_A.MR3 - Mantener las tasas de cobertura bruta por niveles | CT27: E1.P_J.MR1 | CU27: Ampliar a 70% la cobertura en la atención de la Población en Condición de Discapacidad y/o Necesidades Educativas Especiales, identificadas en el Censo Municipal de Discapacidad. (LB. 444) | CW27: E1.P_A.MR3-MP05-1 | CX27: Obtener la concesión de servicios educativos en el municipio con entidades de carácter privado | CZ27: E1.P_I.MR1 | DA27: E1.P_I.MR1 - Superar en un 80% la pobreza extrema de las familias identificadas en el Municipio | DB27: E1. - SOCIAL: Desarrollo Social con alta competitividad y proyección | DC27: Mejorar las condiciones de calidad de vida de toda la población del territorio y especialmente en los sectores más vulnerables, garantizando el acceso a sus derechos sociales, individuales y colectrivos en Educación, Salud, Cultura, Recreación y Deporte | DD27: Atención a grupos vulnerables - promoción social | DE27: E1.P_I - REDUCCIÓN DE LA POBREZA EXTREMA | DF27: Coordinar, articular y focalizar, a través de Programas contra la Pobreza Extrema, la oferta de servicios sociales, que les permita superar su nivel de Pobreza | DH27: E1.P_I.MR1 | DI27: Superar en un 80% la pobreza extrema de las familias identificadas en el Municipio | DJ27: Pobreza extrema superada (80%) | DK27: 164 | DL27: 131 | DR27: E1.P_A.MR4-MP01-1 | DS27: Realizar acciones en para la orientación ocupacional y vocacional para los estudiantes de grado 11 de las IED | DT27: No. de Acciones realizadas | DU27: 2 | DV27: 2 | DW27: 0.5 | DX27: 0.5 | DY27: 0.5 | DZ27: 0.5
A28: E1. | B28: SOCIAL: Desarrollo Social con alta competitividad y proyección | C28: E1.P_A | D28: TOCANCIPA BIEN EDUCADA | F28: E1.P_A.MR4 | G28: Mejorar el perfil ocupacional de la población | H28: Índice de perfil ocupacional | I28: 0 | J28: 0.04 | N28: E1.P_A.MR4-MP04-1 | O28: Implementar una estrategia de apoyo profesional para fortalecer la convivencia escolar y el entorno familiar | P28: No. de estrategias implementadas | Q28: 0 | R28: 1 | S28: Incremento | T28: A.1. Educación | U28: 0.25 | V28: 0.25 | W28: 0.25 | X28: 0.25 | Y28: 0.3 | Z28: 1.2 | AA28: Secretaria de Educación | AB28: 485300000 | AC28: 315900000 | AD28: 314250000 | AE28: 314250000 | AF28: 0.65093756 | AG28: 0.64753761 | AH28: 0.64753761 | AI28: 0 | AJ28: 0 | AK28: NO APLICA | AQ28: E3.P_D | AR28: ORDENAMIENTO, GESTIÓN DEL TERRITORIO Y PLANEACIÓN DEL DESARROLLO | AT28: E2.P_B | AU28: EMPRENDIMIENTO Y ASOCIATIVIDAD | AV28: E2.P_B.MR1 | AW28: Incrementar la cobertura de usuarios de unidades de emprendimiento y asociatividad fortalecidas | AY28: E1.P_A.MR4 | AZ28: Mejorar el perfil ocupacional de la población | BA28: E1.P_A.MR4-MP01-1 | BB28: Realizar acciones en para la orientación ocupacional y vocacional para los estudiantes de grado 11 de las IED | BD28: E3.P_D | BE28: ORDENAMIENTO, GESTIÓN DEL TERRITORIO Y PLANEACIÓN DEL DESARROLLO | BF28: 145849388 | BG28: 0 | BH28: 0 | BI28: 54150612 | BJ28: 0 | BL28: 200000000 | BM28: 1.5095412e+08 | BN28: 0 | BO28: 293000000 | BP28: 56045883 | BQ28: 0 | BR28: 0 | BS28: 500000000 | BT28: 1.5095412e+08 | BU28: 0 | BV28: 293000000 | BW28: 56045883 | BX28: 0 | BY28: 0 | BZ28: 500000000 | CA28: 145849388 | CB28: 0 | CC28: 0 | CD28: 54150612 | CE28: 0 | CF28: 0 | CG28: 200000000 | CH28: 1400000000 | CI28: E1.P_J.MR1 - Ampliar a 70% la cobertura en la atención de la Población en Condición de Discapacidad y/o Necesidades Educativas Especiales, identificadas en el Censo Municipal de Discapacidad. (LB. 444) | CJ28: E1. - SOCIAL: Desarrollo Social con alta competitividad y proyección | CK28: E1.P_J - CAPACIDADES DIFERENCIALES | CL28: Brindar acceso a servicios sociales a la población con capacidades diferenciales y/o necesidades educativas especiales, que les incluya socialmente y mejorar su calidad de vida. | CN28: E1.P_A.MR4-MP01-1 - Realizar acciones en para la orientación ocupacional y vocacional para los estudiantes de grado 11 de las IED | CO28: E1. - SOCIAL: Desarrollo Social con alta competitividad y proyección | CP28: E1.P_A - TOCANCIPA BIEN EDUCADA | CQ28: Garantizar calidad, cobertura, eficiencia y pertinencia en la oferta Educativa Municipal | CR28: E1.P_A.MR4 - Mejorar el perfil ocupacional de la población | CT28: E2.P_A.MR1 | CU28: Reducir el índice de desempleo entre la población economicamente activa residente en el Municipio | CW28: E1.P_A.MR4-MP01-1 | CX28: Realizar acciones en para la orientación ocupacional y vocacional para los estudiantes de grado 11 de las IED | CZ28: E1.P_J.MR1 | DA28: E1.P_J.MR1 - Ampliar a 70% la cobertura en la atención de la Población en Condición de Discapacidad y/o Necesidades Educativas Especiales, identificadas en el Censo Municipal de Discapacidad. (LB. 444) | DB28: E1. - SOCIAL: Desarrollo Social con alta competitividad y proyección | DC28: Mejorar las condiciones de calidad de vida de toda la población del territorio y especialmente en los sectores más vulnerables, garantizando el acceso a sus derechos sociales, individuales y colectrivos en Educación, Salud, Cultura, Recreación y Deporte | DD28: Atención a grupos vulnerables - promoción social | DE28: E1.P_J - CAPACIDADES DIFERENCIALES | DF28: Brindar acceso a servicios sociales a la población con capacidades diferenciales y/o necesidades educativas especiales, que les incluya socialmente y mejorar su calidad de vida. | DH28: E1.P_J.MR1 | DI28: Ampliar a 70% la cobertura en la atención de la Población en Condición de Discapacidad y/o Necesidades Educativas Especiales, identificadas en el Censo Municipal de Discapacidad. (LB. 444) | DJ28: Cobertura ampliada | DK28: 260 | DL28: 318 | DR28: E1.P_A.MR4-MP02-1 | DS28: Desarrollar Estrategias articuladas con otras dependencias de la administración y/o otras entidades para la prevención de embarazo adolescente en ambientes escolares | DT28: No. de estrategias desarrolladas | DU28: 1 | DV28: 3 | DW28: 0.75 | DX28: 0.75 | DY28: 0.75 | DZ28: 0.75
A29: E1. | B29: SOCIAL: Desarrollo Social con alta competitividad y proyección | C29: E1.P_A | D29: TOCANCIPA BIEN EDUCADA | F29: E1.P_A.MR4 | G29: Mejorar el perfil ocupacional de la población | H29: Índice de perfil ocupacional | I29: 0 | J29: 0.04 | N29: E1.P_A.MR4-MP05-1 | O29: Aumentar la cobertura de formación en programas de Segunda Lengua | P29: No. de Beneficiarios de formación en segunda Lengua | Q29: 120 | R29: 1500 | S29: Incremento | T29: A.1. Educación | U29: 375 | V29: 375 | W29: 375 | X29: 375 | Y29: 1130 | Z29: 3.0133333 | AA29: Secretaria de Educación | AB29: 1283051953 | AC29: 1283051953 | AD29: 1283051953 | AE29: 1030218000 | AF29: 1 | AG29: 1 | AH29: 0.80294332 | AI29: 0 | AJ29: 0 | AK29: NO APLICA | AQ29: E3.P_E | AR29: VIVIENDA | AT29: E2.P_C | AU29: COMPETITIVIDAD Y DESARROLLO | AV29: E2.P_C.MR1 | AW29: Avanzar en la implementación de mecanismos que favorezcan la competitividad local | AY29: E1.P_A.MR4 | AZ29: Mejorar el perfil ocupacional de la población | BA29: E1.P_A.MR4-MP02-1 | BB29: Desarrollar Estrategias articuladas con otras dependencias de la administración y/o otras entidades para la prevención de embarazo adolescente en ambientes escolares | BD29: E3.P_E | BE29: VIVIENDA | BF29: 3999944973 | BG29: 0 | BH29: 0 | BI29: 0 | BJ29: 0 | BK29: 55027 | BL29: 4000000000 | BM29: 4.139943e+09 | BN29: 0 | BO29: 0 | BP29: 0 | BQ29: 0 | BR29: 56952.945 | BS29: 4140000000 | BT29: 4.2848411e+09 | BU29: 0 | BV29: 0 | BW29: 0 | BX29: 0 | BY29: 58946.298 | BZ29: 4.2849e+09 | CA29: 4.4348105e+09 | CB29: 0 | CC29: 0 | CD29: 0 | CE29: 0 | CF29: 61009.419 | CG29: 4.4348715e+09 | CH29: 1.6859771e+10 | CI29: E2.P_A.MR1 - Reducir el índice de desempleo entre la población economicamente activa residente en el Municipio | CJ29: E2. - ECONÓMICO: Desarrollo Económico con alta competitividad y proyección | CK29: E2.P_A - EMPLEO DIGNO | CL29: Consolidar el servicio público de Empleo con enfoque de calidad para la disminución del desempleo del municipio | CN29: E1.P_A.MR4-MP02-1 - Desarrollar Estrategias articuladas con otras dependencias de la administración y/o otras entidades para la prevención de embarazo adolescente en ambientes escolares | CO29: E1. - SOCIAL: Desarrollo Social con alta competitividad y proyección | CP29: E1.P_A - TOCANCIPA BIEN EDUCADA | CQ29: Garantizar calidad, cobertura, eficiencia y pertinencia en la oferta Educativa Municipal | CR29: E1.P_A.MR4 - Mejorar el perfil ocupacional de la población | CT29: E2.P_B.MR1 | CU29: Incrementar la cobertura de usuarios de unidades de emprendimiento y asociatividad fortalecidas | CW29: E1.P_A.MR4-MP02-1 | CX29: Desarrollar Estrategias articuladas con otras dependencias de la administración y/o otras entidades para la prevención de embarazo adolescente en ambientes escolares | CZ29: E2.P_A.MR1 | DA29: E2.P_A.MR1 - Reducir el índice de desempleo entre la población economicamente activa residente en el Municipio | DB29: E2. - ECONÓMICO: Desarrollo Económico con alta competitividad y proyección | DC29: Fortalecer el desarrollo económico del Municipio orientado a la alta competitividad, a través de la disminución de los índices de desempleo, promoviendo la generaciónde emprendimiento y las unidades de negocio, así como el desarrollo del sector turístico y la tecnificación de los procesos del sector agropecuario | DD29: Promoción del desarrollo | DE29: E2.P_A - EMPLEO DIGNO | DF29: Consolidar el servicio público de Empleo con enfoque de calidad para la disminución del desempleo del municipio | DH29: E2.P_A.MR1 | DI29: Reducir el índice de desempleo entre la población economicamente activa residente en el Municipio | DJ29: Índice de desempleo | DK29: 4.75 | DL29: 4.5 | DR29: E1.P_A.MR4-MP03-1 | DS29: Implementar estrategias articuladas con otras dependencias de la administración y/o otras entidades para la prevención del consumo de SPA en ambientes escolares | DT29: No. de estrategias implementadas | DU29: 1 | DV29: 3 | DW29: 0.75 | DX29: 0.75 | DY29: 0.75 | DZ29: 0.75
A30: E1. | B30: SOCIAL: Desarrollo Social con alta competitividad y proyección | C30: E1.P_A | D30: TOCANCIPA BIEN EDUCADA | E30: 2016-25817-0006 Implementación de una estrategia para el acceso y permanencia a la Educación Titulada, Complementaria, Tecnológica Tocancipá, Cundinamarca, Centro Oriente | F30: E1.P_A.MR5 | G30: Desarrollar una estrategia para fomentar el acceso de la población a la educación técnica, tecnológica y profesional | H30: Estrategia desarrollada | I30: 0 | J30: 1 | K30: 1 | L30: 1 | M30: 1 | N30: E1.P_A.MR5-MP01-1 | O30: Realizar un proyecto de acuerdo para la modificación y reestructuración del Fondo Educativo Municipal | P30: N° de proyectos de acuerdo presentado | Q30: 1 | R30: 1 | S30: Mantenimiento | T30: A.1. Educación | U30: 0.25 | V30: 0.25 | W30: 0.25 | X30: 0.25 | Y30: 0.3 | Z30: 1.2 | AA30: Secretaria de Educación | AB30: 1722586200 | AC30: 1681394665 | AD30: 1.7401672e+09 | AE30: 1.7309787e+09 | AF30: 0.97608739 | AG30: 1.0102062 | AH30: 1.0048721 | AI30: 0 | AJ30: 0 | AK30: NO APLICA | AQ30: E3.P_F | AR30: TOCANCIPA SE PREPARA PARA EL CAMBIO CLIMÁTICO | AT30: E2.P_D | AU30: CIENCIA, TECNOLOGIA E INNOVACIÓN | AV30: E2.P_D.MR1 | AW30: Mejorar el estado de implementación de las estrategias para el avance en ciencia tecnología e innovación | AY30: E1.P_A.MR4 | AZ30: Mejorar el perfil ocupacional de la población | BA30: E1.P_A.MR4-MP03-1 | BB30: Implementar estrategias articuladas con otras dependencias de la administración y/o otras entidades para la prevención del consumo de SPA en ambientes escolares | BD30: E3.P_F | BE30: TOCANCIPA SE PREPARA PARA EL CAMBIO CLIMÁTICO | BF30: 0 | BG30: 0 | BH30: 0 | BI30: 0 | BJ30: 0 | BK30: 50000000 | BL30: 50000000 | BN30: 0 | BP30: 0 | BQ30: 0 | BR30: 120000000 | BS30: 120000000 | BU30: 0 | BW30: 0 | BX30: 0 | BY30: 171367000 | BZ30: 171367000 | CB30: 0 | CD30: 0 | CE30: 0 | CF30: 148000000 | CG30: 148000000 | CH30: 489367000 | CI30: E2.P_B.MR1 - Incrementar la cobertura de usuarios de unidades de emprendimiento y asociatividad fortalecidas | CJ30: E2. - ECONÓMICO: Desarrollo Económico con alta competitividad y proyección | CK30: E2.P_B - EMPRENDIMIENTO Y ASOCIATIVIDAD | CL30: Promover programas inclusivos dirigidos a emprendedores competitivos y con visión estratégica | CN30: E1.P_A.MR4-MP03-1 - Implementar estrategias articuladas con otras dependencias de la administración y/o otras entidades para la prevención del consumo de SPA en ambientes escolares | CO30: E1. - SOCIAL: Desarrollo Social con alta competitividad y proyección | CP30: E1.P_A - TOCANCIPA BIEN EDUCADA | CQ30: Garantizar calidad, cobertura, eficiencia y pertinencia en la oferta Educativa Municipal | CR30: E1.P_A.MR4 - Mejorar el perfil ocupacional de la población | CT30: E2.P_C.MR1 | CU30: Avanzar en la implementación de mecanismos que favorezcan la competitividad local | CW30: E1.P_A.MR4-MP03-1 | CX30: Implementar estrategias articuladas con otras dependencias de la administración y/o otras entidades para la prevención del consumo de SPA en ambientes escolares | CZ30: E2.P_B.MR1 | DA30: E2.P_B.MR1 - Incrementar la cobertura de usuarios de unidades de emprendimiento y asociatividad fortalecidas | DB30: E2. - ECONÓMICO: Desarrollo Económico con alta competitividad y proyección | DC30: Fortalecer el desarrollo económico del Municipio orientado a la alta competitividad, a través de la disminución de los índices de desempleo, promoviendo la generaciónde emprendimiento y las unidades de negocio, así como el desarrollo del sector turístico y la tecnificación de los procesos del sector agropecuario | DD30: Promoción del desarrollo | DE30: E2.P_B - EMPRENDIMIENTO Y ASOCIATIVIDAD | DF30: Promover programas inclusivos dirigidos a emprendedores competitivos y con visión estratégica | DH30: E2.P_B.MR1 | DI30: Incrementar la cobertura de usuarios de unidades de emprendimiento y asociatividad fortalecidas | DJ30: No. de unidades de emprendimiento asesoradas y fortalecidas a través de asesorías | DK30: 184 | DL30: 230 | DR30: E1.P_A.MR4-MP04-1 | DS30: Implementar una estrategia de apoyo profesional para fortalecer la convivencia escolar y el entorno familiar | DT30: No. de estrategias implementadas | DU30: 0 | DV30: 1 | DW30: 0.25 | DX30: 0.25 | DY30: 0.25 | DZ30: 0.25
A31: E1. | B31: SOCIAL: Desarrollo Social con alta competitividad y proyección | C31: E1.P_A | D31: TOCANCIPA BIEN EDUCADA | F31: E1.P_A.MR5 | G31: Desarrollar una estrategia para fomentar el acceso de la población a la educación técnica, tecnológica y profesional | H31: Estrategia desarrollada | I31: 0 | J31: 1 | N31: E1.P_A.MR5-MP02-1 | O31: Suscribir convenios para la articulación de la educación media con la educación superior | P31: No. de convenios suscritos para articulación de la educación media con la educación superior | Q31: 1 | R31: 2 | S31: Incremento | T31: A.1. Educación | U31: 0.5 | V31: 0.5 | W31: 0.5 | X31: 0.5 | Y31: 0.5 | Z31: 1 | AA31: Secretaria de Educación | AB31: 0 | AC31: 0 | AD31: 0 | AE31: 0 | AF31: NO APLICA | AG31: NO APLICA | AH31: NO APLICA | AI31: 0 | AJ31: 0 | AK31: NO APLICA | AQ31: E3.P_G | AR31: AGUA | AT31: E2.P_E | AU31: DESARROLLO AGROPECUARIO DE ALTA COMPETITIVIDAD | AV31: E2.P_E.MR1 | AW31: Incrementar la productividad de las unidades productivas agropecuarias | AY31: E1.P_A.MR4 | AZ31: Mejorar el perfil ocupacional de la población | BA31: E1.P_A.MR4-MP04-1 | BB31: Implementar una estrategia de apoyo profesional para fortalecer la convivencia escolar y el entorno familiar | BD31: E3.P_G | BE31: AGUA | BF31: 0 | BG31: 0 | BH31: 0 | BI31: 0 | BJ31: 0 | BK31: 674581000 | BL31: 674581000 | BN31: 0 | BP31: 0 | BQ31: 0 | BR31: 713610000 | BS31: 713610000 | BU31: 0 | BW31: 0 | BX31: 0 | BY31: 749291000 | BZ31: 749291000 | CB31: 0 | CD31: 0 | CE31: 0 | CF31: 754803000 | CG31: 754803000 | CH31: 2892285000 | CI31: E2.P_C.MR1 - Avanzar en la implementación de mecanismos que favorezcan la competitividad local | CJ31: E2. - ECONÓMICO: Desarrollo Económico con alta competitividad y proyección | CK31: E2.P_C - COMPETITIVIDAD Y DESARROLLO | CL31: Generar condiciones para el desarrollo de la competitividad municipal | CN31: E1.P_A.MR4-MP04-1 - Implementar una estrategia de apoyo profesional para fortalecer la convivencia escolar y el entorno familiar | CO31: E1. - SOCIAL: Desarrollo Social con alta competitividad y proyección | CP31: E1.P_A - TOCANCIPA BIEN EDUCADA | CQ31: Garantizar calidad, cobertura, eficiencia y pertinencia en la oferta Educativa Municipal | CR31: E1.P_A.MR4 - Mejorar el perfil ocupacional de la población | CT31: E2.P_D.MR1 | CU31: Mejorar el estado de implementación de las estrategias para el avance en ciencia tecnología e innovación | CW31: E1.P_A.MR4-MP04-1 | CX31: Implementar una estrategia de apoyo profesional para fortalecer la convivencia escolar y el entorno familiar | CZ31: E2.P_C.MR1 | DA31: E2.P_C.MR1 - Avanzar en la implementación de mecanismos que favorezcan la competitividad local | DB31: E2. - ECONÓMICO: Desarrollo Económico con alta competitividad y proyección | DC31: Fortalecer el desarrollo económico del Municipio orientado a la alta competitividad, a través de la disminución de los índices de desempleo, promoviendo la generaciónde emprendimiento y las unidades de negocio, así como el desarrollo del sector turístico y la tecnificación de los procesos del sector agropecuario | DD31: Promoción del desarrollo | DE31: E2.P_C - COMPETITIVIDAD Y DESARROLLO | DF31: Generar condiciones para el desarrollo de la competitividad municipal | DH31: E2.P_C.MR1 | DI31: Avanzar en la implementación de mecanismos que favorezcan la competitividad local | DJ31: % de avance en la implementación de mecanismos para la competitividad | DK31: 0 | DL31: 80 | DR31: E1.P_A.MR4-MP05-1 | DS31: Aumentar la cobertura de formación en programas de Segunda Lengua | DT31: No. de Beneficiarios de formación en segunda Lengua | DU31: 120 | DV31: 1500 | DW31: 375 | DX31: 375 | DY31: 375 | DZ31: 375
A32: E1. | B32: SOCIAL: Desarrollo Social con alta competitividad y proyección | C32: E1.P_A | D32: TOCANCIPA BIEN EDUCADA | F32: E1.P_A.MR5 | G32: Desarrollar una estrategia para fomentar el acceso de la población a la educación técnica, tecnológica y profesional | H32: Estrategia desarrollada | I32: 0 | J32: 1 | N32: E1.P_A.MR5-MP03-1 | O32: Realizar acciones administrativas para promover el acceso a la educación técnica, tecnológica y profesional para egresados del Municipio | P32: No. de acciones administrativas realizadas para el acceso a la educación Técnica, Tecnológica y Pofesional para egresados del Municipio | Q32: 5 | R32: 6 | S32: Incremento | T32: A.1. Educación | U32: 2 | V32: 2 | W32: 1 | X32: 1 | Y32: 2 | Z32: 1 | AA32: Secretaria de Educación | AB32: 35000000 | AC32: 28400000 | AD32: 28400000 | AE32: 28400000 | AF32: 0.81142857 | AG32: 0.81142857 | AH32: 0.81142857 | AI32: 0 | AJ32: 0 | AK32: NO APLICA | AQ32: E3.P_H | AR32: FLORA, FAUNA, SUELO, MINERÍA Y GESTIÓN DE RESIDUOS SÓLIDOS | AT32: E2.P_F | AU32: DESARROLLO TURISTICO DE ALTA COMPETITIVIDAD | AV32: E2.P_F.MR1 | AW32: Avanzar en la implementación del Plan Municipal de Turismo | AY32: E1.P_A.MR4 | AZ32: Mejorar el perfil ocupacional de la población | BA32: E1.P_A.MR4-MP05-1 | BB32: Aumentar la cobertura de formación en programas de Segunda Lengua | BD32: E3.P_H | BE32: FLORA, FAUNA, SUELO, MINERÍA Y GESTIÓN DE RESIDUOS SÓLIDOS | BF32: 50000000 | BG32: 0 | BH32: 1450000000 | BI32: 0 | BJ32: 0 | BK32: 0 | BL32: 1500000000 | BM32: 145000000 | BN32: 0 | BO32: 950500000 | BP32: 0 | BQ32: 0 | BR32: 0 | BS32: 1095500000 | BT32: 115500000 | BU32: 0 | BV32: 1474500000 | BW32: 0 | BX32: 0 | BY32: 0 | BZ32: 1590000000 | CA32: 170000000 | CB32: 0 | CC32: 450000000 | CD32: 0 | CE32: 0 | CF32: 0 | CG32: 620000000 | CH32: 4805500000 | CI32: E2.P_D.MR1 - Mejorar el estado de implementación de las estrategias para el avance en ciencia tecnología e innovación | CJ32: E2. - ECONÓMICO: Desarrollo Económico con alta competitividad y proyección | CK32: E2.P_D - CIENCIA, TECNOLOGIA E INNOVACIÓN | CL32: Desarrollar estrategias en ciencia, tencología e innovación en el municipio | CN32: E1.P_A.MR4-MP05-1 - Aumentar la cobertura de formación en programas de Segunda Lengua | CO32: E1. - SOCIAL: Desarrollo Social con alta competitividad y proyección | CP32: E1.P_A - TOCANCIPA BIEN EDUCADA | CQ32: Garantizar calidad, cobertura, eficiencia y pertinencia en la oferta Educativa Municipal | CR32: E1.P_A.MR4 - Mejorar el perfil ocupacional de la población | CT32: E2.P_E.MR1 | CU32: Incrementar la productividad de las unidades productivas agropecuarias | CW32: E1.P_A.MR4-MP05-1 | CX32: Aumentar la cobertura de formación en programas de Segunda Lengua | CZ32: E2.P_D.MR1 | DA32: E2.P_D.MR1 - Mejorar el estado de implementación de las estrategias para el avance en ciencia tecnología e innovación | DB32: E2. - ECONÓMICO: Desarrollo Económico con alta competitividad y proyección | DC32: Fortalecer el desarrollo económico del Municipio orientado a la alta competitividad, a través de la disminución de los índices de desempleo, promoviendo la generaciónde emprendimiento y las unidades de negocio, así como el desarrollo del sector turístico y la tecnificación de los procesos del sector agropecuario | DD32: Promoción del desarrollo | DE32: E2.P_D - CIENCIA, TECNOLOGIA E INNOVACIÓN | DF32: Desarrollar estrategias en ciencia, tencología e innovación en el municipio | DH32: E2.P_D.MR1 | DI32: Mejorar el estado de implementación de las estrategias para el avance en ciencia tecnología e innovación | DJ32: No. de estrategias implementadas en Ciencia, Tecnología e Innovación | DK32: 0 | DL32: 2 | DR32: E1.P_A.MR5-MP01-1 | DS32: Realizar un proyecto de acuerdo para la modificación y reestructuración del Fondo Educativo Municipal | DT32: N° de proyectos de acuerdo presentado | DU32: 1 | DV32: 1 | DW32: 0.25 | DX32: 0.25 | DY32: 0.25 | DZ32: 0.25
A33: E1. | B33: SOCIAL: Desarrollo Social con alta competitividad y proyección | C33: E1.P_A | D33: TOCANCIPA BIEN EDUCADA | F33: E1.P_A.MR5 | G33: Desarrollar una estrategia para fomentar el acceso de la población a la educación técnica, tecnológica y profesional | H33: Estrategia desarrollada | I33: 0 | J33: 1 | N33: E1.P_A.MR5-MP04-1 | O33: Implementar estrategias con entidades públicas y/o privadas para el acceso a becas de educación superior | P33: No. de estrategias implementadas para la acceder a becas en educación superior | Q33: 0 | R33: 1 | S33: Incremento | T33: A.1. Educación | U33: 0.25 | V33: 0.25 | W33: 0.25 | X33: 0.25 | Y33: 0.3 | Z33: 1.2 | AA33: Secretaria de Educación | AB33: 0 | AC33: 0 | AD33: 0 | AE33: 0 | AF33: NO APLICA | AG33: NO APLICA | AH33: NO APLICA | AI33: 0 | AJ33: 0 | AK33: NO APLICA | AQ33: E3.P_I | AR33: AIRE, RUIDO Y CONTAMINACIÓN VISUAL | AT33: E2.P_F | AU33: DESARROLLO TURISTICO DE ALTA COMPETITIVIDAD | AV33: E2.P_F.MR2 | AW33: Incrementar el número de nuevos visitantes anuales a los sitios de interés turístico | AY33: E1.P_A.MR5 | AZ33: Desarrollar una estrategia para fomentar el acceso de la población a la educación técnica, tecnológica y profesional | BA33: E1.P_A.MR5-MP01-1 | BB33: Realizar un proyecto de acuerdo para la modificación y reestructuración del Fondo Educativo Municipal | BD33: E3.P_I | BE33: AIRE, RUIDO Y CONTAMINACIÓN VISUAL | BF33: 22000000 | BG33: 0 | BH33: 0 | BI33: 0 | BJ33: 0 | BK33: 0 | BL33: 22000000 | BM33: 23000000 | BN33: 0 | BO33: 0 | BP33: 0 | BQ33: 0 | BR33: 0 | BS33: 23000000 | BT33: 44000000 | BU33: 0 | BV33: 0 | BW33: 0 | BX33: 0 | BY33: 0 | BZ33: 44000000 | CA33: 46000000 | CB33: 0 | CC33: 0 | CD33: 0 | CE33: 0 | CF33: 0 | CG33: 46000000 | CH33: 135000000 | CI33: E2.P_E.MR1 - Incrementar la productividad de las unidades productivas agropecuarias | CJ33: E2. - ECONÓMICO: Desarrollo Económico con alta competitividad y proyección | CK33: E2.P_E - DESARROLLO AGROPECUARIO DE ALTA COMPETITIVIDAD | CL33: Fortalecer el sector Agropecuario con enfoque competitivo y emprendedor | CN33: E1.P_A.MR5-MP01-1 - Realizar un proyecto de acuerdo para la modificación y reestructuración del Fondo Educativo Municipal | CO33: E1. - SOCIAL: Desarrollo Social con alta competitividad y proyección | CP33: E1.P_A - TOCANCIPA BIEN EDUCADA | CQ33: Garantizar calidad, cobertura, eficiencia y pertinencia en la oferta Educativa Municipal | CR33: E1.P_A.MR5 - Desarrollar una estrategia para fomentar el acceso de la población a la educación técnica, tecnológica y profesional | CT33: E2.P_F.MR1 | CU33: Avanzar en la implementación del Plan Municipal de Turismo | CW33: E1.P_A.MR5-MP01-1 | CX33: Realizar un proyecto de acuerdo para la modificación y reestructuración del Fondo Educativo Municipal | CZ33: E2.P_E.MR1 | DA33: E2.P_E.MR1 - Incrementar la productividad de las unidades productivas agropecuarias | DB33: E2. - ECONÓMICO: Desarrollo Económico con alta competitividad y proyección | DC33: Fortalecer el desarrollo económico del Municipio orientado a la alta competitividad, a través de la disminución de los índices de desempleo, promoviendo la generaciónde emprendimiento y las unidades de negocio, así como el desarrollo del sector turístico y la tecnificación de los procesos del sector agropecuario | DD33: Agropecuario | DE33: E2.P_E - DESARROLLO AGROPECUARIO DE ALTA COMPETITIVIDAD | DF33: Fortalecer el sector Agropecuario con enfoque competitivo y emprendedor | DH33: E2.P_E.MR1 | DI33: Incrementar la productividad de las unidades productivas agropecuarias | DJ33: Sistemas agropecuarios con productividad mejorada | DK33: 665 | DL33: 1100 | DR33: E1.P_A.MR5-MP02-1 | DS33: Suscribir convenios para la articulación de la educación media con la educación superior | DT33: No. de convenios suscritos para articulación de la educación media con la educación superior | DU33: 1 | DV33: 2 | DW33: 0.5 | DX33: 0.5 | DY33: 0.5 | DZ33: 0.5
A34: E1. | B34: SOCIAL: Desarrollo Social con alta competitividad y proyección | C34: E1.P_B | D34: SALUD CON ATENCIÓN DIGNA, PRIORITARIA Y DE CALIDAD | E34: 2016-25817-0038 Adecuación, terminación, equipamiento y operación del Hospital Municipal Tocancipá, Cundinamarca, Centro Oriente | F34: E1.P_B.MR1 | G34: Terminación, equipamiento y operación del Hospital Municipal | H34: Hospital Terminado, equipado y en operación | I34: 0.2 | J34: 1 | K34: 0 | L34: 0 | M34: 0 | N34: E1.P_B.MR1-MP01-1 | O34: Terminación de la Construcción del Hospital Municipal bajo esquemas de gestión conjunta con el departamento | P34: Porcentaje de construcción del Hospital Municipal | Q34: 0.6 | R34: 1 | S34: Incremento | T34: A.2. Salud | U34: 0 | V34: 0 | W34: 50 | X34: 50 | Y34: 0 | Z34: NO APLICA | AA34: Secretaria de Salud | AB34: 0 | AC34: 0 | AD34: 0 | AE34: 0 | AF34: NO APLICA | AG34: NO APLICA | AH34: NO APLICA | AI34: 0 | AJ34: 0 | AK34: NO APLICA | AQ34: E3.P_J | AR34: SIGAM, PRAES, PIGA Y PROCEDAS | AT34: E3.P_A | AU34: INFRAESTRUCTURAS INSTITUCIONALES Y COMUNITARIAS | AV34: E3.P_A.MR1 | AW34: Desarrollar infraestructuras públicas para mejorar las condiciones de vida de los Tocancipeños | AY34: E1.P_A.MR5 | AZ34: Desarrollar una estrategia para fomentar el acceso de la población a la educación técnica, tecnológica y profesional | BA34: E1.P_A.MR5-MP02-1 | BB34: Suscribir convenios para la articulación de la educación media con la educación superior | BD34: E3.P_J | BE34: SIGAM, PRAES, PIGA Y PROCEDAS | BF34: 103000000 | BG34: 0 | BH34: 0 | BI34: 0 | BJ34: 0 | BK34: 0 | BL34: 103000000 | BM34: 79000000 | BN34: 0 | BO34: 0 | BP34: 0 | BQ34: 0 | BR34: 0 | BS34: 79000000 | BT34: 76500000 | BU34: 0 | BV34: 0 | BW34: 0 | BX34: 0 | BY34: 0 | BZ34: 76500000 | CA34: 105000000 | CB34: 0 | CC34: 0 | CD34: 0 | CE34: 0 | CF34: 0 | CG34: 105000000 | CH34: 363500000 | CI34: E2.P_F.MR1 - Avanzar en la implementación del Plan Municipal de Turismo | CJ34: E2. - ECONÓMICO: Desarrollo Económico con alta competitividad y proyección | CK34: E2.P_F - DESARROLLO TURISTICO DE ALTA COMPETITIVIDAD | CL34: Incrementar la promoción y fortalecimiento del turismo para el posicionamiento del Municipio a nivel regional y Nacional | CN34: E1.P_A.MR5-MP02-1 - Suscribir convenios para la articulación de la educación media con la educación superior | CO34: E1. - SOCIAL: Desarrollo Social con alta competitividad y proyección | CP34: E1.P_A - TOCANCIPA BIEN EDUCADA | CQ34: Garantizar calidad, cobertura, eficiencia y pertinencia en la oferta Educativa Municipal | CR34: E1.P_A.MR5 - Desarrollar una estrategia para fomentar el acceso de la población a la educación técnica, tecnológica y profesional | CT34: E2.P_F.MR2 | CU34: Incrementar el número de nuevos visitantes anuales a los sitios de interés turístico | CW34: E1.P_A.MR5-MP02-1 | CX34: Suscribir convenios para la articulación de la educación media con la educación superior | CZ34: E2.P_F.MR1 | DA34: E2.P_F.MR1 - Avanzar en la implementación del Plan Municipal de Turismo | DB34: E2. - ECONÓMICO: Desarrollo Económico con alta competitividad y proyección | DC34: Fortalecer el desarrollo económico del Municipio orientado a la alta competitividad, a través de la disminución de los índices de desempleo, promoviendo la generaciónde emprendimiento y las unidades de negocio, así como el desarrollo del sector turístico y la tecnificación de los procesos del sector agropecuario | DD34: Promoción del desarrollo | DE34: E2.P_F - DESARROLLO TURISTICO DE ALTA COMPETITIVIDAD | DF34: Incrementar la promoción y fortalecimiento del turismo para el posicionamiento del Municipio a nivel regional y Nacional | DH34: E2.P_F.MR1 | DI34: Avanzar en la implementación del Plan Municipal de Turismo | DJ34: % de avance logrado | DK34: 25 | DL34: 90 | DR34: E1.P_A.MR5-MP03-1 | DS34: Realizar acciones administrativas para promover el acceso a la educación técnica, tecnológica y profesional para egresados del Municipio | DT34: No. de acciones administrativas realizadas para el acceso a la educación Técnica, Tecnológica y Pofesional para egresados del Municipio | DU34: 5 | DV34: 6 | DW34: 2 | DX34: 2 | DY34: 1 | DZ34: 1
A35: E1. | B35: SOCIAL: Desarrollo Social con alta competitividad y proyección | C35: E1.P_B | D35: SALUD CON ATENCIÓN DIGNA, PRIORITARIA Y DE CALIDAD | F35: E1.P_B.MR1 | G35: Terminación, equipamiento y operación del Hospital Municipal | H35: Hospital Terminado, equipado y en operación | I35: 0.2 | J35: 1 | N35: E1.P_B.MR1-MP02-1 | O35: Dotación del Hospital Municipal de Tocancipá. | P35: Dotación del Hospital Municipal Nuestra Señora de Tránsito | Q35: 0 | R35: 1 | S35: Incremento | T35: A.2. Salud | U35: 0 | V35: 0 | W35: 0.5 | X35: 0.5 | Y35: 0 | Z35: NO APLICA | AA35: Secretaria de Salud | AB35: 0 | AC35: 0 | AD35: 0 | AE35: 0 | AF35: NO APLICA | AG35: NO APLICA | AH35: NO APLICA | AI35: 0 | AJ35: 0 | AK35: NO APLICA | AQ35: E3.P_K | AR35: SENTENCIA DEL RÍO BOGOTÁ | AT35: E3.P_B | AU35: PLAN VIAL, VIAS Y MOVILIDAD | AV35: E3.P_B.MR1 | AW35: Mejorar las condiciones de movilidad del municipio a través de una inversión per cápita en el sector | AY35: E1.P_A.MR5 | AZ35: Desarrollar una estrategia para fomentar el acceso de la población a la educación técnica, tecnológica y profesional | BA35: E1.P_A.MR5-MP03-1 | BB35: Realizar acciones administrativas para promover el acceso a la educación técnica, tecnológica y profesional para egresados del Municipio | BD35: E3.P_K | BE35: SENTENCIA DEL RÍO BOGOTÁ | BF35: 706463231 | BG35: 0 | BH35: 0 | BI35: 0 | BJ35: 0 | BK35: 493536769 | BL35: 1200000000 | BM35: 7.3118944e+08 | BN35: 0 | BO35: 0 | BP35: 0 | BQ35: 0 | BR35: 5.1081056e+08 | BS35: 1242000000 | BT35: 7.5678107e+08 | BU35: 0 | BV35: 0 | BW35: 0 | BX35: 0 | BY35: 5.2868893e+08 | BZ35: 1.28547e+09 | CA35: 7.8326841e+08 | CB35: 0 | CC35: 0 | CD35: 0 | CE35: 0 | CF35: 5.4719304e+08 | CG35: 1.3304614e+09 | CH35: 5.0579314e+09 | CI35: E2.P_F.MR2 - Incrementar el número de nuevos visitantes anuales a los sitios de interés turístico | CJ35: E2. - ECONÓMICO: Desarrollo Económico con alta competitividad y proyección | CK35: E2.P_F - DESARROLLO TURISTICO DE ALTA COMPETITIVIDAD | CL35: Incrementar la promoción y fortalecimiento del turismo para el posicionamiento del Municipio a nivel regional y Nacional | CN35: E1.P_A.MR5-MP03-1 - Realizar acciones administrativas para promover el acceso a la educación técnica, tecnológica y profesional para egresados del Municipio | CO35: E1. - SOCIAL: Desarrollo Social con alta competitividad y proyección | CP35: E1.P_A - TOCANCIPA BIEN EDUCADA | CQ35: Garantizar calidad, cobertura, eficiencia y pertinencia en la oferta Educativa Municipal | CR35: E1.P_A.MR5 - Desarrollar una estrategia para fomentar el acceso de la población a la educación técnica, tecnológica y profesional | CT35: E3.P_A.MR1 | CU35: Desarrollar infraestructuras públicas para mejorar las condiciones de vida de los Tocancipeños | CW35: E1.P_A.MR5-MP03-1 | CX35: Realizar acciones administrativas para promover el acceso a la educación técnica, tecnológica y profesional para egresados del Municipio | CZ35: E2.P_F.MR2 | DA35: E2.P_F.MR2 - Incrementar el número de nuevos visitantes anuales a los sitios de interés turístico | DB35: E2. - ECONÓMICO: Desarrollo Económico con alta competitividad y proyección | DC35: Fortalecer el desarrollo económico del Municipio orientado a la alta competitividad, a través de la disminución de los índices de desempleo, promoviendo la generaciónde emprendimiento y las unidades de negocio, así como el desarrollo del sector turístico y la tecnificación de los procesos del sector agropecuario | DD35: Promoción del desarrollo | DE35: E2.P_F - DESARROLLO TURISTICO DE ALTA COMPETITIVIDAD | DF35: Incrementar la promoción y fortalecimiento del turismo para el posicionamiento del Municipio a nivel regional y Nacional | DH35: E2.P_F.MR2 | DI35: Incrementar el número de nuevos visitantes anuales a los sitios de interés turístico | DJ35: No. de visitantes anuales a los sitios de interés turístico | DK35: 18152 | DL35: 40000 | DR35: E1.P_A.MR5-MP04-1 | DS35: Implementar estrategias con entidades públicas y/o privadas para el acceso a becas de educación superior | DT35: No. de estrategias implementadas para la acceder a becas en educación superior | DU35: 0 | DV35: 1 | DW35: 0.25 | DX35: 0.25 | DY35: 0.25 | DZ35: 0.25
A36: E1. | B36: SOCIAL: Desarrollo Social con alta competitividad y proyección | C36: E1.P_B | D36: SALUD CON ATENCIÓN DIGNA, PRIORITARIA Y DE CALIDAD | F36: E1.P_B.MR1 | G36: Terminación, equipamiento y operación del Hospital Municipal | H36: Hospital Terminado, equipado y en operación | I36: 0.2 | J36: 1 | N36: E1.P_B.MR1-MP03-1 | O36: Incluir dentro de la red de Cundinamarca al Hospital Municipal | P36: N° de gestiones realizadas para incluir dentro de la red de Cundinamarca el Hospital del Municipio de Tocancipá | Q36: 0 | R36: 1 | S36: Incremento | T36: A.2. Salud | U36: 0.25 | V36: 0.25 | W36: 0.25 | X36: 0.25 | Y36: 0.3 | Z36: 1.2 | AA36: Secretaria de Salud | AB36: 0 | AC36: 0 | AD36: 0 | AE36: 0 | AF36: NO APLICA | AG36: NO APLICA | AH36: NO APLICA | AI36: 0 | AJ36: 0 | AK36: NO APLICA | AQ36: E3.P_L | AR36: ACUEDUCTO, ALCANTARILLADO Y ASEO | AT36: E3.P_C | AU36: ALUMBRADO PÚBLICO, ENERGÍA Y ENERGÍAS RENOVABLES, GAS, CONECTIVIDAD Y TELECOMUNICACIONES | AV36: E3.P_C.MR1 | AW36: Mantener los puntos lumínicos de alumbrado público municipal | AY36: E1.P_A.MR5 | AZ36: Desarrollar una estrategia para fomentar el acceso de la población a la educación técnica, tecnológica y profesional | BA36: E1.P_A.MR5-MP04-1 | BB36: Implementar estrategias con entidades públicas y/o privadas para el acceso a becas de educación superior | BD36: E3.P_L | BE36: ACUEDUCTO, ALCANTARILLADO Y ASEO | BF36: 0 | BG36: 980802926 | BH36: 510000000 | BI36: 0 | BJ36: 0 | BK36: 4347947000 | BL36: 5838749926 | BM36: 0 | BN36: 800000000 | BO36: 395529000 | BP36: 0 | BQ36: 0 | BR36: 4855322000 | BS36: 6050851000 | BT36: 0 | BU36: 1050660000 | BV36: 199710000 | BW36: 0 | BX36: 0 | BY36: 5124277000 | BZ36: 6374647000 | CA36: 624555000 | CB36: 1087433100 | CC36: 0 | CD36: 0 | CE36: 0 | CF36: 4639918000 | CG36: 6351906100 | CH36: 24616154026 | CI36: E3.P_A.MR1 - Desarrollar infraestructuras públicas para mejorar las condiciones de vida de los Tocancipeños | CJ36: E3. - Infraestructura, Planeación, Ambiente y Servicios Públicos | CK36: E3.P_A - INFRAESTRUCTURAS INSTITUCIONALES Y COMUNITARIAS | CL36: Desarrollar infraestructuras públicas para mejorar las condiciones de vida de los Tocancipeños | CN36: E1.P_A.MR5-MP04-1 - Implementar estrategias con entidades públicas y/o privadas para el acceso a becas de educación superior | CO36: E1. - SOCIAL: Desarrollo Social con alta competitividad y proyección | CP36: E1.P_A - TOCANCIPA BIEN EDUCADA | CQ36: Garantizar calidad, cobertura, eficiencia y pertinencia en la oferta Educativa Municipal | CR36: E1.P_A.MR5 - Desarrollar una estrategia para fomentar el acceso de la población a la educación técnica, tecnológica y profesional | CT36: E3.P_B.MR1 | CU36: Mejorar las condiciones de movilidad del municipio a través de una inversión per cápita en el sector | CW36: E1.P_A.MR5-MP04-1 | CX36: Implementar estrategias con entidades públicas y/o privadas para el acceso a becas de educación superior | CZ36: E3.P_A.MR1 | DA36: E3.P_A.MR1 - Desarrollar infraestructuras públicas para mejorar las condiciones de vida de los Tocancipeños | DB36: E3. - Infraestructura, Planeación, Ambiente y Servicios Públicos | DC36: Desarrollar infraestructuras sostenibles y de calidad, que interactúen de manera armónica con el medio ambiente y el cambio climático basado en el desarrollo económico y el bienestar social, promoviendo el acceso equitativo de servicios básicos esenciales para todos los grupos de población | DD36: Equipamiento | DE36: E3.P_A - INFRAESTRUCTURAS INSTITUCIONALES Y COMUNITARIAS | DF36: Desarrollar infraestructuras públicas para mejorar las condiciones de vida de los Tocancipeños | DH36: E3.P_A.MR1 | DI36: Desarrollar infraestructuras públicas para mejorar las condiciones de vida de los Tocancipeños | DJ36: Infraestructuras desarrolladas | DK36: 87 | DL36: 114 | DR36: E1.P_B.MR1-MP01-1 | DS36: Terminación de la Construcción del Hospital Municipal bajo esquemas de gestión conjunta con el departamento | DT36: Porcentaje de construcción del Hospital Municipal (%) | DU36: 60 | DV36: 100 | DW36: 0 | DX36: 0 | DY36: 50 | DZ36: 50
A37: E1. | B37: SOCIAL: Desarrollo Social con alta competitividad y proyección | C37: E1.P_B | D37: SALUD CON ATENCIÓN DIGNA, PRIORITARIA Y DE CALIDAD | F37: E1.P_B.MR1 | G37: Terminación, equipamiento y operación del Hospital Municipal | H37: Hospital Terminado, equipado y en operación | I37: 0.2 | J37: 1 | N37: E1.P_B.MR1-MP04-1 | O37: Puesta en funcionamiento del Hospital Municipal Nuestra Señora de Tránsito | P37: Hospital operativo y en funcionamiento | Q37: 0 | R37: 1 | S37: Incremento | T37: A.2. Salud | U37: 0 | V37: 0 | W37: 0.5 | X37: 0.5 | Y37: 0 | Z37: NO APLICA | AA37: Secretaria de Salud | AB37: 0 | AC37: 0 | AD37: 0 | AE37: 0 | AF37: NO APLICA | AG37: NO APLICA | AH37: NO APLICA | AI37: 0 | AJ37: 0 | AK37: NO APLICA | AO37: E4. | AP37: Seguridad y Justicia, La Integración Comunitaria y la Administración Pública son con la Gente y por la Gente | AQ37: E4.P_A | AR37: SEGURIDAD Y JUSTICIA | AT37: E3.P_C | AU37: ALUMBRADO PÚBLICO, ENERGÍA Y ENERGÍAS RENOVABLES, GAS, CONECTIVIDAD Y TELECOMUNICACIONES | AV37: E3.P_C.MR2 | AW37: Articular con las empresas prestadoras de servicios la ampliación de la cobertura de redes de (energía, gas, telefonía, concectividad, telecomunicaciones, etc) | AY37: E1.P_B.MR1 | AZ37: Terminación, equipamiento y operación del Hospital Municipal | BA37: E1.P_B.MR1-MP01-1 | BB37: Terminación de la Construcción del Hospital Municipal bajo esquemas de gestión conjunta con el departamento | BD37: E4.P_A | BE37: SEGURIDAD Y JUSTICIA | BF37: 592661060 | BG37: 0 | BH37: 200000000 | BI37: 0 | BJ37: 0 | BK37: 3607338940 | BL37: 4400000000 | BM37: 6.134042e+08 | BN37: 0 | BO37: 2.07e+08 | BP37: 0 | BQ37: 0 | BR37: 3.7335958e+09 | BS37: 4554000000 | BT37: 6.3487334e+08 | BU37: 0 | BV37: 2.14245e+08 | BW37: 0 | BX37: 0 | BY37: 3.8642717e+09 | BZ37: 4713390000 | CA37: 6.5709391e+08 | CB37: 0 | CC37: 2.2174357e+08 | CD37: 0 | CE37: 0 | CF37: 3.9995212e+09 | CG37: 4.8783586e+09 | CH37: 18545748650 | CI37: E3.P_B.MR1 - Mejorar las condiciones de movilidad del municipio a través de una inversión per cápita en el sector | CJ37: E3. - Infraestructura, Planeación, Ambiente y Servicios Públicos | CK37: E3.P_B - PLAN VIAL, VIAS Y MOVILIDAD | CL37: Mejorar las condiciones de movilidad del municipio | CN37: E1.P_B.MR1-MP01-1 - Terminación de la Construcción del Hospital Municipal bajo esquemas de gestión conjunta con el departamento | CO37: E1. - SOCIAL: Desarrollo Social con alta competitividad y proyección | CP37: E1.P_B - SALUD CON ATENCIÓN DIGNA, PRIORITARIA Y DE CALIDAD | CQ37: Desarrollar acciones para fortalecer las condiciones del sistema de salud, que Garantice una atención digna, prioritaria y de calidad para todos | CR37: E1.P_B.MR1 - Terminación, equipamiento y operación del Hospital Municipal | CT37: E3.P_C.MR1 | CU37: Mantener los puntos lumínicos de alumbrado público municipal | CW37: E1.P_B.MR1-MP01-1 | CX37: Terminación de la Construcción del Hospital Municipal bajo esquemas de gestión conjunta con el departamento | CZ37: E3.P_B.MR1 | DA37: E3.P_B.MR1 - Mejorar las condiciones de movilidad del municipio a través de una inversión per cápita en el sector | DB37: E3. - Infraestructura, Planeación, Ambiente y Servicios Públicos | DC37: Desarrollar infraestructuras sostenibles y de calidad, que interactúen de manera armónica con el medio ambiente y el cambio climático basado en el desarrollo económico y el bienestar social, promoviendo el acceso equitativo de servicios básicos esenciales para todos los grupos de población | DD37: Transporte | DE37: E3.P_B - PLAN VIAL, VIAS Y MOVILIDAD | DF37: Mejorar las condiciones de movilidad del municipio | DH37: E3.P_B.MR1 | DI37: Mejorar las condiciones de movilidad del municipio a través de una inversión per cápita en el sector | DJ37: Inversión per cápita Anual en el sector (SMMLV) | DK37: 0,21 smmlv per cápita | DL37: 0,5 smmlv per cápita | DR37: E1.P_B.MR1-MP02-1 | DS37: Dotación del Hospital Municipal de Tocancipá. | DT37: Dotación del Hospital Municipal Nuestra Señora de Tránsito | DU37: 0 | DV37: 1 | DW37: 0 | DX37: 0 | DY37: 0.5 | DZ37: 0.5
A38: E1. | B38: SOCIAL: Desarrollo Social con alta competitividad y proyección | C38: E1.P_B | D38: SALUD CON ATENCIÓN DIGNA, PRIORITARIA Y DE CALIDAD | E38: 2016-25817-0041 Fortalecimiento del programa de Aseguramiento y prestación de servicios de salud del Municipio de Tocancipá, Cundinamarca, Centro Oriente | F38: E1.P_B.MR2 | G38: Mantener el programa de aseguramiento SGSSS y fortalecer la prestación de servicios de salud | H38: Programa de aseguramiento mantenido | I38: 5295 | J38: 5295 | K38: 5295 | L38: 3843 | M38: 0.72577904 | N38: E1.P_B.MR2-MP01-1 | O38: Garantizar el aseguramiento, a la población Tocancipeña en condición de vulnerabilidad, al Sistema General de Seguridad Social en Salud SGSS | P38: No. de afiliados reconocidos en liquidación mensual de afiliados (LMA) | Q38: 5295 | R38: 5295 | S38: Mantenimiento | T38: A.2. Salud | U38: 5295 | V38: 5295 | W38: 5295 | X38: 5295 | Y38: 3843 | Z38: 0.72577904 | AA38: Secretaria de Salud | AB38: 3036255977 | AC38: 3036255977 | AD38: 3036255977 | AE38: 3036255977 | AF38: 1 | AG38: 1 | AH38: 1 | AI38: 1250982978 | AJ38: 1250982978 | AK38: 1 | AQ38: E4.P_B | AR38: TOCANCIPA GESTIONA SUS RIESGOS | AT38: E3.P_D | AU38: ORDENAMIENTO, GESTIÓN DEL TERRITORIO Y PLANEACIÓN DEL DESARROLLO | AV38: E3.P_D.MR1 | AW38: Implementar acciones para mejorar las condiciones del ordenamiento territorial del municipio | AY38: E1.P_B.MR1 | AZ38: Terminación, equipamiento y operación del Hospital Municipal | BA38: E1.P_B.MR1-MP02-1 | BB38: Dotación del Hospital Municipal de Tocancipá. | BD38: E4.P_B | BE38: TOCANCIPA GESTIONA SUS RIESGOS | BF38: 0 | BG38: 0 | BH38: 0 | BI38: 0 | BJ38: 0 | BK38: 300000000 | BL38: 300000000 | BM38: 0 | BN38: 0 | BO38: 0 | BP38: 0 | BQ38: 0 | BR38: 310500000 | BS38: 310500000 | BT38: 0 | BU38: 0 | BV38: 0 | BW38: 0 | BX38: 0 | BY38: 321367500 | BZ38: 321367500 | CA38: 0 | CB38: 0 | CC38: 0 | CD38: 0 | CE38: 0 | CF38: 3.3261536e+08 | CG38: 3.3261536e+08 | CH38: 1.2644829e+09 | CI38: E3.P_C.MR1 - Mantener los puntos lumínicos de alumbrado público municipal | CJ38: E3. - Infraestructura, Planeación, Ambiente y Servicios Públicos | CK38: E3.P_C - ALUMBRADO PÚBLICO, ENERGÍA Y ENERGÍAS RENOVABLES, GAS, CONECTIVIDAD Y TELECOMUNICACIONES | CL38: Garantizar el acceso a servicios públicos diferentes a saneamiento básico en adecuadas condiciones de cobertura y calidad | CN38: E1.P_B.MR1-MP02-1 - Dotación del Hospital Municipal de Tocancipá. | CO38: E1. - SOCIAL: Desarrollo Social con alta competitividad y proyección | CP38: E1.P_B - SALUD CON ATENCIÓN DIGNA, PRIORITARIA Y DE CALIDAD | CQ38: Desarrollar acciones para fortalecer las condiciones del sistema de salud, que Garantice una atención digna, prioritaria y de calidad para todos | CR38: E1.P_B.MR1 - Terminación, equipamiento y operación del Hospital Municipal | CT38: E3.P_C.MR2 | CU38: Articular con las empresas prestadoras de servicios la ampliación de la cobertura de redes de (energía, gas, telefonía, concectividad, telecomunicaciones, etc) | CW38: E1.P_B.MR1-MP02-1 | CX38: Dotación del Hospital Municipal de Tocancipá. | CZ38: E3.P_C.MR1 | DA38: E3.P_C.MR1 - Mantener los puntos lumínicos de alumbrado público municipal | DB38: E3. - Infraestructura, Planeación, Ambiente y Servicios Públicos | DC38: Desarrollar infraestructuras sostenibles y de calidad, que interactúen de manera armónica con el medio ambiente y el cambio climático basado en el desarrollo económico y el bienestar social, promoviendo el acceso equitativo de servicios básicos esenciales para todos los grupos de población | DD38: Servicios Públicos | DE38: E3.P_C - ALUMBRADO PÚBLICO, ENERGÍA Y ENERGÍAS RENOVABLES, GAS, CONECTIVIDAD Y TELECOMUNICACIONES | DF38: Garantizar el acceso a servicios públicos diferentes a saneamiento básico en adecuadas condiciones de cobertura y calidad | DH38: E3.P_C.MR1 | DI38: Mantener los puntos lumínicos de alumbrado público municipal | DJ38: % puntos lumínicos de alumbrado público municipal en funcionamiento | DK38: 99 | DL38: 99 | DR38: E1.P_B.MR1-MP03-1 | DS38: Incluir dentro de la red de Cundinamarca al Hospital Municipal | DT38: N° de gestiones realizadas para incluir dentro de la red de Cundinamarca el Hospital del Municipio de Tocancipá | DU38: 0 | DV38: 1 | DW38: 0.25 | DX38: 0.25 | DY38: 0.25 | DZ38: 0.25
A39: E1. | B39: SOCIAL: Desarrollo Social con alta competitividad y proyección | C39: E1.P_B | D39: SALUD CON ATENCIÓN DIGNA, PRIORITARIA Y DE CALIDAD | F39: E1.P_B.MR2 | G39: Mantener el programa de aseguramiento SGSSS y fortalecer la prestación de servicios de salud | H39: Programa de aseguramiento mantenido | I39: 5295 | J39: 5295 | N39: E1.P_B.MR2-MP02-1 | O39: Mantener el programa de seguimiento y auditoria al aseguramiento y a la prestación de servicios de salud | P39: Programas mantenidos | Q39: 1 | R39: 1 | S39: Mantenimiento | T39: A.2. Salud | U39: 1 | V39: 1 | W39: 1 | X39: 1 | Y39: 1 | Z39: 1 | AA39: Secretaria de Salud | AB39: 45000000 | AC39: 43200000 | AD39: 43200000 | AE39: 43200000 | AF39: 0.96 | AG39: 0.96 | AH39: 0.96 | AI39: 0 | AJ39: 0 | AK39: NO APLICA | AQ39: E4.P_C | AR39: DESARROLLO COMUNITARIO | AT39: E3.P_D | AU39: ORDENAMIENTO, GESTIÓN DEL TERRITORIO Y PLANEACIÓN DEL DESARROLLO | AV39: E3.P_D.MR2 | AW39: Fortalecer las capacidades institucionales del Municipio para mejorar la planeación del desarrollo municipal | AY39: E1.P_B.MR1 | AZ39: Terminación, equipamiento y operación del Hospital Municipal | BA39: E1.P_B.MR1-MP03-1 | BB39: Incluir dentro de la red de Cundinamarca al Hospital Municipal | BD39: E4.P_C | BE39: DESARROLLO COMUNITARIO | BF39: 26000000 | BG39: 0 | BH39: 100000000 | BI39: 0 | BJ39: 0 | BK39: 0 | BL39: 126000000 | BM39: 26910000 | BN39: 0 | BO39: 1.035e+08 | BP39: 0 | BQ39: 0 | BR39: 0 | BS39: 1.3041e+08 | BT39: 27851850 | BU39: 0 | BV39: 1.071225e+08 | BW39: 0 | BX39: 0 | BY39: 0 | BZ39: 1.3497435e+08 | CA39: 28826665 | CB39: 0 | CC39: 1.1087179e+08 | CD39: 0 | CE39: 0 | CF39: 0 | CG39: 1.3969845e+08 | CH39: 5.310828e+08 | CI39: E3.P_C.MR2 - Articular con las empresas prestadoras de servicios la ampliación de la cobertura de redes de (energía, gas, telefonía, concectividad, telecomunicaciones, etc) | CJ39: E3. - Infraestructura, Planeación, Ambiente y Servicios Públicos | CK39: E3.P_C - ALUMBRADO PÚBLICO, ENERGÍA Y ENERGÍAS RENOVABLES, GAS, CONECTIVIDAD Y TELECOMUNICACIONES | CL39: Garantizar el acceso a servicios públicos diferentes a saneamiento básico en adecuadas condiciones de cobertura y calidad | CN39: E1.P_B.MR1-MP03-1 - Incluir dentro de la red de Cundinamarca al Hospital Municipal | CO39: E1. - SOCIAL: Desarrollo Social con alta competitividad y proyección | CP39: E1.P_B - SALUD CON ATENCIÓN DIGNA, PRIORITARIA Y DE CALIDAD | CQ39: Desarrollar acciones para fortalecer las condiciones del sistema de salud, que Garantice una atención digna, prioritaria y de calidad para todos | CR39: E1.P_B.MR1 - Terminación, equipamiento y operación del Hospital Municipal | CT39: E3.P_D.MR1 | CU39: Implementar acciones para mejorar las condiciones del ordenamiento territorial del municipio | CW39: E1.P_B.MR1-MP03-1 | CX39: Incluir dentro de la red de Cundinamarca al Hospital Municipal | CZ39: E3.P_C.MR2 | DA39: E3.P_C.MR2 - Articular con las empresas prestadoras de servicios la ampliación de la cobertura de redes de (energía, gas, telefonía, concectividad, telecomunicaciones, etc) | DB39: E3. - Infraestructura, Planeación, Ambiente y Servicios Públicos | DC39: Desarrollar infraestructuras sostenibles y de calidad, que interactúen de manera armónica con el medio ambiente y el cambio climático basado en el desarrollo económico y el bienestar social, promoviendo el acceso equitativo de servicios básicos esenciales para todos los grupos de población | DD39: Servicios Públicos | DE39: E3.P_C - ALUMBRADO PÚBLICO, ENERGÍA Y ENERGÍAS RENOVABLES, GAS, CONECTIVIDAD Y TELECOMUNICACIONES | DF39: Garantizar el acceso a servicios públicos diferentes a saneamiento básico en adecuadas condiciones de cobertura y calidad | DH39: E3.P_C.MR2 | DI39: Articular con las empresas prestadoras de servicios la ampliación de la cobertura de redes de (energía, gas, telefonía, concectividad, telecomunicaciones, etc) | DJ39: % | DK39: 2 | DL39: 5 | DR39: E1.P_B.MR1-MP04-1 | DS39: Puesta en funcionamiento del Hospital Municipal Nuestra Señora de Tránsito | DT39: Hospital operativo y en funcionamiento | DU39: 0 | DV39: 1 | DW39: 0 | DX39: 0 | DY39: 0.5 | DZ39: 0.5
A40: E1. | B40: SOCIAL: Desarrollo Social con alta competitividad y proyección | C40: E1.P_B | D40: SALUD CON ATENCIÓN DIGNA, PRIORITARIA Y DE CALIDAD | F40: E1.P_B.MR2 | G40: Mantener el programa de aseguramiento SGSSS y fortalecer la prestación de servicios de salud | H40: Programa de aseguramiento mantenido | I40: 5295 | J40: 5295 | N40: E1.P_B.MR2-MP03-1 | O40: Articular la implementación conjunta del modelo de gestión del riesgo en salud (16 grupos de riesgo), que involucre la participación de las IPS, EPS y ARL presentes en el municipio, con enfoque familiar y comunitario | P40: N° Modelo de gestión del riego implementado/modelo proyectado | Q40: 0 | R40: 1 | S40: Incremento | T40: A.2. Salud | U40: 0.25 | V40: 0.25 | W40: 0.25 | X40: 0.25 | Y40: 0.3 | Z40: 1.2 | AA40: Secretaria de Salud | AB40: 495842483 | AC40: 40000000 | AD40: 40000000 | AE40: 40000000 | AF40: 0.08067078 | AG40: 0.08067078 | AH40: 0.08067078 | AI40: 0 | AJ40: 0 | AK40: NO APLICA | AQ40: E4.P_D | AR40: FORTALECIMIENTO Y EQUIPAMIENTO INSTITUCIONAL Y SISTEMA DE GESTIÓN Y CONTROL | AT40: E3.P_E | AU40: VIVIENDA | AV40: E3.P_E.MR1 | AW40: Mejorar las condiciones de vivienda a través de la implementación de estrategias y acciones encaminadas a recuperar la vivienda digna | AY40: E1.P_B.MR1 | AZ40: Terminación, equipamiento y operación del Hospital Municipal | BA40: E1.P_B.MR1-MP04-1 | BB40: Puesta en funcionamiento del Hospital Municipal Nuestra Señora de Tránsito | BD40: E4.P_D | BE40: FORTALECIMIENTO Y EQUIPAMIENTO INSTITUCIONAL Y SISTEMA DE GESTIÓN Y CONTROL | BF40: 1364481705 | BG40: 0 | BH40: 100000000 | BI40: 0 | BJ40: 0 | BK40: 420419925 | BL40: 1884901630 | BM40: 1.4122386e+09 | BN40: 0 | BO40: 1.035e+08 | BP40: 0 | BQ40: 0 | BR40: 4.3513462e+08 | BS40: 1.9508732e+09 | BT40: 1.4616669e+09 | BU40: 0 | BV40: 1.071225e+08 | BW40: 0 | BX40: 0 | BY40: 4.5036433e+08 | BZ40: 2.0191537e+09 | CA40: 1.5128253e+09 | CB40: 0 | CC40: 1.1087179e+08 | CD40: 0 | CE40: 0 | CF40: 4.6612709e+08 | CG40: 2.0898241e+09 | CH40: 7.9447527e+09 | CI40: E3.P_D.MR1 - Implementar acciones para mejorar las condiciones del ordenamiento territorial del municipio | CJ40: E3. - Infraestructura, Planeación, Ambiente y Servicios Públicos | CK40: E3.P_D - ORDENAMIENTO, GESTIÓN DEL TERRITORIO Y PLANEACIÓN DEL DESARROLLO | CL40: Mejorar las condiciones del Ordenamiento Territorial y la planeación del desarrollo municipal | CN40: E1.P_B.MR1-MP04-1 - Puesta en funcionamiento del Hospital Municipal Nuestra Señora de Tránsito | CO40: E1. - SOCIAL: Desarrollo Social con alta competitividad y proyección | CP40: E1.P_B - SALUD CON ATENCIÓN DIGNA, PRIORITARIA Y DE CALIDAD | CQ40: Desarrollar acciones para fortalecer las condiciones del sistema de salud, que Garantice una atención digna, prioritaria y de calidad para todos | CR40: E1.P_B.MR1 - Terminación, equipamiento y operación del Hospital Municipal | CT40: E3.P_D.MR2 | CU40: Fortalecer las capacidades institucionales del Municipio para mejorar la planeación del desarrollo municipal | CW40: E1.P_B.MR1-MP04-1 | CX40: Puesta en funcionamiento del Hospital Municipal Nuestra Señora de Tránsito | CZ40: E3.P_D.MR1 | DA40: E3.P_D.MR1 - Implementar acciones para mejorar las condiciones del ordenamiento territorial del municipio | DB40: E3. - Infraestructura, Planeación, Ambiente y Servicios Públicos | DC40: Desarrollar infraestructuras sostenibles y de calidad, que interactúen de manera armónica con el medio ambiente y el cambio climático basado en el desarrollo económico y el bienestar social, promoviendo el acceso equitativo de servicios básicos esenciales para todos los grupos de población | DD40: Promoción del desarrollo | DE40: E3.P_D - ORDENAMIENTO, GESTIÓN DEL TERRITORIO Y PLANEACIÓN DEL DESARROLLO | DF40: Mejorar las condiciones del Ordenamiento Territorial y la planeación del desarrollo municipal | DH40: E3.P_D.MR1 | DI40: Implementar acciones para mejorar las condiciones del ordenamiento territorial del municipio | DJ40: Acciones implementadas | DK40: 0 | DL40: 6 | DR40: E1.P_B.MR2-MP01-1 | DS40: Garantizar el aseguramiento, a la población Tocancipeña en condición de vulnerabilidad, al Sistema General de Seguridad Social en Salud SGSS | DT40: No. de afiliados reconocidos en liquidación mensual de afiliados (LMA) | DU40: 5295 | DV40: 5295 | DW40: 5295 | DX40: 5295 | DY40: 5295 | DZ40: 5295
A41: E1. | B41: SOCIAL: Desarrollo Social con alta competitividad y proyección | C41: E1.P_B | D41: SALUD CON ATENCIÓN DIGNA, PRIORITARIA Y DE CALIDAD | E41: 2016-25817-0042 Implementación de las estrategias del Plan Decenal de Salud Pública del Municipio de Tocancipá, Cundinamarca, Centro Oriente | F41: E1.P_B.MR3 | G41: Implementar el 100% de los componentes priorizados de cada una de las dimensiones del Plan Decenal de Salud Pública en el Territorio (20 componentes) | H41: Componentes implementados | I41: 0 | J41: 20 | K41: 19 | L41: 19 | M41: 1 | N41: E1.P_B.MR3-MP01-1 | O41: Implementar los componentes priorizados de la dimensión salud ambiental | P41: No de componentes implementados /número componentes priorizados | Q41: 0 | R41: 2 | S41: Incremento | T41: A.2. Salud | U41: 0.5 | V41: 0.5 | W41: 0.5 | X41: 0.5 | Y41: 0.5 | Z41: 1 | AA41: Secretaria de Salud | AB41: 112000000 | AC41: 97064350 | AD41: 97064350 | AE41: 97064350 | AF41: 0.86664598 | AG41: 0.86664598 | AH41: 0.86664598 | AI41: 0 | AJ41: 0 | AK41: NO APLICA | AQ41: E4.P_E | AR41: ESTRATEGIAS, TRIBUTACIÓN Y FINANCIEMAIENTO DEL PDM | AT41: E3.P_F | AU41: TOCANCIPA SE PREPARA PARA EL CAMBIO CLIMÁTICO | AV41: E3.P_F.MR1 | AW41: Ejecutar acciones que integran la vulnerabilidad al cambio climático | AY41: E1.P_B.MR2 | AZ41: Mantener el programa de aseguramiento SGSSS y fortalecer la prestación de servicios de salud | BA41: E1.P_B.MR2-MP01-1 | BB41: Garantizar el aseguramiento, a la población Tocancipeña en condición de vulnerabilidad, al Sistema General de Seguridad Social en Salud SGSS | BD41: E4.P_E | BE41: ESTRATEGIAS, TRIBUTACIÓN Y FINANCIEMAIENTO DEL PDM | BF41: 0 | BG41: 0 | BH41: 0 | BI41: 0 | BJ41: 0 | BK41: 0 | BL41: 0 | BM41: 0 | BN41: 0 | BP41: 0 | BQ41: 0 | BR41: 0 | BS41: 0 | BT41: 0 | BU41: 0 | BV41: 0 | BW41: 0 | BX41: 0 | BY41: 0 | BZ41: 0 | CA41: 0 | CB41: 0 | CC41: 0 | CD41: 0 | CE41: 0 | CF41: 0 | CG41: 0 | CH41: 0 | CI41: E3.P_D.MR2 - Fortalecer las capacidades institucionales del Municipio para mejorar la planeación del desarrollo municipal | CJ41: E3. - Infraestructura, Planeación, Ambiente y Servicios Públicos | CK41: E3.P_D - ORDENAMIENTO, GESTIÓN DEL TERRITORIO Y PLANEACIÓN DEL DESARROLLO | CL41: Mejorar las condiciones del Ordenamiento Territorial y la planeación del desarrollo municipal | CN41: E1.P_B.MR2-MP01-1 - Garantizar el aseguramiento, a la población Tocancipeña en condición de vulnerabilidad, al Sistema General de Seguridad Social en Salud SGSS | CO41: E1. - SOCIAL: Desarrollo Social con alta competitividad y proyección | CP41: E1.P_B - SALUD CON ATENCIÓN DIGNA, PRIORITARIA Y DE CALIDAD | CQ41: Desarrollar acciones para fortalecer las condiciones del sistema de salud, que Garantice una atención digna, prioritaria y de calidad para todos | CR41: E1.P_B.MR2 - Mantener el programa de aseguramiento SGSSS y fortalecer la prestación de servicios de salud | CT41: E3.P_E.MR1 | CU41: Mejorar las condiciones de vivienda a través de la implementación de estrategias y acciones encaminadas a recuperar la vivienda digna | CW41: E1.P_B.MR2-MP01-1 | CX41: Garantizar el aseguramiento, a la población Tocancipeña en condición de vulnerabilidad, al Sistema General de Seguridad Social en Salud SGSS | CZ41: E3.P_D.MR2 | DA41: E3.P_D.MR2 - Fortalecer las capacidades institucionales del Municipio para mejorar la planeación del desarrollo municipal | DB41: E3. - Infraestructura, Planeación, Ambiente y Servicios Públicos | DC41: Desarrollar infraestructuras sostenibles y de calidad, que interactúen de manera armónica con el medio ambiente y el cambio climático basado en el desarrollo económico y el bienestar social, promoviendo el acceso equitativo de servicios básicos esenciales para todos los grupos de población | DD41: Fortalecimiento institucional | DE41: E3.P_D - ORDENAMIENTO, GESTIÓN DEL TERRITORIO Y PLANEACIÓN DEL DESARROLLO | DF41: Mejorar las condiciones del Ordenamiento Territorial y la planeación del desarrollo municipal | DH41: E3.P_D.MR2 | DI41: Fortalecer las capacidades institucionales del Municipio para mejorar la planeación del desarrollo municipal | DJ41: Acciones implementadas | DK41: 0 | DL41: 4 | DR41: E1.P_B.MR2-MP02-1 | DS41: Mantener el programa de seguimiento y auditoria al aseguramiento y a la prestación de servicios de salud | DT41: Programas mantenidos | DU41: 1 | DV41: 1 | DW41: 1 | DX41: 1 | DY41: 1 | DZ41: 1
A42: E1. | B42: SOCIAL: Desarrollo Social con alta competitividad y proyección | C42: E1.P_B | D42: SALUD CON ATENCIÓN DIGNA, PRIORITARIA Y DE CALIDAD | F42: E1.P_B.MR3 | G42: Implementar el 100% de los componentes priorizados de cada una de las dimensiones del Plan Decenal de Salud Pública en el Territorio (20 componentes) | H42: Componentes implementados | I42: 0 | J42: 20 | N42: E1.P_B.MR3-MP02-1 | O42: Implementar los componentes priorizados de la dimensión vida saludable y condiciones no transmisibles | P42: No de componentes implementados /número componentes priorizados | Q42: 0 | R42: 2 | S42: Incremento | T42: A.2. Salud | U42: 0.5 | V42: 0.5 | W42: 0.5 | X42: 0.5 | Y42: 0.5 | Z42: 1 | AA42: Secretaria de Salud | AB42: 111380000 | AC42: 110210000 | AD42: 110210000 | AE42: 110210000 | AF42: 0.98949542 | AG42: 0.98949542 | AH42: 0.98949542 | AI42: 0 | AJ42: 0 | AK42: NO APLICA | AT42: E3.P_G | AU42: AGUA | AV42: E3.P_G.MR1 | AW42: Garantizar la conservación de microcuencas del municipio | AY42: E1.P_B.MR2 | AZ42: Mantener el programa de aseguramiento SGSSS y fortalecer la prestación de servicios de salud | BA42: E1.P_B.MR2-MP02-1 | BB42: Mantener el programa de seguimiento y auditoria al aseguramiento y a la prestación de servicios de salud | CI42: E3.P_E.MR1 - Mejorar las condiciones de vivienda a través de la implementación de estrategias y acciones encaminadas a recuperar la vivienda digna | CJ42: E3. - Infraestructura, Planeación, Ambiente y Servicios Públicos | CK42: E3.P_E - VIVIENDA | CL42: Garantizar vivienda digna y prioritaria como eje para el desarrollo y la proyección con equidad e inclusión | CN42: E1.P_B.MR2-MP02-1 - Mantener el programa de seguimiento y auditoria al aseguramiento y a la prestación de servicios de salud | CO42: E1. - SOCIAL: Desarrollo Social con alta competitividad y proyección | CP42: E1.P_B - SALUD CON ATENCIÓN DIGNA, PRIORITARIA Y DE CALIDAD | CQ42: Desarrollar acciones para fortalecer las condiciones del sistema de salud, que Garantice una atención digna, prioritaria y de calidad para todos | CR42: E1.P_B.MR2 - Mantener el programa de aseguramiento SGSSS y fortalecer la prestación de servicios de salud | CT42: E3.P_F.MR1 | CU42: Ejecutar acciones que integran la vulnerabilidad al cambio climático | CW42: E1.P_B.MR2-MP02-1 | CX42: Mantener el programa de seguimiento y auditoria al aseguramiento y a la prestación de servicios de salud | CZ42: E3.P_E.MR1 | DA42: E3.P_E.MR1 - Mejorar las condiciones de vivienda a través de la implementación de estrategias y acciones encaminadas a recuperar la vivienda digna | DB42: E3. - Infraestructura, Planeación, Ambiente y Servicios Públicos | DC42: Desarrollar infraestructuras sostenibles y de calidad, que interactúen de manera armónica con el medio ambiente y el cambio climático basado en el desarrollo económico y el bienestar social, promoviendo el acceso equitativo de servicios básicos esenciales para todos los grupos de población | DD42: Vivienda | DE42: E3.P_E - VIVIENDA | DF42: Garantizar vivienda digna y prioritaria como eje para el desarrollo y la proyección con equidad e inclusión | DH42: E3.P_E.MR1 | DI42: Mejorar las condiciones de vivienda a través de la implementación de estrategias y acciones encaminadas a recuperar la vivienda digna | DJ42: No. de estrategias y acciones implementados | DK42: 0 | DL42: 4 | DR42: E1.P_B.MR2-MP03-1 | DS42: Articular la implementación conjunta del modelo de gestión del riesgo en salud (16 grupos de riesgo), que involucre la participación de las IPS, EPS y ARL presentes en el municipio, con enfoque familiar y comunitario | DT42: N° Modelo de gestión del riego implementado/modelo proyectado | DU42: 0 | DV42: 1 | DW42: 0.25 | DX42: 0.25 | DY42: 0.25 | DZ42: 0.25
A43: E1. | B43: SOCIAL: Desarrollo Social con alta competitividad y proyección | C43: E1.P_B | D43: SALUD CON ATENCIÓN DIGNA, PRIORITARIA Y DE CALIDAD | F43: E1.P_B.MR3 | G43: Implementar el 100% de los componentes priorizados de cada una de las dimensiones del Plan Decenal de Salud Pública en el Territorio (20 componentes) | H43: Componentes implementados | I43: 0 | J43: 20 | N43: E1.P_B.MR3-MP03-1 | O43: Implementar los componentes priorizados de la dimensión convivencia social y salud mental | P43: No de componentes implementados /número componentes priorizados | Q43: 0 | R43: 2 | S43: Incremento | T43: A.2. Salud | U43: 0.5 | V43: 0.5 | W43: 0.5 | X43: 0.5 | Y43: 0.5 | Z43: 1 | AA43: Secretaria de Salud | AB43: 487375000 | AC43: 321306682 | AD43: 321306682 | AE43: 281306682 | AF43: 0.65925967 | AG43: 0.65925967 | AH43: 0.57718734 | AI43: 60000000 | AJ43: 60000000 | AK43: 1 | AT43: E3.P_H | AU43: FLORA, FAUNA, SUELO, MINERÍA Y GESTIÓN DE RESIDUOS SÓLIDOS | AV43: E3.P_H.MR1 | AW43: Incrementar en hectáreas el área de conservación y restauración del municipio | AY43: E1.P_B.MR2 | AZ43: Mantener el programa de aseguramiento SGSSS y fortalecer la prestación de servicios de salud | BA43: E1.P_B.MR2-MP03-1 | BB43: Articular la implementación conjunta del modelo de gestión del riesgo en salud (16 grupos de riesgo), que involucre la participación de las IPS, EPS y ARL presentes en el municipio, con enfoque familiar y comunitario | CI43: E3.P_F.MR1 - Ejecutar acciones que integran la vulnerabilidad al cambio climático | CJ43: E3. - Infraestructura, Planeación, Ambiente y Servicios Públicos | CK43: E3.P_F - TOCANCIPA SE PREPARA PARA EL CAMBIO CLIMÁTICO | CL43: Fortalecer el sistema de gestión del riesgo que permita mitigar las consecuencias del cambio climático | CN43: E1.P_B.MR2-MP03-1 - Articular la implementación conjunta del modelo de gestión del riesgo en salud (16 grupos de riesgo), que involucre la participación de las IPS, EPS y ARL presentes en el municipio, con enfoque familiar y comunitario | CO43: E1. - SOCIAL: Desarrollo Social con alta competitividad y proyección | CP43: E1.P_B - SALUD CON ATENCIÓN DIGNA, PRIORITARIA Y DE CALIDAD | CQ43: Desarrollar acciones para fortalecer las condiciones del sistema de salud, que Garantice una atención digna, prioritaria y de calidad para todos | CR43: E1.P_B.MR2 - Mantener el programa de aseguramiento SGSSS y fortalecer la prestación de servicios de salud | CT43: E3.P_G.MR1 | CU43: Garantizar la conservación de microcuencas del municipio | CW43: E1.P_B.MR2-MP03-1 | CX43: Articular la implementación conjunta del modelo de gestión del riesgo en salud (16 grupos de riesgo), que involucre la participación de las IPS, EPS y ARL presentes en el municipio, con enfoque familiar y comunitario | CZ43: E3.P_F.MR1 | DA43: E3.P_F.MR1 - Ejecutar acciones que integran la vulnerabilidad al cambio climático | DB43: E3. - Infraestructura, Planeación, Ambiente y Servicios Públicos | DC43: Desarrollar infraestructuras sostenibles y de calidad, que interactúen de manera armónica con el medio ambiente y el cambio climático basado en el desarrollo económico y el bienestar social, promoviendo el acceso equitativo de servicios básicos esenciales para todos los grupos de población | DD43: Ambiental | DE43: E3.P_F - TOCANCIPA SE PREPARA PARA EL CAMBIO CLIMÁTICO | DF43: Fortalecer el sistema de gestión del riesgo que permita mitigar las consecuencias del cambio climático | DH43: E3.P_F.MR1 | DI43: Ejecutar acciones que integran la vulnerabilidad al cambio climático | DJ43: % de acciones | DK43: 0 | DL43: 20 | DR43: E1.P_B.MR3-MP01-1 | DS43: Implementar los componentes priorizados de la dimensión salud ambiental | DT43: No de componentes implementados /número componentes priorizados | DU43: 0 | DV43: 2 | DW43: 0.5 | DX43: 0.5 | DY43: 0.5 | DZ43: 0.5
A44: E1. | B44: SOCIAL: Desarrollo Social con alta competitividad y proyección | C44: E1.P_B | D44: SALUD CON ATENCIÓN DIGNA, PRIORITARIA Y DE CALIDAD | F44: E1.P_B.MR3 | G44: Implementar el 100% de los componentes priorizados de cada una de las dimensiones del Plan Decenal de Salud Pública en el Territorio (20 componentes) | H44: Componentes implementados | I44: 0 | J44: 20 | N44: E1.P_B.MR3-MP04-1 | O44: Implementar los componentes priorizados de la dimensión seguridad alimentaria y nutricional | P44: No de componentes implementados /número componentes priorizados | Q44: 0 | R44: 2 | S44: Incremento | T44: A.2. Salud | U44: 0.5 | V44: 0.5 | W44: 0.5 | X44: 0.5 | Y44: 0.5 | Z44: 1 | AA44: Secretaria de Salud | AB44: 143154271 | AC44: 143039917 | AD44: 143039917 | AE44: 143039917 | AF44: 0.99920118 | AG44: 0.99920118 | AH44: 0.99920118 | AI44: 0 | AJ44: 0 | AK44: NO APLICA | AT44: E3.P_I | AU44: AIRE, RUIDO Y CONTAMINACIÓN VISUAL | AV44: E3.P_I.MR1 | AW44: Mejorar las condiciones de contaminación visual y auditiva en un 30% | AY44: E1.P_B.MR3 | AZ44: Implementar el 100% de los componentes priorizados de cada una de las dimensiones del Plan Decenal de Salud Pública en el Territorio (20 componentes) | BA44: E1.P_B.MR3-MP01-1 | BB44: Implementar los componentes priorizados de la dimensión salud ambiental | CI44: E3.P_G.MR1 - Garantizar la conservación de microcuencas del municipio | CJ44: E3. - Infraestructura, Planeación, Ambiente y Servicios Públicos | CK44: E3.P_G - AGUA | CL44: Implementar acciones de protección, conservación y uso racional del recurso hídrico | CN44: E1.P_B.MR3-MP01-1 - Implementar los componentes priorizados de la dimensión salud ambiental | CO44: E1. - SOCIAL: Desarrollo Social con alta competitividad y proyección | CP44: E1.P_B - SALUD CON ATENCIÓN DIGNA, PRIORITARIA Y DE CALIDAD | CQ44: Desarrollar acciones para fortalecer las condiciones del sistema de salud, que Garantice una atención digna, prioritaria y de calidad para todos | CR44: E1.P_B.MR3 - Implementar el 100% de los componentes priorizados de cada una de las dimensiones del Plan Decenal de Salud Pública en el Territorio (20 componentes) | CT44: E3.P_H.MR1 | CU44: Incrementar en hectáreas el área de conservación y restauración del municipio | CW44: E1.P_B.MR3-MP01-1 | CX44: Implementar los componentes priorizados de la dimensión salud ambiental | CZ44: E3.P_G.MR1 | DA44: E3.P_G.MR1 - Garantizar la conservación de microcuencas del municipio | DB44: E3. - Infraestructura, Planeación, Ambiente y Servicios Públicos | DC44: Desarrollar infraestructuras sostenibles y de calidad, que interactúen de manera armónica con el medio ambiente y el cambio climático basado en el desarrollo económico y el bienestar social, promoviendo el acceso equitativo de servicios básicos esenciales para todos los grupos de población | DD44: Ambiental | DE44: E3.P_G - AGUA | DF44: Implementar acciones de protección, conservación y uso racional del recurso hídrico | DH44: E3.P_G.MR1 | DI44: Garantizar la conservación de microcuencas del municipio | DJ44: No. de micro cuencas del municipio | DK44: 5 | DL44: 5 | DR44: E1.P_B.MR3-MP02-1 | DS44: Implementar los componentes priorizados de la dimensión vida saludable y condiciones no transmisibles | DT44: No de componentes implementados /número componentes priorizados | DU44: 0 | DV44: 2 | DW44: 0.5 | DX44: 0.5 | DY44: 0.5 | DZ44: 0.5
A45: E1. | B45: SOCIAL: Desarrollo Social con alta competitividad y proyección | C45: E1.P_B | D45: SALUD CON ATENCIÓN DIGNA, PRIORITARIA Y DE CALIDAD | F45: E1.P_B.MR3 | G45: Implementar el 100% de los componentes priorizados de cada una de las dimensiones del Plan Decenal de Salud Pública en el Territorio (20 componentes) | H45: Componentes implementados | I45: 0 | J45: 20 | N45: E1.P_B.MR3-MP05-1 | O45: Implementar los componentes priorizados de la dimensión sexualidad y derechos sexuales y reproductivos | P45: No de componentes implementados /número componentes priorizados | Q45: 0 | R45: 2 | S45: Incremento | T45: A.2. Salud | U45: 0.5 | V45: 0.5 | W45: 0.5 | X45: 0.5 | Y45: 0.5 | Z45: 1 | AA45: Secretaria de Salud | AB45: 185900000 | AC45: 171735160 | AD45: 171735160 | AE45: 171735160 | AF45: 0.92380398 | AG45: 0.92380398 | AH45: 0.92380398 | AI45: 79891232 | AJ45: 79891232 | AK45: 1 | AT45: E3.P_J | AU45: SIGAM, PRAES, PIGA Y PROCEDAS | AV45: E3.P_J.MR1 | AW45: Mantener la cobertura del de las personas alcanzadas en educación ambiental | AY45: E1.P_B.MR3 | AZ45: Implementar el 100% de los componentes priorizados de cada una de las dimensiones del Plan Decenal de Salud Pública en el Territorio (20 componentes) | BA45: E1.P_B.MR3-MP02-1 | BB45: Implementar los componentes priorizados de la dimensión vida saludable y condiciones no transmisibles | CI45: E3.P_H.MR1 - Incrementar en hectáreas el área de conservación y restauración del municipio | CJ45: E3. - Infraestructura, Planeación, Ambiente y Servicios Públicos | CK45: E3.P_H - FLORA, FAUNA, SUELO, MINERÍA Y GESTIÓN DE RESIDUOS SÓLIDOS | CL45: Promover la conservación y restauración la flora, la fauna y realizar el seguimiento a la contaminación por residuos sólidos y control a la deforestación | CN45: E1.P_B.MR3-MP02-1 - Implementar los componentes priorizados de la dimensión vida saludable y condiciones no transmisibles | CO45: E1. - SOCIAL: Desarrollo Social con alta competitividad y proyección | CP45: E1.P_B - SALUD CON ATENCIÓN DIGNA, PRIORITARIA Y DE CALIDAD | CQ45: Desarrollar acciones para fortalecer las condiciones del sistema de salud, que Garantice una atención digna, prioritaria y de calidad para todos | CR45: E1.P_B.MR3 - Implementar el 100% de los componentes priorizados de cada una de las dimensiones del Plan Decenal de Salud Pública en el Territorio (20 componentes) | CT45: E3.P_I.MR1 | CU45: Mejorar las condiciones de contaminación visual y auditiva en un 30% | CW45: E1.P_B.MR3-MP02-1 | CX45: Implementar los componentes priorizados de la dimensión vida saludable y condiciones no transmisibles | CZ45: E3.P_H.MR1 | DA45: E3.P_H.MR1 - Incrementar en hectáreas el área de conservación y restauración del municipio | DB45: E3. - Infraestructura, Planeación, Ambiente y Servicios Públicos | DC45: Desarrollar infraestructuras sostenibles y de calidad, que interactúen de manera armónica con el medio ambiente y el cambio climático basado en el desarrollo económico y el bienestar social, promoviendo el acceso equitativo de servicios básicos esenciales para todos los grupos de población | DD45: Ambiental | DE45: E3.P_H - FLORA, FAUNA, SUELO, MINERÍA Y GESTIÓN DE RESIDUOS SÓLIDOS | DF45: Promover la conservación y restauración la flora, la fauna y realizar el seguimiento a la contaminación por residuos sólidos y control a la deforestación | DH45: E3.P_H.MR1 | DI45: Incrementar en hectáreas el área de conservación y restauración del municipio | DJ45: No. de héctareas incrementadas de conservación y restauración | DK45: 41 | DL45: 341 | DR45: E1.P_B.MR3-MP03-1 | DS45: Implementar los componentes priorizados de la dimensión convivencia social y salud mental | DT45: No de componentes implementados /número componentes priorizados | DU45: 0 | DV45: 2 | DW45: 0.5 | DX45: 0.5 | DY45: 0.5 | DZ45: 0.5
A46: E1. | B46: SOCIAL: Desarrollo Social con alta competitividad y proyección | C46: E1.P_B | D46: SALUD CON ATENCIÓN DIGNA, PRIORITARIA Y DE CALIDAD | F46: E1.P_B.MR3 | G46: Implementar el 100% de los componentes priorizados de cada una de las dimensiones del Plan Decenal de Salud Pública en el Territorio (20 componentes) | H46: Componentes implementados | I46: 0 | J46: 20 | N46: E1.P_B.MR3-MP06-1 | O46: Implementar los componentes priorizados de la dimensión vida saludable y enfermedades transmisibles | P46: No de componentes implementados /número componentes priorizados | Q46: 0 | R46: 3 | S46: Incremento | T46: A.2. Salud | U46: 0.75 | V46: 0.75 | W46: 0.75 | X46: 0.75 | Y46: 0.8 | Z46: 1.0666667 | AA46: Secretaria de Salud | AB46: 21000000 | AC46: 21000000 | AD46: 21000000 | AE46: 21000000 | AF46: 1 | AG46: 1 | AH46: 1 | AI46: 0 | AJ46: 0 | AK46: NO APLICA | AT46: E3.P_K | AU46: SENTENCIA DEL RÍO BOGOTÁ | AV46: E3.P_K.MR1 | AW46: Cumplir las obligaciones impuestas al ente territorial en el fallo de la Sentencia del Río Bogotá | AY46: E1.P_B.MR3 | AZ46: Implementar el 100% de los componentes priorizados de cada una de las dimensiones del Plan Decenal de Salud Pública en el Territorio (20 componentes) | BA46: E1.P_B.MR3-MP03-1 | BB46: Implementar los componentes priorizados de la dimensión convivencia social y salud mental | CI46: E3.P_I.MR1 - Mejorar las condiciones de contaminación visual y auditiva en un 30% | CJ46: E3. - Infraestructura, Planeación, Ambiente y Servicios Públicos | CK46: E3.P_I - AIRE, RUIDO Y CONTAMINACIÓN VISUAL | CL46: Determinar la calidad del aire e impacto de la contaminación visual y auditiva en el municipio de Tocancipá | CN46: E1.P_B.MR3-MP03-1 - Implementar los componentes priorizados de la dimensión convivencia social y salud mental | CO46: E1. - SOCIAL: Desarrollo Social con alta competitividad y proyección | CP46: E1.P_B - SALUD CON ATENCIÓN DIGNA, PRIORITARIA Y DE CALIDAD | CQ46: Desarrollar acciones para fortalecer las condiciones del sistema de salud, que Garantice una atención digna, prioritaria y de calidad para todos | CR46: E1.P_B.MR3 - Implementar el 100% de los componentes priorizados de cada una de las dimensiones del Plan Decenal de Salud Pública en el Territorio (20 componentes) | CT46: E3.P_J.MR1 | CU46: Mantener la cobertura del de las personas alcanzadas en educación ambiental | CW46: E1.P_B.MR3-MP03-1 | CX46: Implementar los componentes priorizados de la dimensión convivencia social y salud mental | CZ46: E3.P_I.MR1 | DA46: E3.P_I.MR1 - Mejorar las condiciones de contaminación visual y auditiva en un 30% | DB46: E3. - Infraestructura, Planeación, Ambiente y Servicios Públicos | DC46: Desarrollar infraestructuras sostenibles y de calidad, que interactúen de manera armónica con el medio ambiente y el cambio climático basado en el desarrollo económico y el bienestar social, promoviendo el acceso equitativo de servicios básicos esenciales para todos los grupos de población | DD46: Ambiental | DE46: E3.P_I - AIRE, RUIDO Y CONTAMINACIÓN VISUAL | DF46: Determinar la calidad del aire e impacto de la contaminación visual y auditiva en el municipio de Tocancipá | DH46: E3.P_I.MR1 | DI46: Mejorar las condiciones de contaminación visual y auditiva en un 30% | DJ46: No. de estrategias implementadas para mejorar las condiciones de contaminación | DK46: 10 | DL46: 30 | DR46: E1.P_B.MR3-MP04-1 | DS46: Implementar los componentes priorizados de la dimensión seguridad alimentaria y nutricional | DT46: No de componentes implementados /número componentes priorizados | DU46: 0 | DV46: 2 | DW46: 0.5 | DX46: 0.5 | DY46: 0.5 | DZ46: 0.5
A47: E1. | B47: SOCIAL: Desarrollo Social con alta competitividad y proyección | C47: E1.P_B | D47: SALUD CON ATENCIÓN DIGNA, PRIORITARIA Y DE CALIDAD | F47: E1.P_B.MR3 | G47: Implementar el 100% de los componentes priorizados de cada una de las dimensiones del Plan Decenal de Salud Pública en el Territorio (20 componentes) | H47: Componentes implementados | I47: 0 | J47: 20 | N47: E1.P_B.MR3-MP07-1 | O47: Implementar los componentes priorizados de la dimensión salud pública en emergencias y desastres | P47: No de componentes implementados /número componentes priorizados | Q47: 0 | R47: 1 | S47: Incremento | T47: A.2. Salud | U47: 0.25 | V47: 0.25 | W47: 0.25 | X47: 0.25 | Y47: 0.3 | Z47: 1.2 | AA47: Secretaria de Salud | AB47: 0 | AC47: 0 | AD47: 0 | AE47: 0 | AF47: NO APLICA | AG47: NO APLICA | AH47: NO APLICA | AI47: 0 | AJ47: 0 | AK47: NO APLICA | AT47: E3.P_L | AU47: ACUEDUCTO, ALCANTARILLADO Y ASEO | AV47: E3.P_L.MR1 | AW47: Mantener la cobertura de acueducto del área urbana y área rural | AY47: E1.P_B.MR3 | AZ47: Implementar el 100% de los componentes priorizados de cada una de las dimensiones del Plan Decenal de Salud Pública en el Territorio (20 componentes) | BA47: E1.P_B.MR3-MP04-1 | BB47: Implementar los componentes priorizados de la dimensión seguridad alimentaria y nutricional | CI47: E3.P_J.MR1 - Mantener la cobertura del de las personas alcanzadas en educación ambiental | CJ47: E3. - Infraestructura, Planeación, Ambiente y Servicios Públicos | CK47: E3.P_J - SIGAM, PRAES, PIGA Y PROCEDAS | CL47: Adelantar acciones de educación ambiental y fortalecimiento al Sistema de Información Geográfico Ambiental bajo el esquema de Gestión Ambiental Municipal | CN47: E1.P_B.MR3-MP04-1 - Implementar los componentes priorizados de la dimensión seguridad alimentaria y nutricional | CO47: E1. - SOCIAL: Desarrollo Social con alta competitividad y proyección | CP47: E1.P_B - SALUD CON ATENCIÓN DIGNA, PRIORITARIA Y DE CALIDAD | CQ47: Desarrollar acciones para fortalecer las condiciones del sistema de salud, que Garantice una atención digna, prioritaria y de calidad para todos | CR47: E1.P_B.MR3 - Implementar el 100% de los componentes priorizados de cada una de las dimensiones del Plan Decenal de Salud Pública en el Territorio (20 componentes) | CT47: E3.P_K.MR1 | CU47: Cumplir las obligaciones impuestas al ente territorial en el fallo de la Sentencia del Río Bogotá | CW47: E1.P_B.MR3-MP04-1 | CX47: Implementar los componentes priorizados de la dimensión seguridad alimentaria y nutricional | CZ47: E3.P_J.MR1 | DA47: E3.P_J.MR1 - Mantener la cobertura del de las personas alcanzadas en educación ambiental | DB47: E3. - Infraestructura, Planeación, Ambiente y Servicios Públicos | DC47: Desarrollar infraestructuras sostenibles y de calidad, que interactúen de manera armónica con el medio ambiente y el cambio climático basado en el desarrollo económico y el bienestar social, promoviendo el acceso equitativo de servicios básicos esenciales para todos los grupos de población | DD47: Ambiental | DE47: E3.P_J - SIGAM, PRAES, PIGA Y PROCEDAS | DF47: Adelantar acciones de educación ambiental y fortalecimiento al Sistema de Información Geográfico Ambiental bajo el esquema de Gestión Ambiental Municipal | DH47: E3.P_J.MR1 | DI47: Mantener la cobertura del de las personas alcanzadas en educación ambiental | DJ47: Cobertura de personas | DK47: 100 | DL47: 100 | DR47: E1.P_B.MR3-MP05-1 | DS47: Implementar los componentes priorizados de la dimensión sexualidad y derechos sexuales y reproductivos | DT47: No de componentes implementados /número componentes priorizados | DU47: 0 | DV47: 2 | DW47: 0.5 | DX47: 0.5 | DY47: 0.5 | DZ47: 0.5
A48: E1. | B48: SOCIAL: Desarrollo Social con alta competitividad y proyección | C48: E1.P_B | D48: SALUD CON ATENCIÓN DIGNA, PRIORITARIA Y DE CALIDAD | F48: E1.P_B.MR3 | G48: Implementar el 100% de los componentes priorizados de cada una de las dimensiones del Plan Decenal de Salud Pública en el Territorio (20 componentes) | H48: Componentes implementados | I48: 0 | J48: 20 | N48: E1.P_B.MR3-MP08-1 | O48: Implementar los componentes priorizados de la dimensión salud pública salud y ámbito laboral | P48: No de componentes implementados /número componentes priorizados | Q48: 0 | R48: 2 | S48: Incremento | T48: A.2. Salud | U48: 0.5 | V48: 0.5 | W48: 0.5 | X48: 0.5 | Y48: 0.5 | Z48: 1 | AA48: Secretaria de Salud | AB48: 0 | AC48: 0 | AD48: 0 | AE48: 0 | AF48: NO APLICA | AG48: NO APLICA | AH48: NO APLICA | AI48: 0 | AJ48: 0 | AK48: NO APLICA | AT48: E3.P_L | AU48: ACUEDUCTO, ALCANTARILLADO Y ASEO | AV48: E3.P_L.MR2 | AW48: Mantener la cobertura de alcantarillado en el área urbana y el área rural | AY48: E1.P_B.MR3 | AZ48: Implementar el 100% de los componentes priorizados de cada una de las dimensiones del Plan Decenal de Salud Pública en el Territorio (20 componentes) | BA48: E1.P_B.MR3-MP05-1 | BB48: Implementar los componentes priorizados de la dimensión sexualidad y derechos sexuales y reproductivos | CI48: E3.P_K.MR1 - Cumplir las obligaciones impuestas al ente territorial en el fallo de la Sentencia del Río Bogotá | CJ48: E3. - Infraestructura, Planeación, Ambiente y Servicios Públicos | CK48: E3.P_K - SENTENCIA DEL RÍO BOGOTÁ | CL48: Dar cumplimiento a las obligaciones impuestas en la Sentencia del Río Bogotá | CN48: E1.P_B.MR3-MP05-1 - Implementar los componentes priorizados de la dimensión sexualidad y derechos sexuales y reproductivos | CO48: E1. - SOCIAL: Desarrollo Social con alta competitividad y proyección | CP48: E1.P_B - SALUD CON ATENCIÓN DIGNA, PRIORITARIA Y DE CALIDAD | CQ48: Desarrollar acciones para fortalecer las condiciones del sistema de salud, que Garantice una atención digna, prioritaria y de calidad para todos | CR48: E1.P_B.MR3 - Implementar el 100% de los componentes priorizados de cada una de las dimensiones del Plan Decenal de Salud Pública en el Territorio (20 componentes) | CT48: E3.P_L.MR1 | CU48: Mantener la cobertura de acueducto del área urbana y área rural | CW48: E1.P_B.MR3-MP05-1 | CX48: Implementar los componentes priorizados de la dimensión sexualidad y derechos sexuales y reproductivos | CZ48: E3.P_K.MR1 | DA48: E3.P_K.MR1 - Cumplir las obligaciones impuestas al ente territorial en el fallo de la Sentencia del Río Bogotá | DB48: E3. - Infraestructura, Planeación, Ambiente y Servicios Públicos | DC48: Desarrollar infraestructuras sostenibles y de calidad, que interactúen de manera armónica con el medio ambiente y el cambio climático basado en el desarrollo económico y el bienestar social, promoviendo el acceso equitativo de servicios básicos esenciales para todos los grupos de población | DD48: Ambiental | DE48: E3.P_K - SENTENCIA DEL RÍO BOGOTÁ | DF48: Dar cumplimiento a las obligaciones impuestas en la Sentencia del Río Bogotá | DH48: E3.P_K.MR1 | DI48: Cumplir las obligaciones impuestas al ente territorial en el fallo de la Sentencia del Río Bogotá | DJ48: No. de obligaciones cumplidas | DK48: 0 | DL48: 23 | DR48: E1.P_B.MR3-MP06-1 | DS48: Implementar los componentes priorizados de la dimensión vida saludable y enfermedades transmisibles | DT48: No de componentes implementados /número componentes priorizados | DU48: 0 | DV48: 3 | DW48: 0.75 | DX48: 0.75 | DY48: 0.75 | DZ48: 0.75
A49: E1. | B49: SOCIAL: Desarrollo Social con alta competitividad y proyección | C49: E1.P_B | D49: SALUD CON ATENCIÓN DIGNA, PRIORITARIA Y DE CALIDAD | F49: E1.P_B.MR3 | G49: Implementar el 100% de los componentes priorizados de cada una de las dimensiones del Plan Decenal de Salud Pública en el Territorio (20 componentes) | H49: Componentes implementados | I49: 0 | J49: 20 | N49: E1.P_B.MR3-MP09-1 | O49: Implementar los componentes priorizados de la dimensión gestión diferencial de población vulnerable | P49: No de componentes implementados /número componentes priorizados | Q49: 0 | R49: 3 | S49: Incremento | T49: A.2. Salud | U49: 0.75 | V49: 0.75 | W49: 0.75 | X49: 0.75 | Y49: 0.8 | Z49: 1.0666667 | AA49: Secretaria de Salud | AB49: 281685172 | AC49: 271399964 | AD49: 271399964 | AE49: 197374964 | AF49: 0.96348687 | AG49: 0.96348687 | AH49: 0.70069348 | AI49: 78485172 | AJ49: 78485172 | AK49: 1 | AT49: E3.P_L | AU49: ACUEDUCTO, ALCANTARILLADO Y ASEO | AV49: E3.P_L.MR3 | AW49: Mantener la cobertura de aseo en el área urbana y el área rural | AY49: E1.P_B.MR3 | AZ49: Implementar el 100% de los componentes priorizados de cada una de las dimensiones del Plan Decenal de Salud Pública en el Territorio (20 componentes) | BA49: E1.P_B.MR3-MP06-1 | BB49: Implementar los componentes priorizados de la dimensión vida saludable y enfermedades transmisibles | CI49: E3.P_L.MR1 - Mantener la cobertura de acueducto del área urbana y área rural | CJ49: E3. - Infraestructura, Planeación, Ambiente y Servicios Públicos | CK49: E3.P_L - ACUEDUCTO, ALCANTARILLADO Y ASEO | CL49: Ampliar las coberturas los servicios públicos de Acueducto, Alcantarillado y Aseo | CN49: E1.P_B.MR3-MP06-1 - Implementar los componentes priorizados de la dimensión vida saludable y enfermedades transmisibles | CO49: E1. - SOCIAL: Desarrollo Social con alta competitividad y proyección | CP49: E1.P_B - SALUD CON ATENCIÓN DIGNA, PRIORITARIA Y DE CALIDAD | CQ49: Desarrollar acciones para fortalecer las condiciones del sistema de salud, que Garantice una atención digna, prioritaria y de calidad para todos | CR49: E1.P_B.MR3 - Implementar el 100% de los componentes priorizados de cada una de las dimensiones del Plan Decenal de Salud Pública en el Territorio (20 componentes) | CT49: E3.P_L.MR2 | CU49: Mantener la cobertura de alcantarillado en el área urbana y el área rural | CW49: E1.P_B.MR3-MP06-1 | CX49: Implementar los componentes priorizados de la dimensión vida saludable y enfermedades transmisibles | CZ49: E3.P_L.MR1 | DA49: E3.P_L.MR1 - Mantener la cobertura de acueducto del área urbana y área rural | DB49: E3. - Infraestructura, Planeación, Ambiente y Servicios Públicos | DC49: Desarrollar infraestructuras sostenibles y de calidad, que interactúen de manera armónica con el medio ambiente y el cambio climático basado en el desarrollo económico y el bienestar social, promoviendo el acceso equitativo de servicios básicos esenciales para todos los grupos de población | DD49: Servicios Públicos | DE49: E3.P_L - ACUEDUCTO, ALCANTARILLADO Y ASEO | DF49: Ampliar las coberturas los servicios públicos de Acueducto, Alcantarillado y Aseo | DH49: E3.P_L.MR1 | DI49: Mantener la cobertura de acueducto del área urbana y área rural | DJ49: % cobertura urbana % cobertura rural | DK49: 100% 99% | DL49: 100% 99% | DR49: E1.P_B.MR3-MP07-1 | DS49: Implementar los componentes priorizados de la dimensión salud pública en emergencias y desastres | DT49: No de componentes implementados /número componentes priorizados | DU49: 0 | DV49: 1 | DW49: 0.25 | DX49: 0.25 | DY49: 0.25 | DZ49: 0.25
A50: E1. | B50: SOCIAL: Desarrollo Social con alta competitividad y proyección | C50: E1.P_B | D50: SALUD CON ATENCIÓN DIGNA, PRIORITARIA Y DE CALIDAD | F50: E1.P_B.MR3 | G50: Implementar el 100% de los componentes priorizados de cada una de las dimensiones del Plan Decenal de Salud Pública en el Territorio (20 componentes) | H50: Componentes implementados | I50: 0 | J50: 20 | N50: E1.P_B.MR3-MP10-1 | O50: Implementar los componentes priorizados de la dimensión fortalecimiento de la autoridad sanitaria | P50: No de componentes implementados /número componentes priorizados | Q50: 0 | R50: 1 | S50: Incremento | T50: A.2. Salud | U50: 0.25 | V50: 0.25 | W50: 0.25 | X50: 0.25 | Y50: 0.3 | Z50: 1.2 | AA50: Secretaria de Salud | AB50: 539404149 | AC50: 440462879 | AD50: 440462879 | AE50: 410746064 | AF50: 0.81657303 | AG50: 0.81657303 | AH50: 0.7614811 | AI50: 103762456 | AJ50: 103762456 | AK50: 1 | AT50: E3.P_L | AU50: ACUEDUCTO, ALCANTARILLADO Y ASEO | AV50: E3.P_L.MR4 | AW50: Acciones de fortalecimiento institucional de la Empresa de Servicios Públicos | AY50: E1.P_B.MR3 | AZ50: Implementar el 100% de los componentes priorizados de cada una de las dimensiones del Plan Decenal de Salud Pública en el Territorio (20 componentes) | BA50: E1.P_B.MR3-MP07-1 | BB50: Implementar los componentes priorizados de la dimensión salud pública en emergencias y desastres | CI50: E3.P_L.MR2 - Mantener la cobertura de alcantarillado en el área urbana y el área rural | CJ50: E3. - Infraestructura, Planeación, Ambiente y Servicios Públicos | CK50: E3.P_L - ACUEDUCTO, ALCANTARILLADO Y ASEO | CL50: Ampliar las coberturas los servicios públicos de Acueducto, Alcantarillado y Aseo | CN50: E1.P_B.MR3-MP07-1 - Implementar los componentes priorizados de la dimensión salud pública en emergencias y desastres | CO50: E1. - SOCIAL: Desarrollo Social con alta competitividad y proyección | CP50: E1.P_B - SALUD CON ATENCIÓN DIGNA, PRIORITARIA Y DE CALIDAD | CQ50: Desarrollar acciones para fortalecer las condiciones del sistema de salud, que Garantice una atención digna, prioritaria y de calidad para todos | CR50: E1.P_B.MR3 - Implementar el 100% de los componentes priorizados de cada una de las dimensiones del Plan Decenal de Salud Pública en el Territorio (20 componentes) | CT50: E3.P_L.MR3 | CU50: Mantener la cobertura de aseo en el área urbana y el área rural | CW50: E1.P_B.MR3-MP07-1 | CX50: Implementar los componentes priorizados de la dimensión salud pública en emergencias y desastres | CZ50: E3.P_L.MR2 | DA50: E3.P_L.MR2 - Mantener la cobertura de alcantarillado en el área urbana y el área rural | DB50: E3. - Infraestructura, Planeación, Ambiente y Servicios Públicos | DC50: Desarrollar infraestructuras sostenibles y de calidad, que interactúen de manera armónica con el medio ambiente y el cambio climático basado en el desarrollo económico y el bienestar social, promoviendo el acceso equitativo de servicios básicos esenciales para todos los grupos de población | DD50: Servicios Públicos | DE50: E3.P_L - ACUEDUCTO, ALCANTARILLADO Y ASEO | DF50: Ampliar las coberturas los servicios públicos de Acueducto, Alcantarillado y Aseo | DH50: E3.P_L.MR2 | DI50: Mantener la cobertura de alcantarillado en el área urbana y el área rural | DJ50: % cobertura urbana % cobertura rural | DK50: 100% 75,7% | DL50: 100% 75,7% | DR50: E1.P_B.MR3-MP08-1 | DS50: Implementar los componentes priorizados de la dimensión salud pública salud y ámbito laboral | DT50: No de componentes implementados /número componentes priorizados | DU50: 0 | DV50: 2 | DW50: 0.5 | DX50: 0.5 | DY50: 0.5 | DZ50: 0.5
A51: E1. | B51: SOCIAL: Desarrollo Social con alta competitividad y proyección | C51: E1.P_C | D51: CULTURA DE TODOS Y PARA TODOS | E51: 2016-25817-0017 Ampliación de los programas artíscticos y culturales Tocancipá, Cundinamarca, Centro Oriente | F51: E1.P_C.MR1 | G51: Ampliar a 3700 el número de personas que accede anualmente a los programas de formación artística y cultural (L.B. 3630) | H51: Cobertura ampliada | I51: 3630 | J51: 3700 | K51: 3300 | L51: 3604 | M51: 1.0921212 | N51: E1.P_C.MR1-MP01-1 | O51: Ampliar la participación intermunicipal en el Festival de la Colombianidad, como parte de la tradición e identidad pluricultural | P51: No. de municipios diferentes a Tocancipá participantes en el festival de la Colombianidad | Q51: 24 | R51: 34 | S51: Incremento | T51: A.5. Cultura | U51: 34 | V51: 34 | W51: 34 | X51: 34 | Y51: 35 | Z51: 1.0294118 | AA51: Secretaria de Cultura y Patrimonio | AB51: 1707246141 | AC51: 1467969741 | AD51: 1467969741 | AE51: 1467969741 | AF51: 0.85984657 | AG51: 0.85984657 | AH51: 0.85984657 | AI51: 0 | AJ51: 0 | AK51: NO APLICA | AT51: E4.P_A | AU51: SEGURIDAD Y JUSTICIA | AV51: E4.P_A.MR1 | AW51: Reducir la Tasa de Hurtos | AY51: E1.P_B.MR3 | AZ51: Implementar el 100% de los componentes priorizados de cada una de las dimensiones del Plan Decenal de Salud Pública en el Territorio (20 componentes) | BA51: E1.P_B.MR3-MP08-1 | BB51: Implementar los componentes priorizados de la dimensión salud pública salud y ámbito laboral | CI51: E3.P_L.MR3 - Mantener la cobertura de aseo en el área urbana y el área rural | CJ51: E3. - Infraestructura, Planeación, Ambiente y Servicios Públicos | CK51: E3.P_L - ACUEDUCTO, ALCANTARILLADO Y ASEO | CL51: Ampliar las coberturas los servicios públicos de Acueducto, Alcantarillado y Aseo | CN51: E1.P_B.MR3-MP08-1 - Implementar los componentes priorizados de la dimensión salud pública salud y ámbito laboral | CO51: E1. - SOCIAL: Desarrollo Social con alta competitividad y proyección | CP51: E1.P_B - SALUD CON ATENCIÓN DIGNA, PRIORITARIA Y DE CALIDAD | CQ51: Desarrollar acciones para fortalecer las condiciones del sistema de salud, que Garantice una atención digna, prioritaria y de calidad para todos | CR51: E1.P_B.MR3 - Implementar el 100% de los componentes priorizados de cada una de las dimensiones del Plan Decenal de Salud Pública en el Territorio (20 componentes) | CT51: E3.P_L.MR4 | CU51: Acciones de fortalecimiento institucional de la Empresa de Servicios Públicos | CW51: E1.P_B.MR3-MP08-1 | CX51: Implementar los componentes priorizados de la dimensión salud pública salud y ámbito laboral | CZ51: E3.P_L.MR3 | DA51: E3.P_L.MR3 - Mantener la cobertura de aseo en el área urbana y el área rural | DB51: E3. - Infraestructura, Planeación, Ambiente y Servicios Públicos | DC51: Desarrollar infraestructuras sostenibles y de calidad, que interactúen de manera armónica con el medio ambiente y el cambio climático basado en el desarrollo económico y el bienestar social, promoviendo el acceso equitativo de servicios básicos esenciales para todos los grupos de población | DD51: Servicios Públicos | DE51: E3.P_L - ACUEDUCTO, ALCANTARILLADO Y ASEO | DF51: Ampliar las coberturas los servicios públicos de Acueducto, Alcantarillado y Aseo | DH51: E3.P_L.MR3 | DI51: Mantener la cobertura de aseo en el área urbana y el área rural | DJ51: % cobertura urbana % cobertura rural | DK51: 100% 95% | DL51: 100% 95% | DR51: E1.P_B.MR3-MP09-1 | DS51: Implementar los componentes priorizados de la dimensión gestión diferencial de población vulnerable | DT51: No de componentes implementados /número componentes priorizados | DU51: 0 | DV51: 3 | DW51: 0.75 | DX51: 0.75 | DY51: 0.75 | DZ51: 0.75
A52: E1. | B52: SOCIAL: Desarrollo Social con alta competitividad y proyección | C52: E1.P_C | D52: CULTURA DE TODOS Y PARA TODOS | F52: E1.P_C.MR1 | G52: Ampliar a 3700 el número de personas que accede anualmente a los programas de formación artística y cultural (L.B. 3630) | H52: Cobertura ampliada | I52: 3630 | J52: 3700 | N52: E1.P_C.MR1-MP02-1 | O52: Ampliar la institucionalización de los eventos Culturales y Artísticos | P52: Eventos Institucionalizados | Q52: 3 | R52: 5 | S52: Incremento | T52: A.5. Cultura | U52: 0 | V52: 0 | W52: 1 | X52: 1 | Y52: 0 | Z52: NO APLICA | AA52: Secretaria de Cultura y Patrimonio | AB52: 0 | AC52: 0 | AD52: 0 | AE52: 0 | AF52: NO APLICA | AG52: NO APLICA | AH52: NO APLICA | AI52: 0 | AJ52: 0 | AK52: NO APLICA | AT52: E4.P_A | AU52: SEGURIDAD Y JUSTICIA | AV52: E4.P_A.MR2 | AW52: Reducir la tasa de lesiones personales | AY52: E1.P_B.MR3 | AZ52: Implementar el 100% de los componentes priorizados de cada una de las dimensiones del Plan Decenal de Salud Pública en el Territorio (20 componentes) | BA52: E1.P_B.MR3-MP09-1 | BB52: Implementar los componentes priorizados de la dimensión gestión diferencial de población vulnerable | CI52: E3.P_L.MR4 - Acciones de fortalecimiento institucional de la Empresa de Servicios Públicos | CJ52: E3. - Infraestructura, Planeación, Ambiente y Servicios Públicos | CK52: E3.P_L - ACUEDUCTO, ALCANTARILLADO Y ASEO | CL52: Ampliar las coberturas los servicios públicos de Acueducto, Alcantarillado y Aseo | CN52: E1.P_B.MR3-MP09-1 - Implementar los componentes priorizados de la dimensión gestión diferencial de población vulnerable | CO52: E1. - SOCIAL: Desarrollo Social con alta competitividad y proyección | CP52: E1.P_B - SALUD CON ATENCIÓN DIGNA, PRIORITARIA Y DE CALIDAD | CQ52: Desarrollar acciones para fortalecer las condiciones del sistema de salud, que Garantice una atención digna, prioritaria y de calidad para todos | CR52: E1.P_B.MR3 - Implementar el 100% de los componentes priorizados de cada una de las dimensiones del Plan Decenal de Salud Pública en el Territorio (20 componentes) | CT52: E4.P_A.MR1 | CU52: Reducir la Tasa de Hurtos | CW52: E1.P_B.MR3-MP09-1 | CX52: Implementar los componentes priorizados de la dimensión gestión diferencial de población vulnerable | CZ52: E3.P_L.MR4 | DA52: E3.P_L.MR4 - Acciones de fortalecimiento institucional de la Empresa de Servicios Públicos | DB52: E3. - Infraestructura, Planeación, Ambiente y Servicios Públicos | DC52: Desarrollar infraestructuras sostenibles y de calidad, que interactúen de manera armónica con el medio ambiente y el cambio climático basado en el desarrollo económico y el bienestar social, promoviendo el acceso equitativo de servicios básicos esenciales para todos los grupos de población | DD52: Servicios Públicos | DE52: E3.P_L - ACUEDUCTO, ALCANTARILLADO Y ASEO | DF52: Ampliar las coberturas los servicios públicos de Acueducto, Alcantarillado y Aseo | DH52: E3.P_L.MR4 | DI52: Acciones de fortalecimiento institucional de la Empresa de Servicios Públicos | DJ52: No. de acciones adelantadas | DK52: 0 | DL52: 4 | DR52: E1.P_B.MR3-MP10-1 | DS52: Implementar los componentes priorizados de la dimensión fortalecimiento de la autoridad sanitaria | DT52: No de componentes implementados /número componentes priorizados | DU52: 0 | DV52: 1 | DW52: 0.25 | DX52: 0.25 | DY52: 0.25 | DZ52: 0.25
A53: E1. | B53: SOCIAL: Desarrollo Social con alta competitividad y proyección | C53: E1.P_C | D53: CULTURA DE TODOS Y PARA TODOS | F53: E1.P_C.MR1 | G53: Ampliar a 3700 el número de personas que accede anualmente a los programas de formación artística y cultural (L.B. 3630) | H53: Cobertura ampliada | I53: 3630 | J53: 3700 | N53: E1.P_C.MR1-MP03-1 | O53: Ampliar los Eventos Culturales y Artísticos. | P53: No. de personas que participan en los festivales realizados | Q53: 62 | R53: 120 | S53: Incremento | T53: A.5. Cultura | U53: 30 | V53: 30 | W53: 30 | X53: 30 | Y53: 32 | Z53: 1.0666667 | AA53: Secretaria de Cultura y Patrimonio | AB53: 317000000 | AC53: 65844239 | AD53: 65844239 | AE53: 65844239 | AF53: 0.20771053 | AG53: 0.20771053 | AH53: 0.20771053 | AI53: 0 | AJ53: 0 | AK53: NO APLICA | AT53: E4.P_A | AU53: SEGURIDAD Y JUSTICIA | AV53: E4.P_A.MR3 | AW53: Mantener en un 5% los incidentes de desacato | AY53: E1.P_B.MR3 | AZ53: Implementar el 100% de los componentes priorizados de cada una de las dimensiones del Plan Decenal de Salud Pública en el Territorio (20 componentes) | BA53: E1.P_B.MR3-MP10-1 | BB53: Implementar los componentes priorizados de la dimensión fortalecimiento de la autoridad sanitaria | CI53: E4.P_A.MR1 - Reducir la Tasa de Hurtos | CJ53: E4. - Seguridad y Justicia, La Integración Comunitaria y la Administración Pública son con la Gente y por la Gente | CK53: E4.P_A - SEGURIDAD Y JUSTICIA | CL53: Mejorar la convivencia y la seguridad como una prioridad para la consolidación del tejido social del territorio | CN53: E1.P_B.MR3-MP10-1 - Implementar los componentes priorizados de la dimensión fortalecimiento de la autoridad sanitaria | CO53: E1. - SOCIAL: Desarrollo Social con alta competitividad y proyección | CP53: E1.P_B - SALUD CON ATENCIÓN DIGNA, PRIORITARIA Y DE CALIDAD | CQ53: Desarrollar acciones para fortalecer las condiciones del sistema de salud, que Garantice una atención digna, prioritaria y de calidad para todos | CR53: E1.P_B.MR3 - Implementar el 100% de los componentes priorizados de cada una de las dimensiones del Plan Decenal de Salud Pública en el Territorio (20 componentes) | CT53: E4.P_A.MR2 | CU53: Reducir la tasa de lesiones personales | CW53: E1.P_B.MR3-MP10-1 | CX53: Implementar los componentes priorizados de la dimensión fortalecimiento de la autoridad sanitaria | CZ53: E4.P_A.MR1 | DA53: E4.P_A.MR1 - Reducir la Tasa de Hurtos | DB53: E4. - Seguridad y Justicia, La Integración Comunitaria y la Administración Pública son con la Gente y por la Gente | DC53: Dar cumplimiento a la principal promesa del actual gobierno, garantizar una Tocancipá segura para todos, que permita vivir y convivir en paz y tranquilidad, dentro de un desarrollo institucional que busque aumentar los niveles de eficacia, eficiencia y efectividad en la gestión administración municipal | DD53: Justicia y seguridad | DE53: E4.P_A - SEGURIDAD Y JUSTICIA | DF53: Mejorar la convivencia y la seguridad como una prioridad para la consolidación del tejido social del territorio | DH53: E4.P_A.MR1 | DI53: Reducir la Tasa de Hurtos | DJ53: Tasa de hurtos | DK53: 635 | DL53: 571 | DR53: E1.P_C.MR1-MP01-1 | DS53: Ampliar la participación intermunicipal en el Festival de la Colombianidad, como parte de la tradición e identidad pluricultural | DT53: No. de municipios diferentes a Tocancipá participantes en el festival de la Colombianidad | DU53: 24 | DV53: 34 | DW53: 34 | DX53: 34 | DY53: 34 | DZ53: 34
A54: E1. | B54: SOCIAL: Desarrollo Social con alta competitividad y proyección | C54: E1.P_C | D54: CULTURA DE TODOS Y PARA TODOS | F54: E1.P_C.MR1 | G54: Ampliar a 3700 el número de personas que accede anualmente a los programas de formación artística y cultural (L.B. 3630) | H54: Cobertura ampliada | I54: 3630 | J54: 3700 | N54: E1.P_C.MR1-MP04-1 | O54: Fortalecer los y programas culturales y artísticos | P54: Procesos fortalecidos | Q54: 5 | R54: 5 | S54: Mantenimiento | T54: A.5. Cultura | U54: 5 | V54: 5 | W54: 5 | X54: 5 | Y54: 5 | Z54: 1 | AA54: Secretaria de Cultura y Patrimonio | AB54: 2284610226 | AC54: 1721553905 | AD54: 1721553905 | AE54: 1721553905 | AF54: 0.75354381 | AG54: 0.75354381 | AH54: 0.75354381 | AI54: 138844130 | AJ54: 138290797 | AK54: 0.99601472 | AT54: E4.P_A | AU54: SEGURIDAD Y JUSTICIA | AV54: E4.P_A.MR4 | AW54: Aumentar en un 50% el número de personas atendidas por año en el programa de la Casa de la Justicia | AY54: E1.P_C.MR1 | AZ54: Ampliar a 3700 el número de personas que accede anualmente a los programas de formación artística y cultural (L.B. 3630) | BA54: E1.P_C.MR1-MP01-1 | BB54: Ampliar la participación intermunicipal en el Festival de la Colombianidad, como parte de la tradición e identidad pluricultural | CI54: E4.P_A.MR2 - Reducir la tasa de lesiones personales | CJ54: E4. - Seguridad y Justicia, La Integración Comunitaria y la Administración Pública son con la Gente y por la Gente | CK54: E4.P_A - SEGURIDAD Y JUSTICIA | CL54: Mejorar la convivencia y la seguridad como una prioridad para la consolidación del tejido social del territorio | CN54: E1.P_C.MR1-MP01-1 - Ampliar la participación intermunicipal en el Festival de la Colombianidad, como parte de la tradición e identidad pluricultural | CO54: E1. - SOCIAL: Desarrollo Social con alta competitividad y proyección | CP54: E1.P_C - CULTURA DE TODOS Y PARA TODOS | CQ54: Hacer de la cultura un eje integrador del desarrollo humano, la inclusión social y el aprovechamiento del tiempo libre en el municipio | CR54: E1.P_C.MR1 - Ampliar a 3700 el número de personas que accede anualmente a los programas de formación artística y cultural (L.B. 3630) | CT54: E4.P_A.MR3 | CU54: Mantener en un 5% los incidentes de desacato | CW54: E1.P_C.MR1-MP01-1 | CX54: Ampliar la participación intermunicipal en el Festival de la Colombianidad, como parte de la tradición e identidad pluricultural | CZ54: E4.P_A.MR2 | DA54: E4.P_A.MR2 - Reducir la tasa de lesiones personales | DB54: E4. - Seguridad y Justicia, La Integración Comunitaria y la Administración Pública son con la Gente y por la Gente | DC54: Dar cumplimiento a la principal promesa del actual gobierno, garantizar una Tocancipá segura para todos, que permita vivir y convivir en paz y tranquilidad, dentro de un desarrollo institucional que busque aumentar los niveles de eficacia, eficiencia y efectividad en la gestión administración municipal | DD54: Justicia y seguridad | DE54: E4.P_A - SEGURIDAD Y JUSTICIA | DF54: Mejorar la convivencia y la seguridad como una prioridad para la consolidación del tejido social del territorio | DH54: E4.P_A.MR2 | DI54: Reducir la tasa de lesiones personales | DJ54: Tasa de lesiones personales | DK54: 277 | DL54: 249 | DR54: E1.P_C.MR1-MP02-1 | DS54: Ampliar la institucionalización de los eventos Culturales y Artísticos | DT54: Eventos Institucionalizados | DU54: 3 | DV54: 5 | DW54: 0 | DX54: 0 | DY54: 1 | DZ54: 1
A55: E1. | B55: SOCIAL: Desarrollo Social con alta competitividad y proyección | C55: E1.P_C | D55: CULTURA DE TODOS Y PARA TODOS | F55: E1.P_C.MR1 | G55: Ampliar a 3700 el número de personas que accede anualmente a los programas de formación artística y cultural (L.B. 3630) | H55: Cobertura ampliada | I55: 3630 | J55: 3700 | N55: E1.P_C.MR1-MP05-1 | O55: Mantener la Participación de la cultura Tocancipeña en el panorama departamental , Nacional e Internacional | P55: No. de presentaciones y participaciones | Q55: 126 | R55: 126 | S55: Mantenimiento | T55: A.5. Cultura | U55: 126 | V55: 126 | W55: 126 | X55: 126 | Y55: 126 | Z55: 1 | AA55: Secretaria de Cultura y Patrimonio | AB55: 795000000 | AC55: 795000000 | AD55: 795000000 | AE55: 695000000 | AF55: 1 | AG55: 1 | AH55: 0.87421384 | AI55: 0 | AJ55: 0 | AK55: NO APLICA | AT55: E4.P_B | AU55: TOCANCIPA GESTIONA SUS RIESGOS | AV55: E4.P_B.MR1 | AW55: Mejorar la atención integral de gestión del riesgo a través de estrategias de prevención, mitigación y atención de emergencias y desastres | AY55: E1.P_C.MR1 | AZ55: Ampliar a 3700 el número de personas que accede anualmente a los programas de formación artística y cultural (L.B. 3630) | BA55: E1.P_C.MR1-MP02-1 | BB55: Ampliar la institucionalización de los eventos Culturales y Artísticos | CI55: E4.P_A.MR3 - Mantener en un 5% los incidentes de desacato | CJ55: E4. - Seguridad y Justicia, La Integración Comunitaria y la Administración Pública son con la Gente y por la Gente | CK55: E4.P_A - SEGURIDAD Y JUSTICIA | CL55: Mejorar la convivencia y la seguridad como una prioridad para la consolidación del tejido social del territorio | CN55: E1.P_C.MR1-MP02-1 - Ampliar la institucionalización de los eventos Culturales y Artísticos | CO55: E1. - SOCIAL: Desarrollo Social con alta competitividad y proyección | CP55: E1.P_C - CULTURA DE TODOS Y PARA TODOS | CQ55: Hacer de la cultura un eje integrador del desarrollo humano, la inclusión social y el aprovechamiento del tiempo libre en el municipio | CR55: E1.P_C.MR1 - Ampliar a 3700 el número de personas que accede anualmente a los programas de formación artística y cultural (L.B. 3630) | CT55: E4.P_A.MR4 | CU55: Aumentar en un 50% el número de personas atendidas por año en el programa de la Casa de la Justicia | CW55: E1.P_C.MR1-MP02-1 | CX55: Ampliar la institucionalización de los eventos Culturales y Artísticos | CZ55: E4.P_A.MR3 | DA55: E4.P_A.MR3 - Mantener en un 5% los incidentes de desacato | DB55: E4. - Seguridad y Justicia, La Integración Comunitaria y la Administración Pública son con la Gente y por la Gente | DC55: Dar cumplimiento a la principal promesa del actual gobierno, garantizar una Tocancipá segura para todos, que permita vivir y convivir en paz y tranquilidad, dentro de un desarrollo institucional que busque aumentar los niveles de eficacia, eficiencia y efectividad en la gestión administración municipal | DD55: Justicia y seguridad | DE55: E4.P_A - SEGURIDAD Y JUSTICIA | DF55: Mejorar la convivencia y la seguridad como una prioridad para la consolidación del tejido social del territorio | DH55: E4.P_A.MR3 | DI55: Mantener en un 5% los incidentes de desacato | DJ55: Porcentaje de incidentes de desacato | DK55: 4.9 | DL55: 5 | DR55: E1.P_C.MR1-MP03-1 | DS55: Ampliar los Eventos Culturales y Artísticos. | DT55: No. de personas que participan en los festivales realizados | DU55: 62 | DV55: 120 | DW55: 30 | DX55: 30 | DY55: 30 | DZ55: 30
A56: E1. | B56: SOCIAL: Desarrollo Social con alta competitividad y proyección | C56: E1.P_C | D56: CULTURA DE TODOS Y PARA TODOS | F56: E1.P_C.MR1 | G56: Ampliar a 3700 el número de personas que accede anualmente a los programas de formación artística y cultural (L.B. 3630) | H56: Cobertura ampliada | I56: 3630 | J56: 3700 | N56: E1.P_C.MR1-MP06-1 | O56: Implementar la Certificación de Estudiantes a nivel Técnico Laboral por Competencias, a través de la Escuela de Formación Artística de Tocancipá | P56: Estudiantes certificados | Q56: 0 | R56: 25 | S56: Incremento | T56: A.5. Cultura | U56: 0 | V56: 0 | W56: 12 | X56: 13 | Y56: 0 | Z56: NO APLICA | AA56: Secretaria de Cultura y Patrimonio | AB56: 0 | AC56: 0 | AD56: 0 | AE56: 0 | AF56: NO APLICA | AG56: NO APLICA | AH56: NO APLICA | AI56: 0 | AJ56: 0 | AK56: NO APLICA | AT56: E4.P_C | AU56: DESARROLLO COMUNITARIO | AV56: E4.P_C.MR1 | AW56: Ampliar en un 10% la participación de la población del municipio en los programas comunitarios | AY56: E1.P_C.MR1 | AZ56: Ampliar a 3700 el número de personas que accede anualmente a los programas de formación artística y cultural (L.B. 3630) | BA56: E1.P_C.MR1-MP03-1 | BB56: Ampliar los Eventos Culturales y Artísticos. | CI56: E4.P_A.MR4 - Aumentar en un 50% el número de personas atendidas por año en el programa de la Casa de la Justicia | CJ56: E4. - Seguridad y Justicia, La Integración Comunitaria y la Administración Pública son con la Gente y por la Gente | CK56: E4.P_A - SEGURIDAD Y JUSTICIA | CL56: Mejorar la convivencia y la seguridad como una prioridad para la consolidación del tejido social del territorio | CN56: E1.P_C.MR1-MP03-1 - Ampliar los Eventos Culturales y Artísticos. | CO56: E1. - SOCIAL: Desarrollo Social con alta competitividad y proyección | CP56: E1.P_C - CULTURA DE TODOS Y PARA TODOS | CQ56: Hacer de la cultura un eje integrador del desarrollo humano, la inclusión social y el aprovechamiento del tiempo libre en el municipio | CR56: E1.P_C.MR1 - Ampliar a 3700 el número de personas que accede anualmente a los programas de formación artística y cultural (L.B. 3630) | CT56: E4.P_B.MR1 | CU56: Mejorar la atención integral de gestión del riesgo a través de estrategias de prevención, mitigación y atención de emergencias y desastres | CW56: E1.P_C.MR1-MP03-1 | CX56: Ampliar los Eventos Culturales y Artísticos. | CZ56: E4.P_A.MR4 | DA56: E4.P_A.MR4 - Aumentar en un 50% el número de personas atendidas por año en el programa de la Casa de la Justicia | DB56: E4. - Seguridad y Justicia, La Integración Comunitaria y la Administración Pública son con la Gente y por la Gente | DC56: Dar cumplimiento a la principal promesa del actual gobierno, garantizar una Tocancipá segura para todos, que permita vivir y convivir en paz y tranquilidad, dentro de un desarrollo institucional que busque aumentar los niveles de eficacia, eficiencia y efectividad en la gestión administración municipal | DD56: Justicia y seguridad | DE56: E4.P_A - SEGURIDAD Y JUSTICIA | DF56: Mejorar la convivencia y la seguridad como una prioridad para la consolidación del tejido social del territorio | DH56: E4.P_A.MR4 | DI56: Aumentar en un 50% el número de personas atendidas por año en el programa de la Casa de la Justicia | DJ56: No. de atenciones realizadas | DK56: 7357 | DL56: 11035 | DR56: E1.P_C.MR1-MP04-1 | DS56: Fortalecer los y programas culturales y artísticos | DT56: Procesos fortalecidos | DU56: 5 | DV56: 5 | DW56: 5 | DX56: 5 | DY56: 5 | DZ56: 5
A57: E1. | B57: SOCIAL: Desarrollo Social con alta competitividad y proyección | C57: E1.P_C | D57: CULTURA DE TODOS Y PARA TODOS | F57: E1.P_C.MR1 | G57: Ampliar a 3700 el número de personas que accede anualmente a los programas de formación artística y cultural (L.B. 3630) | H57: Cobertura ampliada | I57: 3630 | J57: 3700 | N57: E1.P_C.MR1-MP07-1 | O57: Ampliar a 3700 el número de persona que accede anualmente a los programas de formación artística y cultural | P57: Cobertura ampliada | Q57: 3630 | R57: 3700 | S57: Incremento | T57: A.5. Cultura | U57: 3200 | V57: 3300 | W57: 3400 | X57: 3700 | Y57: 3330 | Z57: 1.0090909 | AA57: Secretaria de Cultura y Patrimonio | AB57: 0 | AC57: 0 | AD57: 0 | AE57: 0 | AF57: NO APLICA | AG57: NO APLICA | AH57: NO APLICA | AI57: 0 | AJ57: 0 | AK57: NO APLICA | AT57: E4.P_D | AU57: FORTALECIMIENTO Y EQUIPAMIENTO INSTITUCIONAL Y SISTEMA DE GESTIÓN Y CONTROL | AV57: E4.P_D.MR1 | AW57: Mejorar la infraestructura tecnológica y organizacional a través de la implementación de planes y acciones | AY57: E1.P_C.MR1 | AZ57: Ampliar a 3700 el número de personas que accede anualmente a los programas de formación artística y cultural (L.B. 3630) | BA57: E1.P_C.MR1-MP04-1 | BB57: Fortalecer los y programas culturales y artísticos | CI57: E4.P_B.MR1 - Mejorar la atención integral de gestión del riesgo a través de estrategias de prevención, mitigación y atención de emergencias y desastres | CJ57: E4. - Seguridad y Justicia, La Integración Comunitaria y la Administración Pública son con la Gente y por la Gente | CK57: E4.P_B - TOCANCIPA GESTIONA SUS RIESGOS | CL57: Fortalecer el Sistema de Gestión del Riesgo que permita la atención oportuna de los riesgos de manera integral | CN57: E1.P_C.MR1-MP04-1 - Fortalecer los y programas culturales y artísticos | CO57: E1. - SOCIAL: Desarrollo Social con alta competitividad y proyección | CP57: E1.P_C - CULTURA DE TODOS Y PARA TODOS | CQ57: Hacer de la cultura un eje integrador del desarrollo humano, la inclusión social y el aprovechamiento del tiempo libre en el municipio | CR57: E1.P_C.MR1 - Ampliar a 3700 el número de personas que accede anualmente a los programas de formación artística y cultural (L.B. 3630) | CT57: E4.P_C.MR1 | CU57: Ampliar en un 10% la participación de la población del municipio en los programas comunitarios | CW57: E1.P_C.MR1-MP04-1 | CX57: Fortalecer los y programas culturales y artísticos | CZ57: E4.P_B.MR1 | DA57: E4.P_B.MR1 - Mejorar la atención integral de gestión del riesgo a través de estrategias de prevención, mitigación y atención de emergencias y desastres | DB57: E4. - Seguridad y Justicia, La Integración Comunitaria y la Administración Pública son con la Gente y por la Gente | DC57: Dar cumplimiento a la principal promesa del actual gobierno, garantizar una Tocancipá segura para todos, que permita vivir y convivir en paz y tranquilidad, dentro de un desarrollo institucional que busque aumentar los niveles de eficacia, eficiencia y efectividad en la gestión administración municipal | DD57: Prevención y atención de desastres | DE57: E4.P_B - TOCANCIPA GESTIONA SUS RIESGOS | DF57: Fortalecer el Sistema de Gestión del Riesgo que permita la atención oportuna de los riesgos de manera integral | DH57: E4.P_B.MR1 | DI57: Mejorar la atención integral de gestión del riesgo a través de estrategias de prevención, mitigación y atención de emergencias y desastres | DJ57: No. de estrategias realizadas | DK57: 4 | DL57: 6 | DR57: E1.P_C.MR1-MP05-1 | DS57: Mantener la Participación de la cultura Tocancipeña en el panorama departamental , Nacional e Internacional | DT57: No. de presentaciones y participaciones | DU57: 126 | DV57: 126 | DW57: 126 | DX57: 126 | DY57: 126 | DZ57: 126
